Workbook

Sheet Guidelines

Sheet Scales 1.1.18
A1: Guidelines for Contract Researchers Salary Scales
A2: Applicable from 1st January 2018
C3: Researchers Salary Scales (Applicable from 01 January 2018)*
C4: GROSS SALARY | D4: Obligatory contribution | E4: Obligatory contribution | F4: Budget amount | H4: You are obliged under the Fixed Term Workers Act (2003) to provide Pension Costs for temporary and contract staff. In accordance with the Employment Control Framework, and in recognition of the fact that staff in contract research and other externally funded posts have entitlements to future pension benefits which is a deferred cost or liability for the Exchequer, any such new posts created or any renewal / renegotiation of existing contracts must include an employer’s pension contribution charge of 20% of gross pay. This represents the estimated contribution required from the project funder, in addition to the employee’s own personal pension contribution, to cover the deferred cost to the Exchequer of future pension entitlements.
A5: Column 1 | C5: Column 2 | D5: Column 3 | E5: Column 3 | F5: Column 4
A6: Researcher Salary Scales | C6: Gross Salary/ annum (€) | D6: Employer's PRSI @ 10.85% (€) | E6: Employer's Pension @ 20% (€) | F6: Annual cost to budget (€) | H6: HOW MUCH SHOULD I PAY?
H7: The relevant scale will relate to the nature of the work. These are the TYPICAL qualifications/ experience you would expect for this level of remuneration.
A8: Research Assistant | B8: Point 1 | C8: 21673.797 | D8: =C8*0.1085 -> 2351.607 | E8: =C8*20% -> 4334.7594 | F8: =C8+D8+E8 -> 28360.163 | H8: Minimum of primary Degree in relevant discipline with little or no research experience.
B9: Point 2 | C9: 22609.317 | D9: =C9*0.1085 -> 2453.1109 | E9: =C9*20% -> 4521.8634 | F9: =C9+D9+E9 -> 29584.292
B10: Point 3 | C10: 23630.212 | D10: =C10*0.1085 -> 2563.8781 | E10: =C10*20% -> 4726.0425 | F10: =C10+D10+E10 -> 30920.133
A11: LEVEL 1 | B11: Point 4 | C11: 24310.336 | D11: =C11*0.1085 -> 2637.6715 | E11: =C11*20% -> 4862.0673 | F11: =C11+D11+E11 -> 31810.075
B12: Point 5 | C12: 25009.13 | D12: =C12*0.1085 -> 2713.4906 | E12: =C12*20% -> 5001.826 | F12: =C12+D12+E12 -> 32724.447 | H12: For higher points on scale secondary degree (Masters/PhD) and/or some research experience desirable.
B13: Point 6 | C13: 25727.629 | D13: =C13*0.1085 -> 2791.4477 | E13: =C13*20% -> 5145.5258 | F13: =C13+D13+E13 -> 33664.603
B14: Point 7 | C14: 26096.299 | D14: =C14*0.1085 -> 2831.4485 | E14: =C14*20% -> 5219.2598 | F14: =C14+D14+E14 -> 34147.008
B15: Point 8 | C15: 26850.133 | D15: =C15*0.1085 -> 2913.2394 | E15: =C15*20% -> 5370.0266 | F15: =C15+D15+E15 -> 35133.399 | H15: Level on scale dependent on funding availability and experience, and will also be market-driven and discipline-related.
B16: Point 9 | C16: 27625.409 | D16: =C16*0.1085 -> 2997.3569 | E16: =C16*20% -> 5525.0818 | F16: =C16+D16+E16 -> 36147.848
B17: Point 10 | C17: 28423.147 | D17: =C17*0.1085 -> 3083.9115 | E17: =C17*20% -> 5684.6295 | F17: =C17+D17+E17 -> 37191.688
B18: Point 11 | C18: 29248.348 | D18: =C18*0.1085 -> 3173.4457 | E18: =C18*20% -> 5849.6696 | F18: =C18+D18+E18 -> 38271.463 | H18: Consideration also needs to be given to government policy in respect of direct entry level grades and the application of a 10% cut in gross salary for new entrants.
B19: Point 12 | C19: 30092.031 | D19: =C19*0.1085 -> 3264.9854 | E19: =C19*20% -> 6018.4062 | F19: =C19+D19+E19 -> 39375.422
B20: Point 13 | C20: 30940.774 | D20: =C20*0.1085 -> 3357.074 | E20: =C20*20% -> 6188.1548 | F20: =C20+D20+E20 -> 40486.003
B21: Point 14 | C21: 31817.02 | D21: =C21*0.1085 -> 3452.1467 | E21: =C21*20% -> 6363.404 | F21: =C21+D21+E21 -> 41632.571
B22: Point 15 | C22: 32403.83 | D22: =C22*0.1085 -> 3515.8156 | E22: =C22*20% -> 6480.766 | F22: =C22+D22+E22 -> 42400.412
B23: Point 16 | C23: 33322.93 | D23: =C23*0.1085 -> 3615.5379 | E23: =C23*20% -> 6664.586 | F23: =C23+D23+E23 -> 43603.054
B24: Point 17 | C24: 34269.3 | D24: =C24*0.1085 -> 3718.2191 | E24: =C24*20% -> 6853.86 | F24: =C24+D24+E24 -> 44841.379
A25: Post-Doctorate Researcher | B25: Point 1 | C25: 36854.234 | D25: =C25*0.1085 -> 3998.6843 | E25: =C25*20% -> 7370.8467 | F25: =C25+D25+E25 -> 48223.765 | H25: Minimum of PhD or equivalent* research experience (including industrial R&D).
B26: Point 2 | C26: 37382.827 | D26: =C26*0.1085 -> 4056.0367 | E26: =C26*20% -> 7476.5654 | F26: =C26+D26+E26 -> 48915.429
B27: Point 3 | C27: 39137.5 | D27: =C27*0.1085 -> 4246.4187 | E27: =C27*20% -> 7827.5 | F27: =C27+D27+E27 -> 51211.419
A28: LEVEL 2 | B28: Point 4 | C28: 40258.6 | D28: =C28*0.1085 -> 4368.0581 | E28: =C28*20% -> 8051.72 | F28: =C28+D28+E28 -> 52678.378
B29: Point 5 | C29: 41413.03 | D29: =C29*0.1085 -> 4493.3138 | E29: =C29*20% -> 8282.606 | F29: =C29+D29+E29 -> 54188.95 | H29: Level on scale dependent on funding availability and experience, and will also be market-driven and discipline-related.
B30: Point 6 | C30: 42602.81 | D30: =C30*0.1085 -> 4622.4049 | E30: =C30*20% -> 8520.562 | F30: =C30+D30+E30 -> 55745.777
B31: Point 7 | C31: 43827.94 | D31: =C31*0.1085 -> 4755.3315 | E31: =C31*20% -> 8765.588 | F31: =C31+D31+E31 -> 57348.859
B32: Point 8 | C32: 45090.43 | D32: =C32*0.1085 -> 4892.3117 | E32: =C32*20% -> 9018.086 | F32: =C32+D32+E32 -> 59000.828
B33: Point 9 | C33: 46389.3 | D33: =C33*0.1085 -> 5033.2391 | E33: =C33*20% -> 9277.86 | F33: =C33+D33+E33 -> 60700.399 | H33: * EU defines PhD equivalent 4 years fulltime research after primary degree
B34: Point 10 | C34: 47727.55 | D34: =C34*0.1085 -> 5178.4392 | E34: =C34*20% -> 9545.51 | F34: =C34+D34+E34 -> 62451.499
A35: Research Fellow | B35: Point 1 | C35: 53243.16 | D35: =C35*0.1085 -> 5776.8829 | E35: =C35*20% -> 10648.632 | F35: =C35+D35+E35 -> 69668.675 | H35: Minimum of significant post-doctoral and/or industrial research experience.
A36: LEVEL 3 | B36: Point 2 | C36: 54787.45 | D36: =C36*0.1085 -> 5944.4383 | E36: =C36*20% -> 10957.49 | F36: =C36+D36+E36 -> 71689.378 | H36: Capable of independent research
B37: Point 3 | C37: 56378.2 | D37: =C37*0.1085 -> 6117.0347 | E37: =C37*20% -> 11275.64 | F37: =C37+D37+E37 -> 73770.875 | H37: Level on scale dependent on funding availability and experience, and will also be market-driven and discipline-related.
B38: Point 4 | C38: 58016.42 | D38: =C38*0.1085 -> 6294.7816 | E38: =C38*20% -> 11603.284 | F38: =C38+D38+E38 -> 75914.486
A39: Senior Research Fellow | B39: Point 1 | C39: 64766.25 | D39: =C39*0.1085 -> 7027.1381 | E39: =C39*20% -> 12953.25 | F39: =C39+D39+E39 -> 84746.638 | H39: Minimum of very significant post-doctoral and/or industrial research experience.
A40: LEVEL 4 | B40: Point 2 | C40: 66655.96 | D40: =C40*0.1085 -> 7232.1717 | E40: =C40*20% -> 13331.192 | F40: =C40+D40+E40 -> 87219.324 | H40: Record of post-graduate supervision, international collaboration and funding acquisition
B41: Point 3 | C41: 67553.85 | D41: =C41*0.1085 -> 7329.5927 | E41: =C41*20% -> 13510.77 | F41: =C41+D41+E41 -> 88394.213 | H41: Record of research leadership and research management
B42: Point 4 | C42: 69505.17 | D42: =C42*0.1085 -> 7541.3109 | E42: =C42*20% -> 13901.034 | F42: =C42+D42+E42 -> 90947.515 | H42: Level on scale dependent on funding availability and experience, and will also be market-driven and discipline-related.
A44: *Revised salary contribution scales reflect the Public Service Stability Agreement 2018-2020, issued by the Department of Public Expenditure and Reform.
A46: HOW TO USE THE GUIDELINES
A47: A. Decide on the level of experience you require for the research (Column 1) and at what level you would like to advertise the post (Column 2). Please ensure that you use the rates that will apply at the time of receipt of funding (see Rates above).
A49: B. Allow for Annual Salary Scale point increases.
A51: C. In general, additional ANNUAL costs to your budget, as an employer will be employers PRSI contribution and pension costs. The employers PRSI contribution is 10.85%. In accordance with the Employment Control Framework,and in recognition of the fact that staff in contract research and other externally funded posts have entitlements to future pension benefits which is a deferred cost or liability for the Exchequer, any such new posts created or any renewal / renegotiation of existing contracts must include an employer’s pension contribution charge of 20% of gross pay. You should contact your own university for information on the pension scheme for contract researchers.
A57: What about restoration of the Haddington Road pay cuts?
A59: The 2011 Haddington Road agreement introduced temporary pay cuts for staff who earned €65,000 a year or more. This was a third pay cut, which didn’t apply to staff on less than €65,000 a year. The restoration of these cuts began in April 2017. Full restoration of this cut will be implemented, as previously agreed, on 1stJanuary 2018.

Sheet Scales 1.10.18
A1: Guidelines for Contract Researchers Salary Scales
A2: Applicable from 1st October 2018
C3: Researchers Salary Scales (Applicable from 1st October 2018)*
C4: GROSS SALARY | D4: Obligatory contribution | E4: Obligatory contribution | F4: Budget amount | H4: You are obliged under the Fixed Term Workers Act (2003) to provide Pension Costs for temporary and contract staff. In accordance with the Employment Control Framework, and in recognition of the fact that staff in contract research and other externally funded posts have entitlements to future pension benefits which is a deferred cost or liability for the Exchequer, any such new posts created or any renewal / renegotiation of existing contracts must include an employer’s pension contribution charge of 20% of gross pay. This represents the estimated contribution required from the project funder, in addition to the employee’s own personal pension contribution, to cover the deferred cost to the Exchequer of future pension entitlements.
A5: Column 1 | C5: Column 2 | D5: Column 3 | E5: Column 3 | F5: Column 4
A6: Researcher Salary Scales | C6: Gross Salary/ annum (€) | D6: Employer's PRSI @ 10.85% (€) | E6: Employer's Pension @ 20% (€) | F6: Annual cost to budget (€) | H6: HOW MUCH SHOULD I PAY?
H7: The relevant scale will relate to the nature of the work. These are the TYPICAL qualifications/ experience you would expect for this level of remuneration.
A8: Research Assistant | B8: Point 1 | C8: 21890.535 | D8: =C8*0.1085 -> 2375.123 | E8: =C8*20% -> 4378.107 | F8: =C8+D8+E8 -> 28643.765 | H8: Minimum of primary Degree in relevant discipline with little or no research experience.
B9: Point 2 | C9: 22835.41 | D9: =C9*0.1085 -> 2477.642 | E9: =C9*20% -> 4567.0821 | F9: =C9+D9+E9 -> 29880.135
B10: Point 3 | C10: 23866.515 | D10: =C10*0.1085 -> 2589.5168 | E10: =C10*20% -> 4773.3029 | F10: =C10+D10+E10 -> 31229.334
A11: LEVEL 1 | B11: Point 4 | C11: 24553.44 | D11: =C11*0.1085 -> 2664.0482 | E11: =C11*20% -> 4910.688 | F11: =C11+D11+E11 -> 32128.176
B12: Point 5 | C12: 25259.222 | D12: =C12*0.1085 -> 2740.6255 | E12: =C12*20% -> 5051.8443 | F12: =C12+D12+E12 -> 33051.691 | H12: For higher points on scale secondary degree (Masters/PhD) and/or some research experience desirable.
B13: Point 6 | C13: 25984.905 | D13: =C13*0.1085 -> 2819.3622 | E13: =C13*20% -> 5196.9811 | F13: =C13+D13+E13 -> 34001.249
B14: Point 7 | C14: 26357.262 | D14: =C14*0.1085 -> 2859.7629 | E14: =C14*20% -> 5271.4524 | F14: =C14+D14+E14 -> 34488.478
B15: Point 8 | C15: 27118.634 | D15: =C15*0.1085 -> 2942.3718 | E15: =C15*20% -> 5423.7269 | F15: =C15+D15+E15 -> 35484.733 | H15: Level on scale dependent on funding availability and experience, and will also be market-driven and discipline-related.
B16: Point 9 | C16: 27901.163 | D16: =C16*0.1085 -> 3027.2762 | E16: =C16*20% -> 5580.2326 | F16: =C16+D16+E16 -> 36508.672
B17: Point 10 | C17: 28707.379 | D17: =C17*0.1085 -> 3114.7506 | E17: =C17*20% -> 5741.4758 | F17: =C17+D17+E17 -> 37563.605
B18: Point 11 | C18: 29540.131 | D18: =C18*0.1085 -> 3205.1043 | E18: =C18*20% -> 5908.0263 | F18: =C18+D18+E18 -> 38653.262 | H18: Consideration also needs to be given to government policy in respect of direct entry level grades and the application of a 10% cut in gross salary for new entrants.
B19: Point 12 | C19: 30392.951 | D19: =C19*0.1085 -> 3297.6352 | E19: =C19*20% -> 6078.5902 | F19: =C19+D19+E19 -> 39769.177
B20: Point 13 | C20: 31251.082 | D20: =C20*0.1085 -> 3390.7424 | E20: =C20*20% -> 6250.2164 | F20: =C20+D20+E20 -> 40892.041
B21: Point 14 | C21: 32135.19 | D21: =C21*0.1085 -> 3486.6681 | E21: =C21*20% -> 6427.038 | F21: =C21+D21+E21 -> 42048.896
B22: Point 15 | C22: 32727.868 | D22: =C22*0.1085 -> 3550.9737 | E22: =C22*20% -> 6545.5737 | F22: =C22+D22+E22 -> 42824.416
B23: Point 16 | C23: 33656.159 | D23: =C23*0.1085 -> 3651.6933 | E23: =C23*20% -> 6731.2319 | F23: =C23+D23+E23 -> 44039.084
B24: Point 17 | C24: 34611.993 | D24: =C24*0.1085 -> 3755.4012 | E24: =C24*20% -> 6922.3986 | F24: =C24+D24+E24 -> 45289.793
A25: Post-Doctorate Researcher | B25: Point 1 | C25: 37222.776 | D25: =C25*0.1085 -> 4038.6712 | E25: =C25*20% -> 7444.5552 | F25: =C25+D25+E25 -> 48706.002 | H25: Minimum of PhD or equivalent* research experience (including industrial R&D).
B26: Point 2 | C26: 37756.655 | D26: =C26*0.1085 -> 4096.5971 | E26: =C26*20% -> 7551.3311 | F26: =C26+D26+E26 -> 49404.583
B27: Point 3 | C27: 39528.875 | D27: =C27*0.1085 -> 4288.8829 | E27: =C27*20% -> 7905.775 | F27: =C27+D27+E27 -> 51723.533
A28: LEVEL 2 | B28: Point 4 | C28: 40661.186 | D28: =C28*0.1085 -> 4411.7387 | E28: =C28*20% -> 8132.2372 | F28: =C28+D28+E28 -> 53205.162
B29: Point 5 | C29: 41827.16 | D29: =C29*0.1085 -> 4538.2469 | E29: =C29*20% -> 8365.4321 | F29: =C29+D29+E29 -> 54730.839 | H29: Level on scale dependent on funding availability and experience, and will also be market-driven and discipline-related.
B30: Point 6 | C30: 43028.838 | D30: =C30*0.1085 -> 4668.6289 | E30: =C30*20% -> 8605.7676 | F30: =C30+D30+E30 -> 56303.235
B31: Point 7 | C31: 44266.219 | D31: =C31*0.1085 -> 4802.8848 | E31: =C31*20% -> 8853.2439 | F31: =C31+D31+E31 -> 57922.348
B32: Point 8 | C32: 45540.434 | D32: =C32*0.1085 -> 4941.1371 | E32: =C32*20% -> 9108.0869 | F32: =C32+D32+E32 -> 59589.658
B33: Point 9 | C33: 46853.193 | D33: =C33*0.1085 -> 5083.5714 | E33: =C33*20% -> 9370.6386 | F33: =C33+D33+E33 -> 61307.403 | H33: * EU defines PhD equivalent 4 years fulltime research after primary degree
B34: Point 10 | C34: 48204.826 | D34: =C34*0.1085 -> 5230.2236 | E34: =C34*20% -> 9640.9651 | F34: =C34+D34+E34 -> 63076.014
A35: Research Fellow | B35: Point 1 | C35: 53775.592 | D35: =C35*0.1085 -> 5834.6517 | E35: =C35*20% -> 10755.118 | F35: =C35+D35+E35 -> 70365.362 | H35: Minimum of significant post-doctoral and/or industrial research experience.
A36: LEVEL 3 | B36: Point 2 | C36: 55335.324 | D36: =C36*0.1085 -> 6003.8827 | E36: =C36*20% -> 11067.065 | F36: =C36+D36+E36 -> 72406.272 | H36: Capable of independent research
B37: Point 3 | C37: 56941.982 | D37: =C37*0.1085 -> 6178.205 | E37: =C37*20% -> 11388.396 | F37: =C37+D37+E37 -> 74508.583 | H37: Level on scale dependent on funding availability and experience, and will also be market-driven and discipline-related.
B38: Point 4 | C38: 58596.584 | D38: =C38*0.1085 -> 6357.7294 | E38: =C38*20% -> 11719.317 | F38: =C38+D38+E38 -> 76673.63
A39: Senior Research Fellow | B39: Point 1 | C39: 65413.912 | D39: =C39*0.1085 -> 7097.4095 | E39: =C39*20% -> 13082.783 | F39: =C39+D39+E39 -> 85594.105 | H39: Minimum of very significant post-doctoral and/or industrial research experience.
A40: LEVEL 4 | B40: Point 2 | C40: 67322.52 | D40: =C40*0.1085 -> 7304.4934 | E40: =C40*20% -> 13464.504 | F40: =C40+D40+E40 -> 88091.517 | H40: Record of post-graduate supervision, international collaboration and funding acquisition
B41: Point 3 | C41: 68229.389 | D41: =C41*0.1085 -> 7402.8887 | E41: =C41*20% -> 13645.878 | F41: =C41+D41+E41 -> 89278.155 | H41: Record of research leadership and research management
B42: Point 4 | C42: 70200.222 | D42: =C42*0.1085 -> 7616.7241 | E42: =C42*20% -> 14040.044 | F42: =C42+D42+E42 -> 91856.99 | H42: Level on scale dependent on funding availability and experience, and will also be market-driven and discipline-related.
A44: *Revised salary contribution scales reflect the Public Service Stability Agreement 2018-2020, issued by the Department of Public Expenditure and Reform.
A46: HOW TO USE THE GUIDELINES
A47: A. Decide on the level of experience you require for the research (Column 1) and at what level you would like to advertise the post (Column 2). Please ensure that you use the rates that will apply at the time of receipt of funding (see Rates above).
A49: B. Allow for Annual Salary Scale point increases.
A51: C. In general, additional ANNUAL costs to your budget, as an employer will be employers PRSI contribution and pension costs. The employers PRSI contribution is 10.85%. In accordance with the Employment Control Framework,and in recognition of the fact that staff in contract research and other externally funded posts have entitlements to future pension benefits which is a deferred cost or liability for the Exchequer, any such new posts created or any renewal / renegotiation of existing contracts must include an employer’s pension contribution charge of 20% of gross pay. You should contact your own university for information on the pension scheme for contract researchers.
A57: What about restoration of the Haddington Road pay cuts?
A59: The 2011 Haddington Road agreement introduced temporary pay cuts for staff who earned €65,000 a year or more. This was a third pay cut, which didn’t apply to staff on less than €65,000 a year. The restoration of these cuts began in April 2017. Full restoration of this cut will be implemented, as previously agreed, on 1stJanuary 2018.

Sheet Scales 1.01.19
A1: Guidelines for Contract Researchers Salary Scales
A2: Applicable from 1st January 2019
C3: Researchers Salary Scales (Applicable from 01 January 2019)*
C4: GROSS SALARY | D4: Obligatory contribution | E4: Obligatory contribution | F4: Budget amount | H4: You are obliged under the Fixed Term Workers Act (2003) to provide Pension Costs for temporary and contract staff. In accordance with the Employment Control Framework, and in recognition of the fact that staff in contract research and other externally funded posts have entitlements to future pension benefits which is a deferred cost or liability for the Exchequer, any such new posts created or any renewal / renegotiation of existing contracts must include an employer’s pension contribution charge of 20% of gross pay. This represents the estimated contribution required from the project funder, in addition to the employee’s own personal pension contribution, to cover the deferred cost to the Exchequer of future pension entitlements.
A5: Column 1 | C5: Column 2 | D5: Column 3 | E5: Column 3 | F5: Column 4
A6: Researcher Salary Scales | C6: Gross Salary/ annum (€) | D6: Employer's PRSI @ 10.95% (€) | E6: Employer's Pension @ 20% (€) | F6: Annual cost to budget (€) | H6: HOW MUCH SHOULD I PAY?
H7: The salary scale for the role will relate to the grading of the post, as defined in the IUA Researcher Career Development and Employment Framework. These are the expected qualifications and experience approproiate for this level of remuneration.
A8: Research Assistant | B8: Point 1 | C8: 25511.214 | D8: =C8*0.1095 -> 2793.4779 | E8: =C8*20% -> 5102.2428 | F8: =C8+D8+E8 -> 33406.934
B9: Point 2 | C9: 26244.754 | D9: =C9*0.1095 -> 2873.8006 | E9: =C9*20% -> 5248.9509 | F9: =C9+D9+E9 -> 34367.506
B10: Point 3 | C10: 26620.835 | D10: =C10*0.1095 -> 2914.9814 | E10: =C10*20% -> 5324.167 | F10: =C10+D10+E10 -> 34859.983
B11: Point 4 | C11: 27389.821 | D11: =C11*0.1095 -> 2999.1854 | E11: =C11*20% -> 5477.9641 | F11: =C11+D11+E11 -> 35866.97
B12: Point 5 | C12: 28180.175 | D12: =C12*0.1095 -> 3085.7291 | E12: =C12*20% -> 5636.0349 | F12: =C12+D12+E12 -> 36901.939 | H12: Purpose of the role: to assist in the performance of research. .
B13: Point 6 | C13: 28994.453 | D13: =C13*0.1095 -> 3174.8926 | E13: =C13*20% -> 5798.8905 | F13: =C13+D13+E13 -> 37968.236
B14: Point 7 | C14: 29835.433 | D14: =C14*0.1095 -> 3266.9799 | E14: =C14*20% -> 5967.0865 | F14: =C14+D14+E14 -> 39069.499
B15: Point 8 | C15: 30392.951 | D15: =C15*0.1095 -> 3328.0282 | E15: =C15*20% -> 6078.5902 | F15: =C15+D15+E15 -> 39799.57 | H15: Qualifications and Experience: Minimum of primary Degree in relevant discipline with little or no research experience.
B16: Point 9 | C16: 31251.082 | D16: =C16*0.1095 -> 3421.9935 | E16: =C16*20% -> 6250.2164 | F16: =C16+D16+E16 -> 40923.292
B17: Point 10 | C17: 32135.19 | D17: =C17*0.1095 -> 3518.8033 | E17: =C17*20% -> 6427.038 | F17: =C17+D17+E17 -> 42081.032
B18: Point 11 | C18: 32727.868 | D18: =C18*0.1095 -> 3583.7016 | E18: =C18*20% -> 6545.5737 | F18: =C18+D18+E18 -> 42857.144
B19: Point 12 | C19: 33656.159 | D19: =C19*0.1095 -> 3685.3494 | E19: =C19*20% -> 6731.2319 | F19: =C19+D19+E19 -> 44072.741
B20: Point 13 | C20: 34611.993 | D20: =C20*0.1095 -> 3790.0132 | E20: =C20*20% -> 6922.3986 | F20: =C20+D20+E20 -> 45324.405 | H20: Purpose of the Role: to conduct a specified programme of research under supervision of a PI while developing skills and competencies with respect to the role and future career options.
A21: Post-Doctorate Researcher | B21: Point 1 | C21: 37222.776 | D21: =C21*0.1095 -> 4075.894 | E21: =C21*20% -> 7444.5552 | F21: =C21+D21+E21 -> 48743.225
B22: Point 2 | C22: 37756.655 | D22: =C22*0.1095 -> 4134.3538 | E22: =C22*20% -> 7551.3311 | F22: =C22+D22+E22 -> 49442.34 | H22: Qualification: Minimum of PhD, or exceptionally, equivalent* research experience (including industrial R&D).
B23: Point 3 | C23: 39528.875 | D23: =C23*0.1095 -> 4328.4118 | E23: =C23*20% -> 7905.775 | F23: =C23+D23+E23 -> 51763.062
B24: Point 4 | C24: 40661.186 | D24: =C24*0.1095 -> 4452.3999 | E24: =C24*20% -> 8132.2372 | F24: =C24+D24+E24 -> 53245.823
B25: Point 5 | C25: 41827.16 | D25: =C25*0.1095 -> 4580.0741 | E25: =C25*20% -> 8365.4321 | F25: =C25+D25+E25 -> 54772.666 | H25: Purpose of Role: to conduct a specified programme of research under supervision of a PI while also supervising PhD students and PD1s. Continuing to develop skills and competencies with respect to the role and future career options
B26: Point 6 | C26: 43028.838 | D26: =C26*0.1095 -> 4711.6578 | E26: =C26*20% -> 8605.7676 | F26: =C26+D26+E26 -> 56346.263
B27: Point 7 | C27: 44266.219 | D27: =C27*0.1095 -> 4847.151 | E27: =C27*20% -> 8853.2439 | F27: =C27+D27+E27 -> 57966.614 | H27: Qualification: Minimum of PhD, or exceptionally, equivalent* research experience (including industrial R&D).Experience: The appointed candidate will generally have 3 - 4 years postdoctoral research experience
B28: Point 8 | C28: 45540.434 | D28: =C28*0.1095 -> 4986.6776 | E28: =C28*20% -> 9108.0869 | F28: =C28+D28+E28 -> 59635.199 | H28: * EU defines PhD equivalent 4 years fulltime research after primary degree
B29: Point 9 | C29: 46853.193 | D29: =C29*0.1095 -> 5130.4246 | E29: =C29*20% -> 9370.6386 | F29: =C29+D29+E29 -> 61354.256
B30: Point 10 | C30: 48204.826 | D30: =C30*0.1095 -> 5278.4284 | E30: =C30*20% -> 9640.9651 | F30: =C30+D30+E30 -> 63124.219
A31: Research Fellow | B31: Point 1 | C31: 53775.592 | D31: =C31*0.1095 -> 5888.4273 | E31: =C31*20% -> 10755.118 | F31: =C31+D31+E31 -> 70419.137 | H31: Experience: The appointed candidate will generally have 4-6 years postdoctoral research experience.
B32: Point 2 | C32: 55335.324 | D32: =C32*0.1095 -> 6059.218 | E32: =C32*20% -> 11067.065 | F32: =C32+D32+E32 -> 72461.607 | H32: Qualification: Minimum of PhD, or exceptionally, equivalent* research experience (including industrial R&D)
B33: Point 3 | C33: 56941.982 | D33: =C33*0.1095 -> 6235.147 | E33: =C33*20% -> 11388.396 | F33: =C33+D33+E33 -> 74565.525 | H33: Purpose of Role: Design & implement a specific research programme/s in association with a PI. This role is a prestigious role which represents a step change from Post-Doctoral researcher roles.
B34: Point 4 | C34: 58596.584 | D34: =C34*0.1095 -> 6416.326 | E34: =C34*20% -> 11719.317 | F34: =C34+D34+E34 -> 76732.227 | H34: Purpose of Role: This role reflects the EU Framework Level 4 role of ‘Leading Researcher’, which is described as: “a researcher leading their research area or field. It would include the team leader of a research group ... In particular disciplines as an exception, leading researchers may include individuals who operate as lone researchers”.
A35: Senior Research Fellow | B35: Point 1 | C35: 65413.912 | D35: =C35*0.1095 -> 7162.8234 | E35: =C35*20% -> 13082.783 | F35: =C35+D35+E35 -> 85659.518
B36: Point 2 | C36: 67322.52 | D36: =C36*0.1095 -> 7371.8159 | E36: =C36*20% -> 13464.504 | F36: =C36+D36+E36 -> 88158.839
B37: Point 3 | C37: 68229.389 | D37: =C37*0.1095 -> 7471.118 | E37: =C37*20% -> 13645.878 | F37: =C37+D37+E37 -> 89346.384
B38: Point 4 | C38: 70200.222 | D38: =C38*0.1095 -> 7686.9243 | E38: =C38*20% -> 14040.044 | F38: =C38+D38+E38 -> 91927.19
A40: *Revised salary contribution scales reflect the Public Service Stability Agreement 2018-2020, issued by the Department of Public Expenditure and Reform.
A42: HOW TO USE THE GUIDELINES
A43: A. Decide on the appropriate grading of the research post (Column 1)
A45: B. Allow for Annual Salary Scale point increases.
A47: C. In general, additional ANNUAL costs to your budget, as an employer will be employers PRSI contribution and pension costs. The employers PRSI contribution is 11.05%. In accordance with the Employment Control Framework,and in recognition of the fact that staff in contract research and other externally funded posts have entitlements to future pension benefits which is a deferred cost or liability for the Exchequer, any such new posts created or any renewal / renegotiation of existing contracts must include an employer’s pension contribution charge of 20% of gross pay. You should contact your own university for information on the pension scheme for contract researchers.
A53: What about restoration of the Haddington Road pay cuts?
A55: The 2011 Haddington Road agreement introduced temporary pay cuts for staff who earned €65,000 a year or more. This was a third pay cut, which didn’t apply to staff on less than €65,000 a year. The restoration of these cuts began in April 2017. Full restoration of this cut will be implemented, as previously agreed, on 1stJanuary 2018.

Sheet Scales 1.09.19
A1: Guidelines for Contract Researchers Salary Scales
A2: Applicable from 1st September 2019
C3: Researchers Salary Scales (Applicable from 1st September 2019)*
C4: GROSS SALARY | D4: Obligatory contribution | E4: Obligatory contribution | F4: Budget amount | H4: You are obliged under the Fixed Term Workers Act (2003) to provide Pension Costs for temporary and contract staff. In accordance with the Employment Control Framework, and in recognition of the fact that staff in contract research and other externally funded posts have entitlements to future pension benefits which is a deferred cost or liability for the Exchequer, any such new posts created or any renewal / renegotiation of existing contracts must include an employer’s pension contribution charge of 20% of gross pay. This represents the estimated contribution required from the project funder, in addition to the employee’s own personal pension contribution, to cover the deferred cost to the Exchequer of future pension entitlements.
A5: Column 1 | C5: Column 2 | D5: Column 3 | E5: Column 3 | F5: Column 4
A6: Researcher Salary Scales | C6: Gross Salary/ annum (€) | D6: Employer's PRSI @ 10.95% (€) | E6: Employer's Pension @ 20% (€) | F6: Annual cost to budget (€) | H6: HOW MUCH SHOULD I PAY?
H7: The salary scale for the role will relate to the grading of the post, as defined in the IUA Researcher Career Development and Employment Framework. These are the expected qualifications and experience approproiate for this level of remuneration.
A8: Research Assistant | B8: Point 1 | C8: 25957.66 | D8: =C8*0.1095 -> 2842.3638 | E8: =C8*20% -> 5191.532 | F8: =C8+D8+E8 -> 33991.556
B9: Point 2 | C9: 26704.038 | D9: =C9*0.1095 -> 2924.0921 | E9: =C9*20% -> 5340.8075 | F9: =C9+D9+E9 -> 34968.937
B10: Point 3 | C10: 27086.699 | D10: =C10*0.1095 -> 2965.9936 | E10: =C10*20% -> 5417.3399 | F10: =C10+D10+E10 -> 35470.033
B11: Point 4 | C11: 27869.143 | D11: =C11*0.1095 -> 3051.6711 | E11: =C11*20% -> 5573.8285 | F11: =C11+D11+E11 -> 36494.642
B12: Point 5 | C12: 28673.328 | D12: =C12*0.1095 -> 3139.7294 | E12: =C12*20% -> 5734.6656 | F12: =C12+D12+E12 -> 37547.723 | H12: Purpose of the role: to assist in the performance of research. .
B13: Point 6 | C13: 29501.855 | D13: =C13*0.1095 -> 3230.4532 | E13: =C13*20% -> 5900.3711 | F13: =C13+D13+E13 -> 38632.68
B14: Point 7 | C14: 30357.553 | D14: =C14*0.1095 -> 3324.152 | E14: =C14*20% -> 6071.5106 | F14: =C14+D14+E14 -> 39753.215
B15: Point 8 | C15: 30924.828 | D15: =C15*0.1095 -> 3386.2687 | E15: =C15*20% -> 6184.9656 | F15: =C15+D15+E15 -> 40496.062 | H15: Qualifications and Experience: Minimum of primary Degree in relevant discipline with little or no research experience.
B16: Point 9 | C16: 31797.976 | D16: =C16*0.1095 -> 3481.8784 | E16: =C16*20% -> 6359.5952 | F16: =C16+D16+E16 -> 41639.449
B17: Point 10 | C17: 32697.556 | D17: =C17*0.1095 -> 3580.3824 | E17: =C17*20% -> 6539.5112 | F17: =C17+D17+E17 -> 42817.45
B18: Point 11 | C18: 33300.606 | D18: =C18*0.1095 -> 3646.4164 | E18: =C18*20% -> 6660.1212 | F18: =C18+D18+E18 -> 43607.144
B19: Point 12 | C19: 34245.142 | D19: =C19*0.1095 -> 3749.8431 | E19: =C19*20% -> 6849.0284 | F19: =C19+D19+E19 -> 44844.014
B20: Point 13 | C20: 35217.703 | D20: =C20*0.1095 -> 3856.3385 | E20: =C20*20% -> 7043.5406 | F20: =C20+D20+E20 -> 46117.582 | H20: Purpose of the Role: to conduct a specified programme of research under supervision of a PI while developing skills and competencies with respect to the role and future career options.
A21: Post-Doctorate Researcher | B21: Point 1 | C21: 37874.174 | D21: =C21*0.1095 -> 4147.2221 | E21: =C21*20% -> 7574.8349 | F21: =C21+D21+E21 -> 49596.231
B22: Point 2 | C22: 38417.397 | D22: =C22*0.1095 -> 4206.7049 | E22: =C22*20% -> 7683.4793 | F22: =C22+D22+E22 -> 50307.581 | H22: Qualification: Minimum of PhD, or exceptionally, equivalent* research experience (including industrial R&D).
B23: Point 3 | C23: 40220.63 | D23: =C23*0.1095 -> 4404.159 | E23: =C23*20% -> 8044.1261 | F23: =C23+D23+E23 -> 52668.915
B24: Point 4 | C24: 41372.757 | D24: =C24*0.1095 -> 4530.3169 | E24: =C24*20% -> 8274.5514 | F24: =C24+D24+E24 -> 54177.625
B25: Point 5 | C25: 42559.136 | D25: =C25*0.1095 -> 4660.2253 | E25: =C25*20% -> 8511.8271 | F25: =C25+D25+E25 -> 55731.188 | H25: Purpose of Role: to conduct a specified programme of research under supervision of a PI while also supervising PhD students and PD1s. Continuing to develop skills and competencies with respect to the role and future career options
B26: Point 6 | C26: 43781.843 | D26: =C26*0.1095 -> 4794.1118 | E26: =C26*20% -> 8756.3686 | F26: =C26+D26+E26 -> 57332.323
B27: Point 7 | C27: 45040.878 | D27: =C27*0.1095 -> 4931.9762 | E27: =C27*20% -> 9008.1756 | F27: =C27+D27+E27 -> 58981.03 | H27: Qualification: Minimum of PhD, or exceptionally, equivalent* research experience (including industrial R&D).Experience: The appointed candidate will generally have 3 - 4 years postdoctoral research experience
B28: Point 8 | C28: 46337.392 | D28: =C28*0.1095 -> 5073.9444 | E28: =C28*20% -> 9267.4784 | F28: =C28+D28+E28 -> 60678.815 | H28: * EU defines PhD equivalent 4 years fulltime research after primary degree
B29: Point 9 | C29: 47673.124 | D29: =C29*0.1095 -> 5220.2071 | E29: =C29*20% -> 9534.6248 | F29: =C29+D29+E29 -> 62427.956
B30: Point 10 | C30: 49048.41 | D30: =C30*0.1095 -> 5370.8009 | E30: =C30*20% -> 9809.682 | F30: =C30+D30+E30 -> 64228.893
A31: Research Fellow | B31: Point 1 | C31: 54716.664 | D31: =C31*0.1095 -> 5991.4748 | E31: =C31*20% -> 10943.333 | F31: =C31+D31+E31 -> 71651.472 | H31: Experience: The appointed candidate will generally have 4-6 years postdoctoral research experience.
B32: Point 2 | C32: 56303.693 | D32: =C32*0.1095 -> 6165.2543 | E32: =C32*20% -> 11260.739 | F32: =C32+D32+E32 -> 73729.686 | H32: Qualification: Minimum of PhD, or exceptionally, equivalent* research experience (including industrial R&D)
B33: Point 3 | C33: 57938.467 | D33: =C33*0.1095 -> 6344.2621 | E33: =C33*20% -> 11587.693 | F33: =C33+D33+E33 -> 75870.422 | H33: Purpose of Role: Design & implement a specific research programme/s in association with a PI. This role is a prestigious role which represents a step change from Post-Doctoral researcher roles.
B34: Point 4 | C34: 59622.024 | D34: =C34*0.1095 -> 6528.6117 | E34: =C34*20% -> 11924.405 | F34: =C34+D34+E34 -> 78075.041 | H34: Purpose of Role: This role reflects the EU Framework Level 4 role of ‘Leading Researcher’, which is described as: “a researcher leading their research area or field. It would include the team leader of a research group ... In particular disciplines as an exception, leading researchers may include individuals who operate as lone researchers”.
A35: Senior Research Fellow | B35: Point 1 | C35: 66558.656 | D35: =C35*0.1095 -> 7288.1728 | E35: =C35*20% -> 13311.731 | F35: =C35+D35+E35 -> 87158.56
B36: Point 2 | C36: 68500.664 | D36: =C36*0.1095 -> 7500.8227 | E36: =C36*20% -> 13700.133 | F36: =C36+D36+E36 -> 89701.619
B37: Point 3 | C37: 69423.403 | D37: =C37*0.1095 -> 7601.8626 | E37: =C37*20% -> 13884.681 | F37: =C37+D37+E37 -> 90909.946
B38: Point 4 | C38: 71428.726 | D38: =C38*0.1095 -> 7821.4455 | E38: =C38*20% -> 14285.745 | F38: =C38+D38+E38 -> 93535.916
A40: *Revised salary contribution scales reflect the Public Service Stability Agreement 2018-2020, issued by the Department of Public Expenditure and Reform.
A42: HOW TO USE THE GUIDELINES
A43: A. Decide on the appropriate grading of the research post (Column 1)
A45: B. Allow for Annual Salary Scale point increases.
A47: C. In general, additional ANNUAL costs to your budget, as an employer will be employers PRSI contribution and pension costs. The employers PRSI contribution is 11.05%. In accordance with the Employment Control Framework,and in recognition of the fact that staff in contract research and other externally funded posts have entitlements to future pension benefits which is a deferred cost or liability for the Exchequer, any such new posts created or any renewal / renegotiation of existing contracts must include an employer’s pension contribution charge of 20% of gross pay. You should contact your own university for information on the pension scheme for contract researchers.
A53: What about restoration of the Haddington Road pay cuts?
A55: The 2011 Haddington Road agreement introduced temporary pay cuts for staff who earned €65,000 a year or more. This was a third pay cut, which didn’t apply to staff on less than €65,000 a year. The restoration of these cuts began in April 2017. Full restoration of this cut will be implemented, as previously agreed, on 1stJanuary 2018.

Sheet Scales 1.01.20
A1: Guidelines for Contract Researchers Salary Scales
A2: Applicable from 1st January 2020
C3: Researchers Salary Scales (Applicable from 1st January 2020)*
C4: GROSS SALARY | D4: Obligatory contribution | E4: Obligatory contribution | F4: Budget amount | H4: You are obliged under the Fixed Term Workers Act (2003) to provide Pension Costs for temporary and contract staff. In accordance with the Employment Control Framework, and in recognition of the fact that staff in contract research and other externally funded posts have entitlements to future pension benefits which is a deferred cost or liability for the Exchequer, any such new posts created or any renewal / renegotiation of existing contracts must include an employer’s pension contribution charge of 20% of gross pay. This represents the estimated contribution required from the project funder, in addition to the employee’s own personal pension contribution, to cover the deferred cost to the Exchequer of future pension entitlements.
A5: Column 1 | C5: Column 2 | D5: Column 3 | E5: Column 3 | F5: Column 4
A6: Researcher Salary Scales | C6: Gross Salary/ annum (€) | D6: Employer's PRSI @ 11.05% (€) | E6: Employer's Pension @ 20% (€) | F6: Annual cost to budget (€) | H6: HOW MUCH SHOULD I PAY?
H7: The salary scale for the role will relate to the grading of the post, as defined in the IUA Researcher Career Development and Employment Framework. These are the expected qualifications and experience approproiate for this level of remuneration.
A8: Research Assistant | B8: Point 1 | C8: 26087.048 | D8: =C8*0.1105 -> 2882.6188 | E8: =C8*20% -> 5217.4097 | F8: =C8+D8+E8 -> 34187.077
B9: Point 2 | C9: 26837.558 | D9: =C9*0.1105 -> 2965.5501 | E9: =C9*20% -> 5367.5115 | F9: =C9+D9+E9 -> 35170.619
B10: Point 3 | C10: 27222.133 | D10: =C10*0.1105 -> 3008.0457 | E10: =C10*20% -> 5444.4266 | F10: =C10+D10+E10 -> 35674.605
B11: Point 4 | C11: 28008.488 | D11: =C11*0.1105 -> 3094.938 | E11: =C11*20% -> 5601.6976 | F11: =C11+D11+E11 -> 36705.124
B12: Point 5 | C12: 28816.294 | D12: =C12*0.1105 -> 3184.2005 | E12: =C12*20% -> 5763.2589 | F12: =C12+D12+E12 -> 37763.754 | H12: Purpose of the role: to assist in the performance of research. .
B13: Point 6 | C13: 29649.365 | D13: =C13*0.1105 -> 3276.2548 | E13: =C13*20% -> 5929.873 | F13: =C13+D13+E13 -> 38855.493
B14: Point 7 | C14: 30509.341 | D14: =C14*0.1105 -> 3371.2821 | E14: =C14*20% -> 6101.8681 | F14: =C14+D14+E14 -> 39982.491
B15: Point 8 | C15: 31079.452 | D15: =C15*0.1105 -> 3434.2794 | E15: =C15*20% -> 6215.8904 | F15: =C15+D15+E15 -> 40729.622 | H15: Qualifications and Experience: Minimum of primary Degree in relevant discipline with little or no research experience.
B16: Point 9 | C16: 31956.966 | D16: =C16*0.1105 -> 3531.2447 | E16: =C16*20% -> 6391.3932 | F16: =C16+D16+E16 -> 41879.604
B17: Point 10 | C17: 32697.556 | D17: =C17*0.1105 -> 3613.0799 | E17: =C17*20% -> 6539.5112 | F17: =C17+D17+E17 -> 42850.147
B18: Point 11 | C18: 33300.606 | D18: =C18*0.1105 -> 3679.717 | E18: =C18*20% -> 6660.1212 | F18: =C18+D18+E18 -> 43640.444
B19: Point 12 | C19: 34245.142 | D19: =C19*0.1105 -> 3784.0882 | E19: =C19*20% -> 6849.0284 | F19: =C19+D19+E19 -> 44878.259
B20: Point 13 | C20: 35217.703 | D20: =C20*0.1105 -> 3891.5562 | E20: =C20*20% -> 7043.5406 | F20: =C20+D20+E20 -> 46152.8 | H20: Purpose of the Role: to conduct a specified programme of research under supervision of a PI while developing skills and competencies with respect to the role and future career options.
A21: Post-Doctorate Researcher | B21: Point 1 | C21: 37874.174 | D21: =C21*0.1105 -> 4185.0963 | E21: =C21*20% -> 7574.8349 | F21: =C21+D21+E21 -> 49634.106
B22: Point 2 | C22: 38417.397 | D22: =C22*0.1105 -> 4245.1223 | E22: =C22*20% -> 7683.4793 | F22: =C22+D22+E22 -> 50345.998 | H22: Qualification: Minimum of PhD, or exceptionally, equivalent* research experience (including industrial R&D).
B23: Point 3 | C23: 40220.63 | D23: =C23*0.1105 -> 4444.3796 | E23: =C23*20% -> 8044.1261 | F23: =C23+D23+E23 -> 52709.136
B24: Point 4 | C24: 41372.757 | D24: =C24*0.1105 -> 4571.6896 | E24: =C24*20% -> 8274.5514 | F24: =C24+D24+E24 -> 54218.998
B25: Point 5 | C25: 42559.136 | D25: =C25*0.1105 -> 4702.7845 | E25: =C25*20% -> 8511.8271 | F25: =C25+D25+E25 -> 55773.747 | H25: Purpose of Role: to conduct a specified programme of research under supervision of a PI while also supervising PhD students and PD1s. Continuing to develop skills and competencies with respect to the role and future career options
B26: Point 6 | C26: 43781.843 | D26: =C26*0.1105 -> 4837.8936 | E26: =C26*20% -> 8756.3686 | F26: =C26+D26+E26 -> 57376.105
B27: Point 7 | C27: 45040.878 | D27: =C27*0.1105 -> 4977.017 | E27: =C27*20% -> 9008.1756 | F27: =C27+D27+E27 -> 59026.071 | H27: Qualification: Minimum of PhD, or exceptionally, equivalent* research experience (including industrial R&D).Experience: The appointed candidate will generally have 3 - 4 years postdoctoral research experience
B28: Point 8 | C28: 46337.392 | D28: =C28*0.1105 -> 5120.2818 | E28: =C28*20% -> 9267.4784 | F28: =C28+D28+E28 -> 60725.152 | H28: * EU defines PhD equivalent 4 years fulltime research after primary degree
B29: Point 9 | C29: 47673.124 | D29: =C29*0.1105 -> 5267.8802 | E29: =C29*20% -> 9534.6248 | F29: =C29+D29+E29 -> 62475.629
B30: Point 10 | C30: 49048.41 | D30: =C30*0.1105 -> 5419.8493 | E30: =C30*20% -> 9809.682 | F30: =C30+D30+E30 -> 64277.941
A31: Research Fellow | B31: Point 1 | C31: 54716.664 | D31: =C31*0.1105 -> 6046.1914 | E31: =C31*20% -> 10943.333 | F31: =C31+D31+E31 -> 71706.189 | H31: Experience: The appointed candidate will generally have 4-6 years postdoctoral research experience.
B32: Point 2 | C32: 56303.693 | D32: =C32*0.1105 -> 6221.558 | E32: =C32*20% -> 11260.739 | F32: =C32+D32+E32 -> 73785.989 | H32: Qualification: Minimum of PhD, or exceptionally, equivalent* research experience (including industrial R&D)
B33: Point 3 | C33: 57938.467 | D33: =C33*0.1105 -> 6402.2006 | E33: =C33*20% -> 11587.693 | F33: =C33+D33+E33 -> 75928.361 | H33: Purpose of Role: Design & implement a specific research programme/s in association with a PI. This role is a prestigious role which represents a step change from Post-Doctoral researcher roles.
B34: Point 4 | C34: 59622.024 | D34: =C34*0.1105 -> 6588.2337 | E34: =C34*20% -> 11924.405 | F34: =C34+D34+E34 -> 78134.663 | H34: Purpose of Role: This role reflects the EU Framework Level 4 role of ‘Leading Researcher’, which is described as: “a researcher leading their research area or field. It would include the team leader of a research group ... In particular disciplines as an exception, leading researchers may include individuals who operate as lone researchers”.
A35: Senior Research Fellow | B35: Point 1 | C35: 66558.656 | D35: =C35*0.1105 -> 7354.7315 | E35: =C35*20% -> 13311.731 | F35: =C35+D35+E35 -> 87225.119
B36: Point 2 | C36: 68500.664 | D36: =C36*0.1105 -> 7569.3233 | E36: =C36*20% -> 13700.133 | F36: =C36+D36+E36 -> 89770.12
B37: Point 3 | C37: 69423.403 | D37: =C37*0.1105 -> 7671.286 | E37: =C37*20% -> 13884.681 | F37: =C37+D37+E37 -> 90979.369
B38: Point 4 | C38: 71428.726 | D38: =C38*0.1105 -> 7892.8742 | E38: =C38*20% -> 14285.745 | F38: =C38+D38+E38 -> 93607.345
A40: *Revised salary contribution scales reflect the Public Service Stability Agreement 2018-2020, issued by the Department of Public Expenditure and Reform.
A42: HOW TO USE THE GUIDELINES
A43: A. Decide on the appropriate grading of the research post (Column 1)
A45: B. Allow for Annual Salary Scale point increases.
A47: C. In general, additional ANNUAL costs to your budget, as an employer will be employers PRSI contribution and pension costs. The employers PRSI contribution is 11.05%. In accordance with the Employment Control Framework,and in recognition of the fact that staff in contract research and other externally funded posts have entitlements to future pension benefits which is a deferred cost or liability for the Exchequer, any such new posts created or any renewal / renegotiation of existing contracts must include an employer’s pension contribution charge of 20% of gross pay. You should contact your own university for information on the pension scheme for contract researchers.
A53: What about restoration of the Haddington Road pay cuts?
A55: The 2011 Haddington Road agreement introduced temporary pay cuts for staff who earned €65,000 a year or more. This was a third pay cut, which didn’t apply to staff on less than €65,000 a year. The restoration of these cuts began in April 2017. Full restoration of this cut will be implemented, as previously agreed, on 1stJanuary 2018.

Sheet Scales 1.10.20
A1: Guidelines for Contract Researchers Salary Scales
A2: Applicable from 1st October 2020*
C3: Researchers Salary Scales (Applicable from 1st October 2020)*
C4: GROSS SALARY | D4: Obligatory contribution | E4: Obligatory contribution | F4: Budget amount | H4: You are obliged under the Fixed Term Workers Act (2003) to provide Pension Costs for temporary and contract staff. In accordance with the Employment Control Framework, and in recognition of the fact that staff in contract research and other externally funded posts have entitlements to future pension benefits which is a deferred cost or liability for the Exchequer, any such new posts created or any renewal / renegotiation of existing contracts must include an employer’s pension contribution charge of 20% of gross pay. This represents the estimated contribution required from the project funder, in addition to the employee’s own personal pension contribution, to cover the deferred cost to the Exchequer of future pension entitlements.
A5: Column 1 | C5: Column 2 | D5: Column 3 | E5: Column 3 | F5: Column 4
A6: Researcher Salary Scales | C6: Gross Salary/ annum (€) | D6: Employer's PRSI @ 11.05% (€) | E6: Employer's Pension @ 20% (€) | F6: Annual cost to budget (€) | H6: HOW MUCH SHOULD I PAY?
H7: The salary scale for the role will relate to the grading of the post, as defined in the IUA Researcher Career Development and Employment Framework. These are the expected qualifications and experience appropriate for this level of remuneration.
A8: Research Assistant | B8: Point 1 | C8: 26608.789 | D8: =C8*0.1105 -> 2940.2712 | E8: =C8*20% -> 5321.7579 | F8: =C8+D8+E8 -> 34870.818
B9: Point 2 | C9: 27374.309 | D9: =C9*0.1105 -> 3024.8611 | E9: =C9*20% -> 5474.8618 | F9: =C9+D9+E9 -> 35874.032
B10: Point 3 | C10: 27766.576 | D10: =C10*0.1105 -> 3068.2066 | E10: =C10*20% -> 5553.3151 | F10: =C10+D10+E10 -> 36388.097
B11: Point 4 | C11: 28568.658 | D11: =C11*0.1105 -> 3156.8367 | E11: =C11*20% -> 5713.7316 | F11: =C11+D11+E11 -> 37439.226
B12: Point 5 | C12: 29392.62 | D12: =C12*0.1105 -> 3247.8845 | E12: =C12*20% -> 5878.5241 | F12: =C12+D12+E12 -> 38519.029 | H12: Purpose of the role: to assist in the performance of research. .
B13: Point 6 | C13: 30242.352 | D13: =C13*0.1105 -> 3341.7799 | E13: =C13*20% -> 6048.4704 | F13: =C13+D13+E13 -> 39632.602
B14: Point 7 | C14: 31119.527 | D14: =C14*0.1105 -> 3438.7078 | E14: =C14*20% -> 6223.9055 | F14: =C14+D14+E14 -> 40782.141
B15: Point 8 | C15: 31701.041 | D15: =C15*0.1105 -> 3502.965 | E15: =C15*20% -> 6340.2082 | F15: =C15+D15+E15 -> 41544.214 | H15: Qualifications and Experience: Minimum of primary Degree in relevant discipline with little or no research experience.
B16: Point 9 | C16: 32596.105 | D16: =C16*0.1105 -> 3601.8696 | E16: =C16*20% -> 6519.221 | F16: =C16+D16+E16 -> 42717.196
B17: Point 10 | C17: 33351.507 | D17: =C17*0.1105 -> 3685.3415 | E17: =C17*20% -> 6670.3014 | F17: =C17+D17+E17 -> 43707.15
B18: Point 11 | C18: 33966.618 | D18: =C18*0.1105 -> 3753.3113 | E18: =C18*20% -> 6793.3236 | F18: =C18+D18+E18 -> 44513.253
B19: Point 12 | C19: 34930.045 | D19: =C19*0.1105 -> 3859.77 | E19: =C19*20% -> 6986.009 | F19: =C19+D19+E19 -> 45775.824
B20: Point 13 | C20: 35922.057 | D20: =C20*0.1105 -> 3969.3873 | E20: =C20*20% -> 7184.4114 | F20: =C20+D20+E20 -> 47075.856
A21: Post-Doctoral Researcher
A22: PD1 | B22: Point 1 | C22: 38631.658 | D22: =C22*0.1105 -> 4268.7982 | E22: =C22*20% -> 7726.3316 | F22: =C22+D22+E22 -> 50626.788
B23: Point 2 | C23: 39185.745 | D23: =C23*0.1105 -> 4330.0248 | E23: =C23*20% -> 7837.1489 | F23: =C23+D23+E23 -> 51352.918 | H23: Purpose of the Role: to conduct a specified programme of research under supervision of a PI while developing skills and competencies with respect to the role and future career options.
B24: Point 3 | C24: 41025.043 | D24: =C24*0.1105 -> 4533.2672 | E24: =C24*20% -> 8205.0086 | F24: =C24+D24+E24 -> 53763.319
B25: Point 4 | C25: 42200.212 | D25: =C25*0.1105 -> 4663.1234 | E25: =C25*20% -> 8440.0424 | F25: =C25+D25+E25 -> 55303.378 | H25: Qualification: Minimum of PhD, or exceptionally, equivalent* research experience (including industrial R&D).
B26: Point 5 | C26: 43410.318 | D26: =C26*0.1105 -> 4796.8402 | E26: =C26*20% -> 8682.0637 | F26: =C26+D26+E26 -> 56889.222
B27: Point 6 | C27: 44657.48 | D27: =C27*0.1105 -> 4934.6515 | E27: =C27*20% -> 8931.4959 | F27: =C27+D27+E27 -> 58523.627 | H27: Purpose of Role: to conduct a specified programme of research under supervision of a PI while also supervising PhD students and PD1s. Continuing to develop skills and competencies with respect to the role and future career options.
A29: PD2 | B29: Point 1 | C29: 45941.696 | D29: =C29*0.1105 -> 5076.5574 | E29: =C29*20% -> 9188.3392 | F29: =C29+D29+E29 -> 60206.592
B30: Point 2 | C30: 47264.14 | D30: =C30*0.1105 -> 5222.6874 | E30: =C30*20% -> 9452.8279 | F30: =C30+D30+E30 -> 61939.655
B31: Point 3 | C31: 48626.586 | D31: =C31*0.1105 -> 5373.2378 | E31: =C31*20% -> 9725.3173 | F31: =C31+D31+E31 -> 63725.141 | H31: * EU defines PhD equivalent 4 years fulltime research after primary degree
B32: Point 4 | C32: 50029.378 | D32: =C32*0.1105 -> 5528.2463 | E32: =C32*20% -> 10005.876 | F32: =C32+D32+E32 -> 65563.5
A33: Research Fellow | B33: Point 1 | C33: 55810.998 | D33: =C33*0.1105 -> 6167.1153 | E33: =C33*20% -> 11162.2 | F33: =C33+D33+E33 -> 73140.313 | H33: Experience: The appointed candidate will generally have 4-6 years postdoctoral research experience.
B34: Point 2 | C34: 57429.767 | D34: =C34*0.1105 -> 6345.9892 | E34: =C34*20% -> 11485.953 | F34: =C34+D34+E34 -> 75261.709 | H34: Qualification: Minimum of PhD, or exceptionally, equivalent* research experience (including industrial R&D)
B35: Point 3 | C35: 59097.236 | D35: =C35*0.1105 -> 6530.2446 | E35: =C35*20% -> 11819.447 | F35: =C35+D35+E35 -> 77446.928 | H35: Purpose of Role: Design & implement a specific research programme/s in association with a PI. This role is a prestigious role which represents a step change from Post-Doctoral researcher roles.
B36: Point 4 | C36: 60814.465 | D36: =C36*0.1105 -> 6719.9984 | E36: =C36*20% -> 12162.893 | F36: =C36+D36+E36 -> 79697.356
A37: Senior Research Fellow | B37: Point 1 | C37: 67889.829 | D37: =C37*0.1105 -> 7501.8261 | E37: =C37*20% -> 13577.966 | F37: =C37+D37+E37 -> 88969.621
B38: Point 2 | C38: 69870.677 | D38: =C38*0.1105 -> 7720.7098 | E38: =C38*20% -> 13974.135 | F38: =C38+D38+E38 -> 91565.522 | H38: Purpose of Role: This role reflects the EU Framework Level 4 role of ‘Leading Researcher’, which is described as: “a researcher leading their research area or field. It would include the team leader of a research group ... In particular disciplines as an exception, leading researchers may include individuals who operate as lone researchers”.
B39: Point 3 | C39: 70811.871 | D39: =C39*0.1105 -> 7824.7117 | E39: =C39*20% -> 14162.374 | F39: =C39+D39+E39 -> 92798.957
B40: Point 4 | C40: 72857.3 | D40: =C40*0.1105 -> 8050.7317 | E40: =C40*20% -> 14571.46 | F40: =C40+D40+E40 -> 95479.492
A42: *Revised salary contribution scales reflect the Public Service Stability Agreement 2018-2020, issued by the Department of Public Expenditure and Reform. The rates shown are the rates of pay effective from 1st October 2020. Under the terms of the current national pay agreement – Building Momentum- which covers the period up to October 2022, the following pay increases are proposed: • A general round increase in annualised basic salary of 1% or €500, whichever is greater, on 1 October 2021. • The equivalent of a 1% increase in annualised basic salaries is to be used as a Sectoral Bargaining Fund, payable on 1 February 2022. • A general round increase in annualised basic salary of 1% or €500, whichever is greater, on 1 October 2022. As the precise details of the application of the Sectoral Bargaining Fund are yet to be determined, we are not in a position to update the scales from October 2022 at this point. Also, the October 2021 general increase is contingent on satisfactory achievement of the Further and Higher Education sectoral Building Momentum action plan, so any proposal to include the October 2021 increase in budgetary calculations should be regarded as provisional until approval of the general round increase is confirmed.
A44: HOW TO USE THE GUIDELINES
A45: A. Decide on the appropriate grading of the research post (Column 1)
A47: B. Allow for Annual Salary Scale point increases.
A49: C. In general, additional ANNUAL costs to your budget, as an employer will be employers PRSI contribution and pension costs. The employers PRSI contribution is 11.05%. In accordance with the Employment Control Framework, and in recognition of the fact that staff in contract research and other externally funded posts have entitlements to future pension benefits which is a deferred cost or liability for the Exchequer, any such new posts created or any renewal / renegotiation of existing contracts must include an employer’s pension contribution charge of 20% of gross pay. You should contact your own university for information on the pension scheme for contract researchers.

Sheet Scales 1.10.21
A1: Guidelines for Contract Researchers Salary Scales
A2: Provisional** scales applicable from 1st October 2021*
C3: Researchers Salary Scales (Applicable from 1st October 2021)*
C4: GROSS SALARY | D4: Obligatory contribution | E4: Obligatory contribution | F4: Budget amount | H4: You are obliged under the Fixed Term Workers Act (2003) to provide Pension Costs for temporary and contract staff. In accordance with the Employment Control Framework, and in recognition of the fact that staff in contract research and other externally funded posts have entitlements to future pension benefits which is a deferred cost or liability for the Exchequer, any such new posts created or any renewal / renegotiation of existing contracts must include an employer’s pension contribution charge of 20% of gross pay. This represents the estimated contribution required from the project funder, in addition to the employee’s own personal pension contribution, to cover the deferred cost to the Exchequer of future pension entitlements.
A5: Column 1 | C5: Column 2 | D5: Column 3 | E5: Column 3 | F5: Column 4
A6: Researcher Salary Scales | C6: Gross Salary/ annum (€) | D6: Employer's PRSI @ 11.05% (€) | E6: Employer's Pension @ 20% (€) | F6: Annual cost to budget (€) | H6: HOW MUCH SHOULD I PAY?
H7: The salary scale for the role will relate to the grading of the post, as defined in the IUA Researcher Career Development and Employment Framework. These are the expected qualifications and experience appropriate for this level of remuneration.
A8: Research Assistant | B8: Point 1 | C8: ='Scales 1.10.20'!C8+500 -> 27108.789 | D8: =C8*0.1105 -> 2995.5212 | E8: =C8*20% -> 5421.7579 | F8: =C8+D8+E8 -> 35526.068
B9: Point 2 | C9: ='Scales 1.10.20'!C9+500 -> 27874.309 | D9: =C9*0.1105 -> 3080.1111 | E9: =C9*20% -> 5574.8618 | F9: =C9+D9+E9 -> 36529.282
B10: Point 3 | C10: ='Scales 1.10.20'!C10+500 -> 28266.576 | D10: =C10*0.1105 -> 3123.4566 | E10: =C10*20% -> 5653.3151 | F10: =C10+D10+E10 -> 37043.347
B11: Point 4 | C11: ='Scales 1.10.20'!C11+500 -> 29068.658 | D11: =C11*0.1105 -> 3212.0867 | E11: =C11*20% -> 5813.7316 | F11: =C11+D11+E11 -> 38094.476
B12: Point 5 | C12: ='Scales 1.10.20'!C12+500 -> 29892.62 | D12: =C12*0.1105 -> 3303.1345 | E12: =C12*20% -> 5978.5241 | F12: =C12+D12+E12 -> 39174.279 | H12: Purpose of the role: to assist in the performance of research. .
B13: Point 6 | C13: ='Scales 1.10.20'!C13+500 -> 30742.352 | D13: =C13*0.1105 -> 3397.0299 | E13: =C13*20% -> 6148.4704 | F13: =C13+D13+E13 -> 40287.852
B14: Point 7 | C14: ='Scales 1.10.20'!C14+500 -> 31619.527 | D14: =C14*0.1105 -> 3493.9578 | E14: =C14*20% -> 6323.9055 | F14: =C14+D14+E14 -> 41437.391
B15: Point 8 | C15: ='Scales 1.10.20'!C15+500 -> 32201.041 | D15: =C15*0.1105 -> 3558.215 | E15: =C15*20% -> 6440.2082 | F15: =C15+D15+E15 -> 42199.464 | H15: Qualifications and Experience: Minimum of primary Degree in relevant discipline with little or no research experience.
B16: Point 9 | C16: ='Scales 1.10.20'!C16+500 -> 33096.105 | D16: =C16*0.1105 -> 3657.1196 | E16: =C16*20% -> 6619.221 | F16: =C16+D16+E16 -> 43372.446
B17: Point 10 | C17: ='Scales 1.10.20'!C17+500 -> 33851.507 | D17: =C17*0.1105 -> 3740.5915 | E17: =C17*20% -> 6770.3014 | F17: =C17+D17+E17 -> 44362.4
B18: Point 11 | C18: ='Scales 1.10.20'!C18+500 -> 34466.618 | D18: =C18*0.1105 -> 3808.5613 | E18: =C18*20% -> 6893.3236 | F18: =C18+D18+E18 -> 45168.503
B19: Point 12 | C19: ='Scales 1.10.20'!C19+500 -> 35430.045 | D19: =C19*0.1105 -> 3915.02 | E19: =C19*20% -> 7086.009 | F19: =C19+D19+E19 -> 46431.074
B20: Point 13 | C20: ='Scales 1.10.20'!C20+500 -> 36422.057 | D20: =C20*0.1105 -> 4024.6373 | E20: =C20*20% -> 7284.4114 | F20: =C20+D20+E20 -> 47731.106
A21: Post-Doctoral Researcher
A22: PD1 | B22: Point 1 | C22: ='Scales 1.10.20'!C22+500 -> 39131.658 | D22: =C22*0.1105 -> 4324.0482 | E22: =C22*20% -> 7826.3316 | F22: =C22+D22+E22 -> 51282.038
B23: Point 2 | C23: ='Scales 1.10.20'!C23+500 -> 39685.745 | D23: =C23*0.1105 -> 4385.2748 | E23: =C23*20% -> 7937.1489 | F23: =C23+D23+E23 -> 52008.168 | H23: Purpose of the Role: to conduct a specified programme of research under supervision of a PI while developing skills and competencies with respect to the role and future career options.
B24: Point 3 | C24: ='Scales 1.10.20'!C24+500 -> 41525.043 | D24: =C24*0.1105 -> 4588.5172 | E24: =C24*20% -> 8305.0086 | F24: =C24+D24+E24 -> 54418.569
B25: Point 4 | C25: ='Scales 1.10.20'!C25+500 -> 42700.212 | D25: =C25*0.1105 -> 4718.3734 | E25: =C25*20% -> 8540.0424 | F25: =C25+D25+E25 -> 55958.628 | H25: Qualification: Minimum of PhD, or exceptionally, equivalent* research experience (including industrial R&D).
B26: Point 5 | C26: ='Scales 1.10.20'!C26+500 -> 43910.318 | D26: =C26*0.1105 -> 4852.0902 | E26: =C26*20% -> 8782.0637 | F26: =C26+D26+E26 -> 57544.472
B27: Point 6 | C27: ='Scales 1.10.20'!C27+500 -> 45157.48 | D27: =C27*0.1105 -> 4989.9015 | E27: =C27*20% -> 9031.4959 | F27: =C27+D27+E27 -> 59178.877 | H27: Purpose of Role: to conduct a specified programme of research under supervision of a PI while also supervising PhD students and PD1s. Continuing to develop skills and competencies with respect to the role and future career options.
A29: PD2 | B29: Point 1 | C29: ='Scales 1.10.20'!C29+500 -> 46441.696 | D29: =C29*0.1105 -> 5131.8074 | E29: =C29*20% -> 9288.3392 | F29: =C29+D29+E29 -> 60861.842
B30: Point 2 | C30: ='Scales 1.10.20'!C30+500 -> 47764.14 | D30: =C30*0.1105 -> 5277.9374 | E30: =C30*20% -> 9552.8279 | F30: =C30+D30+E30 -> 62594.905
B31: Point 3 | C31: ='Scales 1.10.20'!C31+500 -> 49126.586 | D31: =C31*0.1105 -> 5428.4878 | E31: =C31*20% -> 9825.3173 | F31: =C31+D31+E31 -> 64380.391 | H31: * EU defines PhD equivalent 4 years fulltime research after primary degree
B32: Point 4 | C32: ='Scales 1.10.20'!C32+500 -> 50529.378 | D32: =C32*0.1105 -> 5583.4963 | E32: =C32*20% -> 10105.876 | F32: =C32+D32+E32 -> 66218.75
A33: Research Fellow | B33: Point 1 | C33: ='Scales 1.10.20'!C33*1.01 -> 56369.108 | D33: =C33*0.1105 -> 6228.7864 | E33: =C33*20% -> 11273.822 | F33: =C33+D33+E33 -> 73871.716 | H33: Experience: The appointed candidate will generally have 4-6 years postdoctoral research experience.
B34: Point 2 | C34: ='Scales 1.10.20'!C34*1.01 -> 58004.064 | D34: =C34*0.1105 -> 6409.4491 | E34: =C34*20% -> 11600.813 | F34: =C34+D34+E34 -> 76014.326 | H34: Qualification: Minimum of PhD, or exceptionally, equivalent* research experience (including industrial R&D)
B35: Point 3 | C35: ='Scales 1.10.20'!C35*1.01 -> 59688.208 | D35: =C35*0.1105 -> 6595.547 | E35: =C35*20% -> 11937.642 | F35: =C35+D35+E35 -> 78221.397 | H35: Purpose of Role: Design & implement a specific research programme/s in association with a PI. This role is a prestigious role which represents a step change from Post-Doctoral researcher roles.
B36: Point 4 | C36: ='Scales 1.10.20'!C36*1.01 -> 61422.61 | D36: =C36*0.1105 -> 6787.1984 | E36: =C36*20% -> 12284.522 | F36: =C36+D36+E36 -> 80494.33
A37: Senior Research Fellow | B37: Point 1 | C37: ='Scales 1.10.20'!C37*1.01 -> 68568.727 | D37: =C37*0.1105 -> 7576.8444 | E37: =C37*20% -> 13713.745 | F37: =C37+D37+E37 -> 89859.317
B38: Point 2 | C38: ='Scales 1.10.20'!C38*1.01 -> 70569.384 | D38: =C38*0.1105 -> 7797.9169 | E38: =C38*20% -> 14113.877 | F38: =C38+D38+E38 -> 92481.177 | H38: Purpose of Role: This role reflects the EU Framework Level 4 role of ‘Leading Researcher’, which is described as: “a researcher leading their research area or field. It would include the team leader of a research group ... In particular disciplines as an exception, leading researchers may include individuals who operate as lone researchers”.
B39: Point 3 | C39: ='Scales 1.10.20'!C39*1.01 -> 71519.99 | D39: =C39*0.1105 -> 7902.9588 | E39: =C39*20% -> 14303.998 | F39: =C39+D39+E39 -> 93726.946
B40: Point 4 | C40: ='Scales 1.10.20'!C40*1.01 -> 73585.873 | D40: =C40*0.1105 -> 8131.239 | E40: =C40*20% -> 14717.175 | F40: =C40+D40+E40 -> 96434.287
A42: The new public service agreement, Building Momentum - 2021-2022, issued by the Department of Public Expenditure and Reform, is an extension of previous public service agreements, including the Public Service Stability Agreement, 2018-2020. Under the terms of the Building Momentum public service agreement, the following pay adjustments apply: • A general round increase in annualised basic salary of 1% or €500, whichever is greater, on 1 October 2021. • The equivalent of a 1% increase in annualised basic salaries is to be used as a Sectoral Bargaining Fund, payable on 1 February 2022. • A general round increase in annualised basic salary of 1% or €500, whichever is greater, on 1 October 2022.
A43: ** Application of the 1st October 2021 increase is subject to formal confirmation from DFHERIS in accordance with sections 1.6, to 3.1.3 of the Building Momentum public service agreement.
A45: HOW TO USE THE GUIDELINES
A46: A. Decide on the appropriate grading of the research post (Column 1)
A48: B. Allow for Annual Salary Scale point increases.
A50: C. In general, additional ANNUAL costs to your budget, as an employer will be employers PRSI contribution and pension costs. The employers PRSI contribution is 11.05%. In accordance with the Employment Control Framework, and in recognition of the fact that staff in contract research and other externally funded posts have entitlements to future pension benefits which is a deferred cost or liability for the Exchequer, any such new posts created or any renewal / renegotiation of existing contracts must include an employer’s pension contribution charge of 20% of gross pay. You should contact your own university for information on the pension scheme for contract researchers.

Sheet Scales 1.02.22
A1: Guidelines for Contract Researchers Salary Scales
A2: Scales applicable from 1st February 2022
C3: Researchers Salary Scales (Applicable from 1st February 2022)
C4: GROSS SALARY | D4: Obligatory contribution | E4: Obligatory contribution | F4: Budget amount | H4: You are obliged under the Fixed Term Workers Act (2003) to provide Pension Costs for temporary and contract staff. In accordance with the Employment Control Framework, and in recognition of the fact that staff in contract research and other externally funded posts have entitlements to future pension benefits which is a deferred cost or liability for the Exchequer, any such new posts created or any renewal / renegotiation of existing contracts must include an employer’s pension contribution charge of 20% of gross pay. This represents the estimated contribution required from the project funder, in addition to the employee’s own personal pension contribution, to cover the deferred cost to the Exchequer of future pension entitlements.
A5: Column 1 | C5: Column 2 | D5: Column 3 | E5: Column 3 | F5: Column 4
A6: Researcher Salary Scales | C6: Gross Salary/ annum (€) | D6: Employer's PRSI @ 11.05% (€) | E6: Employer's Pension @ 20% (€) | F6: Annual cost to budget (€) | H6: HOW MUCH SHOULD I PAY?
H7: The salary scale for the role will relate to the grading of the post, as defined in the IUA Researcher Career Development and Employment Framework. These are the expected qualifications and experience appropriate for this level of remuneration.
A8: Research Assistant | B8: Point 1 | C8: ='Scales 1.10.21'!C8*1.01 -> 27379.877 | D8: =C8*0.1105 -> 3025.4764 | E8: =C8*20% -> 5475.9754 | F8: =C8+D8+E8 -> 35881.329
B9: Point 2 | C9: ='Scales 1.10.21'!C9*1.01 -> 28153.052 | D9: =C9*0.1105 -> 3110.9122 | E9: =C9*20% -> 5630.6104 | F9: =C9+D9+E9 -> 36894.575
B10: Point 3 | C10: ='Scales 1.10.21'!C10*1.01 -> 28549.241 | D10: =C10*0.1105 -> 3154.6912 | E10: =C10*20% -> 5709.8483 | F10: =C10+D10+E10 -> 37413.781
B11: Point 4 | C11: ='Scales 1.10.21'!C11*1.01 -> 29359.345 | D11: =C11*0.1105 -> 3244.2076 | E11: =C11*20% -> 5871.8689 | F11: =C11+D11+E11 -> 38475.421
B12: Point 5 | C12: ='Scales 1.10.21'!C12*1.01 -> 30191.547 | D12: =C12*0.1105 -> 3336.1659 | E12: =C12*20% -> 6038.3093 | F12: =C12+D12+E12 -> 39566.022 | H12: Purpose of the role: to assist in the performance of research. .
B13: Point 6 | C13: ='Scales 1.10.21'!C13*1.01 -> 31049.776 | D13: =C13*0.1105 -> 3431.0002 | E13: =C13*20% -> 6209.9551 | F13: =C13+D13+E13 -> 40690.731
B14: Point 7 | C14: ='Scales 1.10.21'!C14*1.01 -> 31935.723 | D14: =C14*0.1105 -> 3528.8973 | E14: =C14*20% -> 6387.1445 | F14: =C14+D14+E14 -> 41851.764
B15: Point 8 | C15: ='Scales 1.10.21'!C15*1.01 -> 32523.051 | D15: =C15*0.1105 -> 3593.7972 | E15: =C15*20% -> 6504.6103 | F15: =C15+D15+E15 -> 42621.459 | H15: Qualifications and Experience: Minimum of primary Degree in relevant discipline with little or no research experience.
B16: Point 9 | C16: ='Scales 1.10.21'!C16*1.01 -> 33427.066 | D16: =C16*0.1105 -> 3693.6908 | E16: =C16*20% -> 6685.4132 | F16: =C16+D16+E16 -> 43806.17
B17: Point 10 | C17: ='Scales 1.10.21'!C17*1.01 -> 34190.022 | D17: =C17*0.1105 -> 3777.9975 | E17: =C17*20% -> 6838.0044 | F17: =C17+D17+E17 -> 44806.024
B18: Point 11 | C18: ='Scales 1.10.21'!C18*1.01 -> 34811.284 | D18: =C18*0.1105 -> 3846.6469 | E18: =C18*20% -> 6962.2569 | F18: =C18+D18+E18 -> 45620.188
B19: Point 12 | C19: ='Scales 1.10.21'!C19*1.01 -> 35784.345 | D19: =C19*0.1105 -> 3954.1702 | E19: =C19*20% -> 7156.8691 | F19: =C19+D19+E19 -> 46895.385
B20: Point 13 | C20: ='Scales 1.10.21'!C20*1.01 -> 36786.278 | D20: =C20*0.1105 -> 4064.8837 | E20: =C20*20% -> 7357.2555 | F20: =C20+D20+E20 -> 48208.417
A21: Post-Doctoral Researcher
A22: PD1 | B22: Point 1 | C22: ='Scales 1.10.21'!C22*1.01 -> 39522.974 | D22: =C22*0.1105 -> 4367.2887 | E22: =C22*20% -> 7904.5949 | F22: =C22+D22+E22 -> 51794.858
B23: Point 2 | C23: ='Scales 1.10.21'!C23*1.01 -> 40082.602 | D23: =C23*0.1105 -> 4429.1275 | E23: =C23*20% -> 8016.5204 | F23: =C23+D23+E23 -> 52528.25 | H23: Purpose of the Role: to conduct a specified programme of research under supervision of a PI while developing skills and competencies with respect to the role and future career options.
B24: Point 3 | C24: ='Scales 1.10.21'!C24*1.01 -> 41940.293 | D24: =C24*0.1105 -> 4634.4024 | E24: =C24*20% -> 8388.0587 | F24: =C24+D24+E24 -> 54962.754
B25: Point 4 | C25: ='Scales 1.10.21'!C25*1.01 -> 43127.214 | D25: =C25*0.1105 -> 4765.5571 | E25: =C25*20% -> 8625.4428 | F25: =C25+D25+E25 -> 56518.214 | H25: Qualification: Minimum of PhD, or exceptionally, equivalent* research experience (including industrial R&D).
B26: Point 5 | C26: ='Scales 1.10.21'!C26*1.01 -> 44349.422 | D26: =C26*0.1105 -> 4900.6111 | E26: =C26*20% -> 8869.8843 | F26: =C26+D26+E26 -> 58119.917
B27: Point 6 | C27: ='Scales 1.10.21'!C27*1.01 -> 45609.054 | D27: =C27*0.1105 -> 5039.8005 | E27: =C27*20% -> 9121.8109 | F27: =C27+D27+E27 -> 59770.666 | H27: Purpose of Role: to conduct a specified programme of research under supervision of a PI while also supervising PhD students and PD1s. Continuing to develop skills and competencies with respect to the role and future career options.
A29: PD2 | B29: Point 1 | C29: ='Scales 1.10.21'!C29*1.01 -> 46906.113 | D29: =C29*0.1105 -> 5183.1255 | E29: =C29*20% -> 9381.2226 | F29: =C29+D29+E29 -> 61470.461
B30: Point 2 | C30: ='Scales 1.10.21'!C30*1.01 -> 48241.781 | D30: =C30*0.1105 -> 5330.7168 | E30: =C30*20% -> 9648.3562 | F30: =C30+D30+E30 -> 63220.854
B31: Point 3 | C31: ='Scales 1.10.21'!C31*1.01 -> 49617.852 | D31: =C31*0.1105 -> 5482.7727 | E31: =C31*20% -> 9923.5704 | F31: =C31+D31+E31 -> 65024.195 | H31: * EU defines PhD equivalent 4 years fulltime research after primary degree
B32: Point 4 | C32: ='Scales 1.10.21'!C32*1.01 -> 51034.672 | D32: =C32*0.1105 -> 5639.3312 | E32: =C32*20% -> 10206.934 | F32: =C32+D32+E32 -> 66880.938
A33: Research Fellow | B33: Point 1 | C33: ='Scales 1.10.21'!C33*1.01 -> 56932.799 | D33: =C33*0.1105 -> 6291.0743 | E33: =C33*20% -> 11386.56 | F33: =C33+D33+E33 -> 74610.433 | H33: Experience: The appointed candidate will generally have 4-6 years postdoctoral research experience.
B34: Point 2 | C34: ='Scales 1.10.21'!C34*1.01 -> 58584.105 | D34: =C34*0.1105 -> 6473.5436 | E34: =C34*20% -> 11716.821 | F34: =C34+D34+E34 -> 76774.469 | H34: Qualification: Minimum of PhD, or exceptionally, equivalent* research experience (including industrial R&D)
B35: Point 3 | C35: ='Scales 1.10.21'!C35*1.01 -> 60285.09 | D35: =C35*0.1105 -> 6661.5025 | E35: =C35*20% -> 12057.018 | F35: =C35+D35+E35 -> 79003.611 | H35: Purpose of Role: Design & implement a specific research programme/s in association with a PI. This role is a prestigious role which represents a step change from Post-Doctoral researcher roles.
B36: Point 4 | C36: ='Scales 1.10.21'!C36*1.01 -> 62036.836 | D36: =C36*0.1105 -> 6855.0703 | E36: =C36*20% -> 12407.367 | F36: =C36+D36+E36 -> 81299.273
A37: Senior Research Fellow | B37: Point 1 | C37: ='Scales 1.10.21'!C37*1.01 -> 69254.415 | D37: =C37*0.1105 -> 7652.6128 | E37: =C37*20% -> 13850.883 | F37: =C37+D37+E37 -> 90757.91
B38: Point 2 | C38: ='Scales 1.10.21'!C38*1.01 -> 71275.078 | D38: =C38*0.1105 -> 7875.8961 | E38: =C38*20% -> 14255.016 | F38: =C38+D38+E38 -> 93405.989 | H38: Purpose of Role: This role reflects the EU Framework Level 4 role of ‘Leading Researcher’, which is described as: “a researcher leading their research area or field. It would include the team leader of a research group ... In particular disciplines as an exception, leading researchers may include individuals who operate as lone researchers”.
B39: Point 3 | C39: ='Scales 1.10.21'!C39*1.01 -> 72235.189 | D39: =C39*0.1105 -> 7981.9884 | E39: =C39*20% -> 14447.038 | F39: =C39+D39+E39 -> 94664.216
B40: Point 4 | C40: ='Scales 1.10.21'!C40*1.01 -> 74321.732 | D40: =C40*0.1105 -> 8212.5514 | E40: =C40*20% -> 14864.346 | F40: =C40+D40+E40 -> 97398.63
A42: The new public service agreement, Building Momentum - 2021-2022, issued by the Department of Public Expenditure and Reform, is an extension of previous public service agreements, including the Public Service Stability Agreement, 2018-2020. Under the terms of the Building Momentum public service agreement, the following pay adjustments apply: • A general round increase in annualised basic salary of 1% or €500, whichever is greater, on 1 October 2021. • The equivalent of a 1% increase in annualised basic salaries is to be used as a Sectoral Bargaining Fund, payable on 1 February 2022. • A general round increase in annualised basic salary of 1% or €500, whichever is greater, on 1 October 2022.
A45: HOW TO USE THE GUIDELINES
A46: A. Decide on the appropriate grading of the research post (Column 1)
A48: B. Allow for Annual Salary Scale point increases.
A50: C. In general, additional ANNUAL costs to your budget, as an employer will be employers PRSI contribution and pension costs. The employers PRSI contribution is 11.05%. In accordance with the Employment Control Framework, and in recognition of the fact that staff in contract research and other externally funded posts have entitlements to future pension benefits which is a deferred cost or liability for the Exchequer, any such new posts created or any renewal / renegotiation of existing contracts must include an employer’s pension contribution charge of 20% of gross pay. You should contact your own university for information on the pension scheme for contract researchers.

Sheet Scales 02.02.22
A1: Guidelines for Contract Researchers Salary Scales
A2: Scales applicable from 2nd February 2022
C3: Researchers Salary Scales (Applicable from 2nd February 2022)
C4: GROSS SALARY | D4: Obligatory contribution | E4: Obligatory contribution | F4: Budget amount | H4: You are obliged under the Fixed Term Workers Act (2003) to provide Pension Costs for temporary and contract staff. In accordance with the Employment Control Framework, and in recognition of the fact that staff in contract research and other externally funded posts have entitlements to future pension benefits which is a deferred cost or liability for the Exchequer, any such new posts created or any renewal / renegotiation of existing contracts must include an employer’s pension contribution charge of 20% of gross pay. This represents the estimated contribution required from the project funder, in addition to the employee’s own personal pension contribution, to cover the deferred cost to the Exchequer of future pension entitlements.
A5: Column 1 | C5: Column 2 | D5: Column 3 | E5: Column 3 | F5: Column 4
A6: Researcher Salary Scales | C6: Gross Salary/ annum (€) | D6: Employer's PRSI @ 11.05% (€) | E6: Employer's Pension @ 20% (€) | F6: Annual cost to budget (€) | H6: HOW MUCH SHOULD I PAY?
H7: The salary scale for the role will relate to the grading of the post, as defined in the IUA Researcher Career Development and Employment Framework. These are the expected qualifications and experience appropriate for this level of remuneration.
A8: Research Assistant | B8: Point 1 | C8: ='Scales 1.02.22'!C8*1.03 -> 28201.273 | D8: =C8*0.1105 -> 3116.2407 | E8: =C8*20% -> 5640.2547 | F8: =C8+D8+E8 -> 36957.769
B9: Point 2 | C9: ='Scales 1.02.22'!C9*1.03 -> 28997.644 | D9: =C9*0.1105 -> 3204.2396 | E9: =C9*20% -> 5799.5287 | F9: =C9+D9+E9 -> 38001.412
B10: Point 3 | C10: ='Scales 1.02.22'!C10*1.03 -> 29405.719 | D10: =C10*0.1105 -> 3249.3319 | E10: =C10*20% -> 5881.1437 | F10: =C10+D10+E10 -> 38536.194
B11: Point 4 | C11: ='Scales 1.02.22'!C11*1.03 -> 30240.125 | D11: =C11*0.1105 -> 3341.5338 | E11: =C11*20% -> 6048.025 | F11: =C11+D11+E11 -> 39629.684
B12: Point 5 | C12: ='Scales 1.02.22'!C12*1.03 -> 31097.293 | D12: =C12*0.1105 -> 3436.2509 | E12: =C12*20% -> 6219.4586 | F12: =C12+D12+E12 -> 40753.002 | H12: Purpose of the role: to assist in the performance of research. .
B13: Point 6 | C13: ='Scales 1.02.22'!C13*1.03 -> 31981.269 | D13: =C13*0.1105 -> 3533.9302 | E13: =C13*20% -> 6396.2538 | F13: =C13+D13+E13 -> 41911.453
B14: Point 7 | C14: ='Scales 1.02.22'!C14*1.03 -> 32893.794 | D14: =C14*0.1105 -> 3634.7643 | E14: =C14*20% -> 6578.7589 | F14: =C14+D14+E14 -> 43107.317
B15: Point 8 | C15: ='Scales 1.02.22'!C15*1.03 -> 33498.743 | D15: =C15*0.1105 -> 3701.6111 | E15: =C15*20% -> 6699.7486 | F15: =C15+D15+E15 -> 43900.103 | H15: Qualifications and Experience: Minimum of primary Degree in relevant discipline with little or no research experience.
B16: Point 9 | C16: ='Scales 1.02.22'!C16*1.03 -> 34429.878 | D16: =C16*0.1105 -> 3804.5015 | E16: =C16*20% -> 6885.9756 | F16: =C16+D16+E16 -> 45120.355
B17: Point 10 | C17: ='Scales 1.02.22'!C17*1.03 -> 35215.723 | D17: =C17*0.1105 -> 3891.3374 | E17: =C17*20% -> 7043.1446 | F17: =C17+D17+E17 -> 46150.205
B18: Point 11 | C18: ='Scales 1.02.22'!C18*1.03 -> 35855.623 | D18: =C18*0.1105 -> 3962.0463 | E18: =C18*20% -> 7171.1246 | F18: =C18+D18+E18 -> 46988.794
B19: Point 12 | C19: ='Scales 1.02.22'!C19*1.03 -> 36857.876 | D19: =C19*0.1105 -> 4072.7953 | E19: =C19*20% -> 7371.5751 | F19: =C19+D19+E19 -> 48302.246
B20: Point 13 | C20: ='Scales 1.02.22'!C20*1.03 -> 37889.866 | D20: =C20*0.1105 -> 4186.8302 | E20: =C20*20% -> 7577.9732 | F20: =C20+D20+E20 -> 49654.669
A21: Post-Doctoral Researcher
A22: PD1 | B22: Point 1 | C22: ='Scales 1.02.22'!C22*1.03 -> 40708.664 | D22: =C22*0.1105 -> 4498.3073 | E22: =C22*20% -> 8141.7327 | F22: =C22+D22+E22 -> 53348.704
B23: Point 2 | C23: ='Scales 1.02.22'!C23*1.03 -> 41285.08 | D23: =C23*0.1105 -> 4562.0014 | E23: =C23*20% -> 8257.016 | F23: =C23+D23+E23 -> 54104.098 | H23: Purpose of the Role: to conduct a specified programme of research under supervision of a PI while developing skills and competencies with respect to the role and future career options.
B24: Point 3 | C24: ='Scales 1.02.22'!C24*1.03 -> 43198.502 | D24: =C24*0.1105 -> 4773.4345 | E24: =C24*20% -> 8639.7004 | F24: =C24+D24+E24 -> 56611.637
B25: Point 4 | C25: ='Scales 1.02.22'!C25*1.03 -> 44421.03 | D25: =C25*0.1105 -> 4908.5239 | E25: =C25*20% -> 8884.2061 | F25: =C25+D25+E25 -> 58213.76 | H25: Qualification: Minimum of PhD, or exceptionally, equivalent* research experience (including industrial R&D).
B26: Point 5 | C26: ='Scales 1.02.22'!C26*1.03 -> 45679.904 | D26: =C26*0.1105 -> 5047.6294 | E26: =C26*20% -> 9135.9808 | F26: =C26+D26+E26 -> 59863.514
B27: Point 6 | C27: ='Scales 1.02.22'!C27*1.03 -> 46977.326 | D27: =C27*0.1105 -> 5190.9945 | E27: =C27*20% -> 9395.4652 | F27: =C27+D27+E27 -> 61563.786 | H27: Purpose of Role: to conduct a specified programme of research under supervision of a PI while also supervising PhD students and PD1s. Continuing to develop skills and competencies with respect to the role and future career options.
A29: PD2 | B29: Point 1 | C29: ='Scales 1.02.22'!C29*1.03 -> 48313.296 | D29: =C29*0.1105 -> 5338.6192 | E29: =C29*20% -> 9662.6592 | F29: =C29+D29+E29 -> 63314.575
B30: Point 2 | C30: ='Scales 1.02.22'!C30*1.03 -> 49689.035 | D30: =C30*0.1105 -> 5490.6383 | E30: =C30*20% -> 9937.8069 | F30: =C30+D30+E30 -> 65117.48
B31: Point 3 | C31: ='Scales 1.02.22'!C31*1.03 -> 51106.388 | D31: =C31*0.1105 -> 5647.2559 | E31: =C31*20% -> 10221.278 | F31: =C31+D31+E31 -> 66974.921 | H31: * EU defines PhD equivalent 4 years fulltime research after primary degree
B32: Point 4 | C32: ='Scales 1.02.22'!C32*1.03 -> 52565.712 | D32: =C32*0.1105 -> 5808.5112 | E32: =C32*20% -> 10513.142 | F32: =C32+D32+E32 -> 68887.366
A33: Research Fellow | B33: Point 1 | C33: ='Scales 1.02.22'!C33*1.03 -> 58640.783 | D33: =C33*0.1105 -> 6479.8065 | E33: =C33*20% -> 11728.157 | F33: =C33+D33+E33 -> 76848.746 | H33: Experience: The appointed candidate will generally have 4-6 years postdoctoral research experience.
B34: Point 2 | C34: ='Scales 1.02.22'!C34*1.03 -> 60341.628 | D34: =C34*0.1105 -> 6667.7499 | E34: =C34*20% -> 12068.326 | F34: =C34+D34+E34 -> 79077.703 | H34: Qualification: Minimum of PhD, or exceptionally, equivalent* research experience (including industrial R&D)
B35: Point 3 | C35: ='Scales 1.02.22'!C35*1.03 -> 62093.643 | D35: =C35*0.1105 -> 6861.3476 | E35: =C35*20% -> 12418.729 | F35: =C35+D35+E35 -> 81373.719 | H35: Purpose of Role: Design & implement a specific research programme/s in association with a PI. This role is a prestigious role which represents a step change from Post-Doctoral researcher roles.
B36: Point 4 | C36: ='Scales 1.02.22'!C36*1.03 -> 63897.941 | D36: =C36*0.1105 -> 7060.7225 | E36: =C36*20% -> 12779.588 | F36: =C36+D36+E36 -> 83738.251
A37: Senior Research Fellow | B37: Point 1 | C37: ='Scales 1.02.22'!C37*1.03 -> 71332.047 | D37: =C37*0.1105 -> 7882.1912 | E37: =C37*20% -> 14266.409 | F37: =C37+D37+E37 -> 93480.648
B38: Point 2 | C38: ='Scales 1.02.22'!C38*1.03 -> 73413.33 | D38: =C38*0.1105 -> 8112.173 | E38: =C38*20% -> 14682.666 | F38: =C38+D38+E38 -> 96208.169 | H38: Purpose of Role: This role reflects the EU Framework Level 4 role of ‘Leading Researcher’, which is described as: “a researcher leading their research area or field. It would include the team leader of a research group ... In particular disciplines as an exception, leading researchers may include individuals who operate as lone researchers”.
B39: Point 3 | C39: ='Scales 1.02.22'!C39*1.03 -> 74402.245 | D39: =C39*0.1105 -> 8221.4481 | E39: =C39*20% -> 14880.449 | F39: =C39+D39+E39 -> 97504.142
B40: Point 4 | C40: ='Scales 1.02.22'!C40*1.03 -> 76551.384 | D40: =C40*0.1105 -> 8458.9279 | E40: =C40*20% -> 15310.277 | F40: =C40+D40+E40 -> 100320.59
A42: The agreement, “Building Momentum - A New Public Service Agreement 2021-2022”, issued by the Department of Public Expenditure and Reform, is an extension of previous public service agreements, including the Public Service Stability Agreement, 2018-2020. Under the terms of the Building Momentum A New Public Service Agreement, the following pay adjustments apply: • A general round increase in annualised basic salary of 1% or €500, whichever is greater, on 1 October 2021. • The equivalent of a 1% increase in annualised basic salaries is to be used as a Sectoral Bargaining Fund, payable on 1 February 2022. •A general round increase in annualised basic salary of 3% on 2 February 2022. • A general round increase in annualised basic salary of 1% or €500, whichever is greater, on 1 October 2022. • A general round increase in annualised basic salary of 2% on 1 March 2023. • A general round increase in annualised basic salary of 1.5% or €750, whichever is greater, on 1 October 2023.
A45: HOW TO USE THE GUIDELINES
A46: A. Decide on the appropriate grading of the research post (Column 1)
A48: B. Allow for Annual Salary Scale point increases.
A50: C. In general, additional ANNUAL costs to your budget, as an employer will be employers PRSI contribution and pension costs. The employers PRSI contribution is 11.05%. In accordance with the Employment Control Framework, and in recognition of the fact that staff in contract research and other externally funded posts have entitlements to future pension benefits which is a deferred cost or liability for the Exchequer, any such new posts created or any renewal / renegotiation of existing contracts must include an employer’s pension contribution charge of 20% of gross pay. You should contact your own university for information on the pension scheme for contract researchers.

Sheet Salary Scales 1.10.22
A1: Guidelines for Contract Researchers Salary Scales
A2: Applicable from 1st October 2022
C3: Researcher Salary Scales (Applicable from 1st October 2022)*
C4: GROSS SALARY | D4: Obligatory contribution | E4: Obligatory contribution | F4: Budget amount | H4: You are obliged under the Fixed Term Workers Act (2003) to provide Pension Costs for temporary and contract staff. In accordance with the Employment Control Framework, and in recognition of the fact that staff in contract research and other externally funded posts have entitlements to future pension benefits which is a deferred cost or liability for the Exchequer, any such new posts created or any renewal / renegotiation of existing contracts must include an employer’s pension contribution charge of 20% of gross pay. This represents the estimated contribution required from the project funder, in addition to the employee’s own personal pension contribution, to cover the deferred cost to the Exchequer of future pension entitlements.
A5: Column 1 | C5: Column 2 | D5: Column 3 | E5: Column 3 | F5: Column 4
A6: Researcher Salary Scales | C6: Gross Salary/ annum (€) | D6: Employer's PRSI @ 11.05% (€) | E6: Employer's Pension @ 20% (€) | F6: Annual cost to budget (€) | H6: HOW MUCH SHOULD I PAY?
H7: The salary scale for the role will relate to the grading of the post, as defined in the Researcher Career Development and Employment Framework. These are the expected qualifications and experience appropriate for this level of remuneration.
A8: Research Assistant | B8: Point 1 | C8: 28701.273 | D8: =C8*0.1105 -> 3171.4907 | E8: =C8*20% -> 5740.2547 | F8: =C8+D8+E8 -> 37613.019
B9: Point 2 | C9: 29497.644 | D9: =C9*0.1105 -> 3259.4896 | E9: =C9*20% -> 5899.5287 | F9: =C9+D9+E9 -> 38656.662
B10: Point 3 | C10: 29905.719 | D10: =C10*0.1105 -> 3304.5819 | E10: =C10*20% -> 5981.1437 | F10: =C10+D10+E10 -> 39191.444
B11: Point 4 | C11: 30740.125 | D11: =C11*0.1105 -> 3396.7838 | E11: =C11*20% -> 6148.025 | F11: =C11+D11+E11 -> 40284.934
B12: Point 5 | C12: 31597.293 | D12: =C12*0.1105 -> 3491.5009 | E12: =C12*20% -> 6319.4586 | F12: =C12+D12+E12 -> 41408.252 | H12: Purpose of the role: to assist in the performance of research. .
B13: Point 6 | C13: 32481.269 | D13: =C13*0.1105 -> 3589.1802 | E13: =C13*20% -> 6496.2538 | F13: =C13+D13+E13 -> 42566.703
B14: Point 7 | C14: 33393.794 | D14: =C14*0.1105 -> 3690.0143 | E14: =C14*20% -> 6678.7589 | F14: =C14+D14+E14 -> 43762.567
B15: Point 8 | C15: 33998.743 | D15: =C15*0.1105 -> 3756.8611 | E15: =C15*20% -> 6799.7486 | F15: =C15+D15+E15 -> 44555.353 | H15: Qualifications and Experience: Minimum of primary Degree in relevant discipline with little or no research experience.
B16: Point 9 | C16: 34929.878 | D16: =C16*0.1105 -> 3859.7515 | E16: =C16*20% -> 6985.9756 | F16: =C16+D16+E16 -> 45775.605
B17: Point 10 | C17: 35715.723 | D17: =C17*0.1105 -> 3946.5874 | E17: =C17*20% -> 7143.1446 | F17: =C17+D17+E17 -> 46805.455
B18: Point 11 | C18: 36355.623 | D18: =C18*0.1105 -> 4017.2963 | E18: =C18*20% -> 7271.1246 | F18: =C18+D18+E18 -> 47644.044
B19: Point 12 | C19: 37357.876 | D19: =C19*0.1105 -> 4128.0453 | E19: =C19*20% -> 7471.5751 | F19: =C19+D19+E19 -> 48957.496
B20: Point 13 | C20: 38389.866 | D20: =C20*0.1105 -> 4242.0802 | E20: =C20*20% -> 7677.9732 | F20: =C20+D20+E20 -> 50309.919
A21: Post-Doctoral Researcher
A22: PD1 | B22: Point 1 | C22: 41208.664 | D22: =C22*0.1105 -> 4553.5573 | E22: =C22*20% -> 8241.7327 | F22: =C22+D22+E22 -> 54003.954
B23: Point 2 | C23: 41785.08 | D23: =C23*0.1105 -> 4617.2514 | E23: =C23*20% -> 8357.016 | F23: =C23+D23+E23 -> 54759.348 | H23: Purpose of the Role: to conduct a specified programme of research under supervision of a PI while developing skills and competencies with respect to the role and future career options.
B24: Point 3 | C24: 43698.502 | D24: =C24*0.1105 -> 4828.6845 | E24: =C24*20% -> 8739.7004 | F24: =C24+D24+E24 -> 57266.887
B25: Point 4 | C25: 44921.03 | D25: =C25*0.1105 -> 4963.7739 | E25: =C25*20% -> 8984.2061 | F25: =C25+D25+E25 -> 58869.01 | H25: Qualification: Minimum of PhD, or exceptionally, equivalent* research experience (including industrial R&D).
B26: Point 5 | C26: 46179.904 | D26: =C26*0.1105 -> 5102.8794 | E26: =C26*20% -> 9235.9808 | F26: =C26+D26+E26 -> 60518.764
B27: Point 6 | C27: 47477.326 | D27: =C27*0.1105 -> 5246.2445 | E27: =C27*20% -> 9495.4652 | F27: =C27+D27+E27 -> 62219.036 | H27: Purpose of Role: to conduct a specified programme of research under supervision of a PI while also supervising PhD students and PD1s. Continuing to develop skills and competencies with respect to the role and future career options.
A29: PD2 | B29: Point 1 | C29: 48813.296 | D29: =C29*0.1105 -> 5393.8692 | E29: =C29*20% -> 9762.6592 | F29: =C29+D29+E29 -> 63969.825
B30: Point 2 | C30: 50189.035 | D30: =C30*0.1105 -> 5545.8883 | E30: =C30*20% -> 10037.807 | F30: =C30+D30+E30 -> 65772.73
B31: Point 3 | C31: 51617.452 | D31: =C31*0.1105 -> 5703.7284 | E31: =C31*20% -> 10323.49 | F31: =C31+D31+E31 -> 67644.67 | H31: * EU defines PhD equivalent 4 years fulltime research after primary degree
B32: Point 4 | C32: 53091.369 | D32: =C32*0.1105 -> 5866.5963 | E32: =C32*20% -> 10618.274 | F32: =C32+D32+E32 -> 69576.239
A33: Research Fellow | B33: Point 1 | C33: 59227.191 | D33: =C33*0.1105 -> 6544.6046 | E33: =C33*20% -> 11845.438 | F33: =C33+D33+E33 -> 77617.233 | H33: Experience: The appointed candidate will generally have 4-6 years postdoctoral research experience.
B34: Point 2 | C34: 60945.044 | D34: =C34*0.1105 -> 6734.4274 | E34: =C34*20% -> 12189.009 | F34: =C34+D34+E34 -> 79868.481 | H34: Qualification: Minimum of PhD, or exceptionally, equivalent* research experience (including industrial R&D)
B35: Point 3 | C35: 62714.58 | D35: =C35*0.1105 -> 6929.961 | E35: =C35*20% -> 12542.916 | F35: =C35+D35+E35 -> 82187.457 | H35: Purpose of Role: Design & implement a specific research programme/s in association with a PI. This role is a prestigious role which represents a step change from Post-Doctoral researcher roles.
B36: Point 4 | C36: 64536.92 | D36: =C36*0.1105 -> 7131.3297 | E36: =C36*20% -> 12907.384 | F36: =C36+D36+E36 -> 84575.634
A37: Senior Research Fellow | B37: Point 1 | C37: 72045.368 | D37: =C37*0.1105 -> 7961.0131 | E37: =C37*20% -> 14409.074 | F37: =C37+D37+E37 -> 94415.454
B38: Point 2 | C38: 74147.463 | D38: =C38*0.1105 -> 8193.2947 | E38: =C38*20% -> 14829.493 | F38: =C38+D38+E38 -> 97170.251 | H38: Purpose of Role: This role reflects the EU Framework Level 4 role of ‘Leading Researcher’, which is described as: “a researcher leading their research area or field. It would include the team leader of a research group ... In particular disciplines as an exception, leading researchers may include individuals who operate as lone researchers”.
B39: Point 3 | C39: 75146.268 | D39: =C39*0.1105 -> 8303.6626 | E39: =C39*20% -> 15029.254 | F39: =C39+D39+E39 -> 98479.184
B40: Point 4 | C40: 77316.898 | D40: =C40*0.1105 -> 8543.5172 | E40: =C40*20% -> 15463.38 | F40: =C40+D40+E40 -> 101323.79
A42: The agreement, “Building Momentum - A New Public Service Agreement 2021-2022”, issued by the Department of Public Expenditure and Reform, is an extension of previous public service agreements, including the Public Service Stability Agreement, 2018-2020. Under the terms of the Building Momentum A New Public Service Agreement, the following pay adjustments apply: • A general round increase in annualised basic salary of 1% or €500, whichever is greater, on 1 October 2021. • The equivalent of a 1% increase in annualised basic salaries is to be used as a Sectoral Bargaining Fund, payable on 1 February 2022. •A general round increase in annualised basic salary of 3% on 2 February 2022. • A general round increase in annualised basic salary of 1% or €500, whichever is greater, on 1 October 2022. • A general round increase in annualised basic salary of 2% on 1 March 2023. • A general round increase in annualised basic salary of 1.5% or €750, whichever is greater, on 1 October 2023.
A45: HOW TO USE THE GUIDELINES
A46: A. Decide on the appropriate grading of the research post (Column 1)
A48: B. Allow for Annual Salary Scale point increases.
A50: C. In general, additional ANNUAL costs to your budget, as an employer will be employers PRSI contribution and pension costs. The employers PRSI contribution is 11.05%. In accordance with the Employment Control Framework, and in recognition of the fact that staff in contract research and other externally funded posts have entitlements to future pension benefits which is a deferred cost or liability for the Exchequer, any such new posts created or any renewal / renegotiation of existing contracts must include an employer’s pension contribution charge of 20% of gross pay. You should contact your own university for information on the pension scheme for contract researchers.

Sheet Salary Scales 1.03.23
A1: Guidelines for Contract Researchers Salary Scales
A2: Applicable from 1st March 2023
C3: Researcher Salary Scales (Applicable from 1st March 2023)*
C4: GROSS SALARY | D4: Obligatory contribution | E4: Obligatory contribution | F4: Budget amount | H4: You are obliged under the Fixed Term Workers Act (2003) to provide Pension Costs for temporary and contract staff. In accordance with the Employment Control Framework, and in recognition of the fact that staff in contract research and other externally funded posts have entitlements to future pension benefits which is a deferred cost or liability for the Exchequer, any such new posts created or any renewal / renegotiation of existing contracts must include an employer’s pension contribution charge of 20% of gross pay. This represents the estimated contribution required from the project funder, in addition to the employee’s own personal pension contribution, to cover the deferred cost to the Exchequer of future pension entitlements.
A5: Column 1 | C5: Column 2 | D5: Column 3 | E5: Column 3 | F5: Column 4
A6: Researcher Salary Scales | C6: Gross Salary/ annum (€) | D6: Employer's PRSI @ 11.05% (€) | E6: Employer's Pension @ 20% (€) | F6: Annual cost to budget (€) | H6: HOW MUCH SHOULD I PAY?
H7: The salary scale for the role will relate to the grading of the post, as defined in the Researcher Career Development and Employment Framework. These are the expected qualifications and experience appropriate for this level of remuneration.
A8: Research Assistant | B8: Point 1 | C8: ='Salary Scales 1.10.22'!C8*1.02 -> 29275.299 | D8: =C8*0.1105 -> 3234.9205 | E8: =C8*20% -> 5855.0598 | F8: =C8+D8+E8 -> 38365.279
B9: Point 2 | C9: ='Salary Scales 1.10.22'!C9*1.02 -> 30087.596 | D9: =C9*0.1105 -> 3324.6794 | E9: =C9*20% -> 6017.5193 | F9: =C9+D9+E9 -> 39429.795
B10: Point 3 | C10: ='Salary Scales 1.10.22'!C10*1.02 -> 30503.833 | D10: =C10*0.1105 -> 3370.6735 | E10: =C10*20% -> 6100.7666 | F10: =C10+D10+E10 -> 39975.273
B11: Point 4 | C11: ='Salary Scales 1.10.22'!C11*1.02 -> 31354.927 | D11: =C11*0.1105 -> 3464.7195 | E11: =C11*20% -> 6270.9855 | F11: =C11+D11+E11 -> 41090.632
B12: Point 5 | C12: ='Salary Scales 1.10.22'!C12*1.02 -> 32229.239 | D12: =C12*0.1105 -> 3561.3309 | E12: =C12*20% -> 6445.8478 | F12: =C12+D12+E12 -> 42236.417 | H12: Purpose of the role: to assist in the performance of research. .
B13: Point 6 | C13: ='Salary Scales 1.10.22'!C13*1.02 -> 33130.894 | D13: =C13*0.1105 -> 3660.9638 | E13: =C13*20% -> 6626.1788 | F13: =C13+D13+E13 -> 43418.037
B14: Point 7 | C14: ='Salary Scales 1.10.22'!C14*1.02 -> 34061.67 | D14: =C14*0.1105 -> 3763.8146 | E14: =C14*20% -> 6812.334 | F14: =C14+D14+E14 -> 44637.819
B15: Point 8 | C15: ='Salary Scales 1.10.22'!C15*1.02 -> 34678.718 | D15: =C15*0.1105 -> 3831.9983 | E15: =C15*20% -> 6935.7436 | F15: =C15+D15+E15 -> 45446.46 | H15: Qualifications and Experience: Minimum of primary Degree in relevant discipline with little or no research experience.
B16: Point 9 | C16: ='Salary Scales 1.10.22'!C16*1.02 -> 35628.476 | D16: =C16*0.1105 -> 3936.9466 | E16: =C16*20% -> 7125.6951 | F16: =C16+D16+E16 -> 46691.117
B17: Point 10 | C17: ='Salary Scales 1.10.22'!C17*1.02 -> 36430.037 | D17: =C17*0.1105 -> 4025.5191 | E17: =C17*20% -> 7286.0075 | F17: =C17+D17+E17 -> 47741.564
B18: Point 11 | C18: ='Salary Scales 1.10.22'!C18*1.02 -> 37082.735 | D18: =C18*0.1105 -> 4097.6422 | E18: =C18*20% -> 7416.5471 | F18: =C18+D18+E18 -> 48596.925
B19: Point 12 | C19: ='Salary Scales 1.10.22'!C19*1.02 -> 38105.033 | D19: =C19*0.1105 -> 4210.6062 | E19: =C19*20% -> 7621.0067 | F19: =C19+D19+E19 -> 49936.646
B20: Point 13 | C20: ='Salary Scales 1.10.22'!C20*1.02 -> 39157.663 | D20: =C20*0.1105 -> 4326.9218 | E20: =C20*20% -> 7831.5326 | F20: =C20+D20+E20 -> 51316.118
A21: Post-Doctoral Researcher
A22: PD1 | B22: Point 1 | C22: ='Salary Scales 1.10.22'!C22*1.02 -> 42032.837 | D22: =C22*0.1105 -> 4644.6285 | E22: =C22*20% -> 8406.5674 | F22: =C22+D22+E22 -> 55084.033
B23: Point 2 | C23: ='Salary Scales 1.10.22'!C23*1.02 -> 42620.782 | D23: =C23*0.1105 -> 4709.5964 | E23: =C23*20% -> 8524.1564 | F23: =C23+D23+E23 -> 55854.535 | H23: Purpose of the Role: to conduct a specified programme of research under supervision of a PI while developing skills and competencies with respect to the role and future career options.
B24: Point 3 | C24: ='Salary Scales 1.10.22'!C24*1.02 -> 44572.472 | D24: =C24*0.1105 -> 4925.2582 | E24: =C24*20% -> 8914.4944 | F24: =C24+D24+E24 -> 58412.225
B25: Point 4 | C25: ='Salary Scales 1.10.22'!C25*1.02 -> 45819.451 | D25: =C25*0.1105 -> 5063.0493 | E25: =C25*20% -> 9163.8902 | F25: =C25+D25+E25 -> 60046.391 | H25: Qualification: Minimum of PhD, or exceptionally, equivalent* research experience (including industrial R&D).
B26: Point 5 | C26: ='Salary Scales 1.10.22'!C26*1.02 -> 47103.502 | D26: =C26*0.1105 -> 5204.937 | E26: =C26*20% -> 9420.7004 | F26: =C26+D26+E26 -> 61729.14
B27: Point 6 | C27: ='Salary Scales 1.10.22'!C27*1.02 -> 48426.873 | D27: =C27*0.1105 -> 5351.1694 | E27: =C27*20% -> 9685.3745 | F27: =C27+D27+E27 -> 63463.417 | H27: Purpose of Role: to conduct a specified programme of research under supervision of a PI while also supervising PhD students and PD1s. Continuing to develop skills and competencies with respect to the role and future career options.
A29: PD2 | B29: Point 1 | C29: ='Salary Scales 1.10.22'!C29*1.02 -> 49789.562 | D29: =C29*0.1105 -> 5501.7466 | E29: =C29*20% -> 9957.9124 | F29: =C29+D29+E29 -> 65249.221
B30: Point 2 | C30: ='Salary Scales 1.10.22'!C30*1.02 -> 51192.815 | D30: =C30*0.1105 -> 5656.8061 | E30: =C30*20% -> 10238.563 | F30: =C30+D30+E30 -> 67088.184
B31: Point 3 | C31: ='Salary Scales 1.10.22'!C31*1.02 -> 52649.801 | D31: =C31*0.1105 -> 5817.803 | E31: =C31*20% -> 10529.96 | F31: =C31+D31+E31 -> 68997.564 | H31: * EU defines PhD equivalent 4 years fulltime research after primary degree
B32: Point 4 | C32: ='Salary Scales 1.10.22'!C32*1.02 -> 54153.197 | D32: =C32*0.1105 -> 5983.9282 | E32: =C32*20% -> 10830.639 | F32: =C32+D32+E32 -> 70967.764
A33: Research Fellow | B33: Point 1 | C33: ='Salary Scales 1.10.22'!C33*1.02 -> 60411.734 | D33: =C33*0.1105 -> 6675.4967 | E33: =C33*20% -> 12082.347 | F33: =C33+D33+E33 -> 79169.578 | H33: Experience: The appointed candidate will generally have 4-6 years postdoctoral research experience.
B34: Point 2 | C34: ='Salary Scales 1.10.22'!C34*1.02 -> 62163.945 | D34: =C34*0.1105 -> 6869.1159 | E34: =C34*20% -> 12432.789 | F34: =C34+D34+E34 -> 81465.85 | H34: Qualification: Minimum of PhD, or exceptionally, equivalent* research experience (including industrial R&D)
B35: Point 3 | C35: ='Salary Scales 1.10.22'!C35*1.02 -> 63968.871 | D35: =C35*0.1105 -> 7068.5603 | E35: =C35*20% -> 12793.774 | F35: =C35+D35+E35 -> 83831.206 | H35: Purpose of Role: Design & implement a specific research programme/s in association with a PI. This role is a prestigious role which represents a step change from Post-Doctoral researcher roles.
B36: Point 4 | C36: ='Salary Scales 1.10.22'!C36*1.02 -> 65827.659 | D36: =C36*0.1105 -> 7273.9563 | E36: =C36*20% -> 13165.532 | F36: =C36+D36+E36 -> 86267.147
A37: Senior Research Fellow | B37: Point 1 | C37: ='Salary Scales 1.10.22'!C37*1.02 -> 73486.275 | D37: =C37*0.1105 -> 8120.2334 | E37: =C37*20% -> 14697.255 | F37: =C37+D37+E37 -> 96303.763
B38: Point 2 | C38: ='Salary Scales 1.10.22'!C38*1.02 -> 75630.412 | D38: =C38*0.1105 -> 8357.1606 | E38: =C38*20% -> 15126.082 | F38: =C38+D38+E38 -> 99113.656 | H38: Purpose of Role: This role reflects the EU Framework Level 4 role of ‘Leading Researcher’, which is described as: “a researcher leading their research area or field. It would include the team leader of a research group ... In particular disciplines as an exception, leading researchers may include individuals who operate as lone researchers”.
B39: Point 3 | C39: ='Salary Scales 1.10.22'!C39*1.02 -> 76649.193 | D39: =C39*0.1105 -> 8469.7358 | E39: =C39*20% -> 15329.839 | F39: =C39+D39+E39 -> 100448.77
B40: Point 4 | C40: ='Salary Scales 1.10.22'!C40*1.02 -> 78863.236 | D40: =C40*0.1105 -> 8714.3875 | E40: =C40*20% -> 15772.647 | F40: =C40+D40+E40 -> 103350.27
A42: The agreement, “Building Momentum - A New Public Service Agreement 2021-2022”, issued by the Department of Public Expenditure and Reform, is an extension of previous public service agreements, including the Public Service Stability Agreement, 2018-2020. Under the terms of the Building Momentum A New Public Service Agreement, the following pay adjustments apply: • A general round increase in annualised basic salary of 1% or €500, whichever is greater, on 1 October 2021. • The equivalent of a 1% increase in annualised basic salaries is to be used as a Sectoral Bargaining Fund, payable on 1 February 2022. •A general round increase in annualised basic salary of 3% on 2 February 2022. • A general round increase in annualised basic salary of 1% or €500, whichever is greater, on 1 October 2022. • A general round increase in annualised basic salary of 2% on 1 March 2023. • A general round increase in annualised basic salary of 1.5% or €750, whichever is greater, on 1 October 2023.
A45: HOW TO USE THE GUIDELINES
A46: A. Decide on the appropriate grading of the research post (Column 1)
A48: B. Allow for Annual Salary Scale point increases.
A50: C. In general, additional ANNUAL costs to your budget, as an employer will be employers PRSI contribution and pension costs. The employers PRSI contribution is 11.05%. In accordance with the Employment Control Framework, and in recognition of the fact that staff in contract research and other externally funded posts have entitlements to future pension benefits which is a deferred cost or liability for the Exchequer, any such new posts created or any renewal / renegotiation of existing contracts must include an employer’s pension contribution charge of 20% of gross pay. You should contact your own university for information on the pension scheme for contract researchers.

Sheet Salary Scales 1.10.23
A1: Guidelines for Contract Researchers Salary Scales
A2: Applicable from 1st October 2023
C3: Researcher Salary Scales (Applicable from 1st October 2023)
C4: GROSS SALARY | D4: Obligatory contribution | E4: Obligatory contribution | F4: Budget amount | H4: You are obliged under the Fixed Term Workers Act (2003) to provide Pension Costs for temporary and contract staff. In accordance with the Employment Control Framework, and in recognition of the fact that staff in contract research and other externally funded posts have entitlements to future pension benefits which is a deferred cost or liability for the Exchequer, any such new posts created or any renewal / renegotiation of existing contracts must include an employer’s pension contribution charge of 20% of gross pay. This represents the estimated contribution required from the project funder, in addition to the employee’s own personal pension contribution, to cover the deferred cost to the Exchequer of future pension entitlements.
A5: Column 1 | C5: Column 2 | D5: Column 3 | E5: Column 3 | F5: Column 4
A6: Researcher Salary Scales | C6: Gross Salary/ annum (€) | D6: Employer's PRSI @ 11.05% (€) | E6: Employer's Pension @ 20% (€) | F6: Annual cost to budget (€) | H6: HOW MUCH SHOULD I PAY?
H7: The salary scale for the role will relate to the grading of the post, as defined in the Researcher Career Development and Employment Framework. These are the expected qualifications and experience appropriate for this level of remuneration.
A8: Research Assistant | B8: Point 1 | C8: ='Salary Scales 1.03.23'!C8+750 -> 30025.299 | D8: =C8*0.1105 -> 3317.7955 | E8: =C8*20% -> 6005.0598 | F8: =C8+D8+E8 -> 39348.154
B9: Point 2 | C9: ='Salary Scales 1.03.23'!C9+750 -> 30837.596 | D9: =C9*0.1105 -> 3407.5544 | E9: =C9*20% -> 6167.5193 | F9: =C9+D9+E9 -> 40412.67
B10: Point 3 | C10: ='Salary Scales 1.03.23'!C10+750 -> 31253.833 | D10: =C10*0.1105 -> 3453.5485 | E10: =C10*20% -> 6250.7666 | F10: =C10+D10+E10 -> 40958.148
B11: Point 4 | C11: ='Salary Scales 1.03.23'!C11+750 -> 32104.927 | D11: =C11*0.1105 -> 3547.5945 | E11: =C11*20% -> 6420.9855 | F11: =C11+D11+E11 -> 42073.507
B12: Point 5 | C12: ='Salary Scales 1.03.23'!C12+750 -> 32979.239 | D12: =C12*0.1105 -> 3644.2059 | E12: =C12*20% -> 6595.8478 | F12: =C12+D12+E12 -> 43219.292 | H12: Purpose of the role: to assist in the performance of research. .
B13: Point 6 | C13: ='Salary Scales 1.03.23'!C13+750 -> 33880.894 | D13: =C13*0.1105 -> 3743.8388 | E13: =C13*20% -> 6776.1788 | F13: =C13+D13+E13 -> 44400.912
B14: Point 7 | C14: ='Salary Scales 1.03.23'!C14+750 -> 34811.67 | D14: =C14*0.1105 -> 3846.6896 | E14: =C14*20% -> 6962.334 | F14: =C14+D14+E14 -> 45620.694
B15: Point 8 | C15: ='Salary Scales 1.03.23'!C15+750 -> 35428.718 | D15: =C15*0.1105 -> 3914.8733 | E15: =C15*20% -> 7085.7436 | F15: =C15+D15+E15 -> 46429.335 | H15: Qualifications and Experience: Minimum of primary Degree in relevant discipline with little or no research experience.
B16: Point 9 | C16: ='Salary Scales 1.03.23'!C16+750 -> 36378.476 | D16: =C16*0.1105 -> 4019.8216 | E16: =C16*20% -> 7275.6951 | F16: =C16+D16+E16 -> 47673.992
B17: Point 10 | C17: ='Salary Scales 1.03.23'!C17+750 -> 37180.037 | D17: =C17*0.1105 -> 4108.3941 | E17: =C17*20% -> 7436.0075 | F17: =C17+D17+E17 -> 48724.439
B18: Point 11 | C18: ='Salary Scales 1.03.23'!C18+750 -> 37832.735 | D18: =C18*0.1105 -> 4180.5172 | E18: =C18*20% -> 7566.5471 | F18: =C18+D18+E18 -> 49579.8
B19: Point 12 | C19: ='Salary Scales 1.03.23'!C19+750 -> 38855.033 | D19: =C19*0.1105 -> 4293.4812 | E19: =C19*20% -> 7771.0067 | F19: =C19+D19+E19 -> 50919.521
B20: Point 13 | C20: ='Salary Scales 1.03.23'!C20+750 -> 39907.663 | D20: =C20*0.1105 -> 4409.7968 | E20: =C20*20% -> 7981.5326 | F20: =C20+D20+E20 -> 52298.993
A21: Post-Doctoral Researcher
A22: PD1 | B22: Point 1 | C22: ='Salary Scales 1.03.23'!C22+750 -> 42782.837 | D22: =C22*0.1105 -> 4727.5035 | E22: =C22*20% -> 8556.5674 | F22: =C22+D22+E22 -> 56066.908
B23: Point 2 | C23: ='Salary Scales 1.03.23'!C23+750 -> 43370.782 | D23: =C23*0.1105 -> 4792.4714 | E23: =C23*20% -> 8674.1564 | F23: =C23+D23+E23 -> 56837.41 | H23: Purpose of the Role: to conduct a specified programme of research under supervision of a PI while developing skills and competencies with respect to the role and future career options.
B24: Point 3 | C24: ='Salary Scales 1.03.23'!C24+750 -> 45322.472 | D24: =C24*0.1105 -> 5008.1332 | E24: =C24*20% -> 9064.4944 | F24: =C24+D24+E24 -> 59395.1
B25: Point 4 | C25: ='Salary Scales 1.03.23'!C25+750 -> 46569.451 | D25: =C25*0.1105 -> 5145.9243 | E25: =C25*20% -> 9313.8902 | F25: =C25+D25+E25 -> 61029.266 | H25: Qualification: Minimum of PhD, or exceptionally, equivalent* research experience (including industrial R&D).
B26: Point 5 | C26: ='Salary Scales 1.03.23'!C26+750 -> 47853.502 | D26: =C26*0.1105 -> 5287.812 | E26: =C26*20% -> 9570.7004 | F26: =C26+D26+E26 -> 62712.015
B27: Point 6 | C27: ='Salary Scales 1.03.23'!C27+750 -> 49176.873 | D27: =C27*0.1105 -> 5434.0444 | E27: =C27*20% -> 9835.3745 | F27: =C27+D27+E27 -> 64446.292 | H27: Purpose of Role: to conduct a specified programme of research under supervision of a PI while also supervising PhD students and PD1s. Continuing to develop skills and competencies with respect to the role and future career options.
A29: PD2 | B29: Point 1 | C29: ='Salary Scales 1.03.23'!C29+750 -> 50539.562 | D29: =C29*0.1105 -> 5584.6216 | E29: =C29*20% -> 10107.912 | F29: =C29+D29+E29 -> 66232.096
B30: Point 2 | C30: ='Salary Scales 1.03.23'!C30*101.5% -> 51960.707 | D30: =C30*0.1105 -> 5741.6582 | E30: =C30*20% -> 10392.141 | F30: =C30+D30+E30 -> 68094.507
B31: Point 3 | C31: ='Salary Scales 1.03.23'!C31*101.5% -> 53439.548 | D31: =C31*0.1105 -> 5905.07 | E31: =C31*20% -> 10687.91 | F31: =C31+D31+E31 -> 70032.527 | H31: * EU defines PhD equivalent 4 years fulltime research after primary degree
B32: Point 4 | C32: ='Salary Scales 1.03.23'!C32*101.5% -> 54965.495 | D32: =C32*0.1105 -> 6073.6871 | E32: =C32*20% -> 10993.099 | F32: =C32+D32+E32 -> 72032.281
A33: Research Fellow | B33: Point 1 | C33: ='Salary Scales 1.03.23'!C33*101.5% -> 61317.91 | D33: =C33*0.1105 -> 6775.6291 | E33: =C33*20% -> 12263.582 | F33: =C33+D33+E33 -> 80357.122 | H33: Experience: The appointed candidate will generally have 4-6 years postdoctoral research experience.
B34: Point 2 | C34: ='Salary Scales 1.03.23'!C34*101.5% -> 63096.404 | D34: =C34*0.1105 -> 6972.1527 | E34: =C34*20% -> 12619.281 | F34: =C34+D34+E34 -> 82687.838 | H34: Qualification: Minimum of PhD, or exceptionally, equivalent* research experience (including industrial R&D)
B35: Point 3 | C35: ='Salary Scales 1.03.23'!C35*101.5% -> 64928.404 | D35: =C35*0.1105 -> 7174.5887 | E35: =C35*20% -> 12985.681 | F35: =C35+D35+E35 -> 85088.674 | H35: Purpose of Role: Design & implement a specific research programme/s in association with a PI. This role is a prestigious role which represents a step change from Post-Doctoral researcher roles.
B36: Point 4 | C36: ='Salary Scales 1.03.23'!C36*101.5% -> 66815.073 | D36: =C36*0.1105 -> 7383.0656 | E36: =C36*20% -> 13363.015 | F36: =C36+D36+E36 -> 87561.154
A37: Senior Research Fellow | B37: Point 1 | C37: ='Salary Scales 1.03.23'!C37*101.5% -> 74588.569 | D37: =C37*0.1105 -> 8242.0369 | E37: =C37*20% -> 14917.714 | F37: =C37+D37+E37 -> 97748.32
B38: Point 2 | C38: ='Salary Scales 1.03.23'!C38*101.5% -> 76764.869 | D38: =C38*0.1105 -> 8482.518 | E38: =C38*20% -> 15352.974 | F38: =C38+D38+E38 -> 100600.36 | H38: Purpose of Role: This role reflects the EU Framework Level 4 role of ‘Leading Researcher’, which is described as: “a researcher leading their research area or field. It would include the team leader of a research group ... In particular disciplines as an exception, leading researchers may include individuals who operate as lone researchers”.
B39: Point 3 | C39: ='Salary Scales 1.03.23'!C39*101.5% -> 77798.931 | D39: =C39*0.1105 -> 8596.7819 | E39: =C39*20% -> 15559.786 | F39: =C39+D39+E39 -> 101955.5
B40: Point 4 | C40: ='Salary Scales 1.03.23'!C40*101.5% -> 80046.184 | D40: =C40*0.1105 -> 8845.1033 | E40: =C40*20% -> 16009.237 | F40: =C40+D40+E40 -> 104900.52
A42: The agreement, “Building Momentum - A New Public Service Agreement 2021-2022”, issued by the Department of Public Expenditure and Reform, is an extension of previous public service agreements, including the Public Service Stability Agreement, 2018-2020. Under the terms of the Building Momentum A New Public Service Agreement, the following pay adjustments apply: • A general round increase in annualised basic salary of 1% or €500, whichever is greater, on 1 October 2021. • The equivalent of a 1% increase in annualised basic salaries is to be used as a Sectoral Bargaining Fund, payable on 1 February 2022. •A general round increase in annualised basic salary of 3% on 2 February 2022. • A general round increase in annualised basic salary of 1% or €500, whichever is greater, on 1 October 2022. • A general round increase in annualised basic salary of 2% on 1 March 2023. • A general round increase in annualised basic salary of 1.5% or €750, whichever is greater, on 1 October 2023.
A45: HOW TO USE THE GUIDELINES
A46: A. Decide on the appropriate grading of the research post (Column 1)
A48: B. Allow for Annual Salary Scale point increases.
A50: C. In general, additional ANNUAL costs to your budget, as an employer will be employers PRSI contribution and pension costs. The employers PRSI contribution is 11.05%. In accordance with the Employment Control Framework, and in recognition of the fact that staff in contract research and other externally funded posts have entitlements to future pension benefits which is a deferred cost or liability for the Exchequer, any such new posts created or any renewal / renegotiation of existing contracts must include an employer’s pension contribution charge of 20% of gross pay. You should contact your own university for information on the pension scheme for contract researchers.

Sheet Salary Scales 01.01.24
A1: Guidelines for Contract Researchers Salary Scales
A2: Applicable from 1st January 2024
C3: Researcher Salary Scales (Applicable from 1st January 2024)
C4: GROSS SALARY | D4: Obligatory contribution | E4: Obligatory contribution | F4: Budget amount | H4: You are obliged under the Fixed Term Workers Act (2003) to provide Pension Costs for temporary and contract staff. In accordance with the Employment Control Framework, and in recognition of the fact that staff in contract research and other externally funded posts have entitlements to future pension benefits which is a deferred cost or liability for the Exchequer, any such new posts created or any renewal / renegotiation of existing contracts must include an employer’s pension contribution charge of 20% of gross pay. This represents the estimated contribution required from the project funder, in addition to the employee’s own personal pension contribution, to cover the deferred cost to the Exchequer of future pension entitlements.
A5: Column 1 | C5: Column 2 | D5: Column 3 | E5: Column 3 | F5: Column 4
A6: Researcher Salary Scales | C6: Gross Salary/ annum (€) | D6: Employer's PRSI @ 11.05% (€) | E6: Employer's Pension @ 20% (€) | F6: Annual cost to budget (€) | H6: HOW MUCH SHOULD I PAY?
H7: The salary scale for the role will relate to the grading of the post, as defined in the Researcher Career Development and Employment Framework. These are the expected qualifications and experience appropriate for this level of remuneration.
A8: Research Assistant | B8: Point 1 | C8: ='Salary Scales 1.10.23'!C8+(1125) -> 31150.299 | D8: =C8*0.1105 -> 3442.108 | E8: =C8*20% -> 6230.0598 | F8: =C8+D8+E8 -> 40822.467 | J8: =C8-'Salary Scales 1.10.23'!C8 -> 1125 | K8: =J8/'Salary Scales 1.10.23'!C8 -> 0.037468403
B9: Point 2 | C9: ='Salary Scales 1.10.23'!C9+(1125) -> 31962.596 | D9: =C9*0.1105 -> 3531.8669 | E9: =C9*20% -> 6392.5193 | F9: =C9+D9+E9 -> 41886.983 | J9: =C9-'Salary Scales 1.10.23'!C9 -> 1125 | K9: =J9/'Salary Scales 1.10.23'!C9 -> 0.036481442
B10: Point 3 | C10: ='Salary Scales 1.10.23'!C10+(1125) -> 32378.833 | D10: =C10*0.1105 -> 3577.861 | E10: =C10*20% -> 6475.7666 | F10: =C10+D10+E10 -> 42432.461 | J10: =C10-'Salary Scales 1.10.23'!C10 -> 1125 | K10: =J10/'Salary Scales 1.10.23'!C10 -> 0.035995585
B11: Point 4 | C11: ='Salary Scales 1.10.23'!C11+(1125) -> 33229.927 | D11: =C11*0.1105 -> 3671.907 | E11: =C11*20% -> 6645.9855 | F11: =C11+D11+E11 -> 43547.82 | J11: =C11-'Salary Scales 1.10.23'!C11 -> 1125 | K11: =J11/'Salary Scales 1.10.23'!C11 -> 0.03504135
B12: Point 5 | C12: ='Salary Scales 1.10.23'!C12+(1125) -> 34104.239 | D12: =C12*0.1105 -> 3768.5184 | E12: =C12*20% -> 6820.8478 | F12: =C12+D12+E12 -> 44693.605 | H12: Purpose of the role: to assist in the performance of research. . | J12: =C12-'Salary Scales 1.10.23'!C12 -> 1125 | K12: =J12/'Salary Scales 1.10.23'!C12 -> 0.03411237
B13: Point 6 | C13: ='Salary Scales 1.10.23'!C13+(1125) -> 35005.894 | D13: =C13*0.1105 -> 3868.1513 | E13: =C13*20% -> 7001.1788 | F13: =C13+D13+E13 -> 45875.224 | J13: =C13-'Salary Scales 1.10.23'!C13 -> 1125 | K13: =J13/'Salary Scales 1.10.23'!C13 -> 0.033204555
B14: Point 7 | C14: ='Salary Scales 1.10.23'!C14+(1125) -> 35936.67 | D14: =C14*0.1105 -> 3971.0021 | E14: =C14*20% -> 7187.334 | F14: =C14+D14+E14 -> 47095.006 | J14: =C14-'Salary Scales 1.10.23'!C14 -> 1125 | K14: =J14/'Salary Scales 1.10.23'!C14 -> 0.032316749
B15: Point 8 | C15: ='Salary Scales 1.10.23'!C15+(1125) -> 36553.718 | D15: =C15*0.1105 -> 4039.1858 | E15: =C15*20% -> 7310.7436 | F15: =C15+D15+E15 -> 47903.647 | H15: Qualifications and Experience: Minimum of primary Degree in relevant discipline with little or no research experience. | J15: =C15-'Salary Scales 1.10.23'!C15 -> 1125 | K15: =J15/'Salary Scales 1.10.23'!C15 -> 0.031753901
B16: Point 9 | C16: ='Salary Scales 1.10.23'!C16+(1125) -> 37503.476 | D16: =C16*0.1105 -> 4144.1341 | E16: =C16*20% -> 7500.6951 | F16: =C16+D16+E16 -> 49148.305 | J16: =C16-'Salary Scales 1.10.23'!C16 -> 1125 | K16: =J16/'Salary Scales 1.10.23'!C16 -> 0.03092488
B17: Point 10 | C17: ='Salary Scales 1.10.23'!C17+(1125) -> 38305.037 | D17: =C17*0.1105 -> 4232.7066 | E17: =C17*20% -> 7661.0075 | F17: =C17+D17+E17 -> 50198.751 | J17: =C17-'Salary Scales 1.10.23'!C17 -> 1125 | K17: =J17/'Salary Scales 1.10.23'!C17 -> 0.030258173
B18: Point 11 | C18: ='Salary Scales 1.10.23'!C18+(1125) -> 38957.735 | D18: =C18*0.1105 -> 4304.8297 | E18: =C18*20% -> 7791.5471 | F18: =C18+D18+E18 -> 51054.112 | J18: =C18-'Salary Scales 1.10.23'!C18 -> 1125 | K18: =J18/'Salary Scales 1.10.23'!C18 -> 0.029736153
B19: Point 12 | C19: ='Salary Scales 1.10.23'!C19+(1125) -> 39980.033 | D19: =C19*0.1105 -> 4417.7937 | E19: =C19*20% -> 7996.0067 | F19: =C19+D19+E19 -> 52393.834 | J19: =C19-'Salary Scales 1.10.23'!C19 -> 1125 | K19: =J19/'Salary Scales 1.10.23'!C19 -> 0.028953778
B20: Point 13 | C20: ='Salary Scales 1.10.23'!C20+(1125) -> 41032.663 | D20: =C20*0.1105 -> 4534.1093 | E20: =C20*20% -> 8206.5326 | F20: =C20+D20+E20 -> 53773.305 | J20: =C20-'Salary Scales 1.10.23'!C20 -> 1125 | K20: =J20/'Salary Scales 1.10.23'!C20 -> 0.028190075
A21: Post-Doctoral Researcher
A22: PD1 | B22: Point 1 | C22: ='Salary Scales 1.10.23'!C22+(1125) -> 43907.837 | D22: =C22*0.1105 -> 4851.816 | E22: =C22*20% -> 8781.5674 | F22: =C22+D22+E22 -> 57541.22 | J22: =C22-'Salary Scales 1.10.23'!C22 -> 1125 | K22: =J22/'Salary Scales 1.10.23'!C22 -> 0.026295591
B23: Point 2 | C23: ='Salary Scales 1.10.23'!C23+(1125) -> 44495.782 | D23: =C23*0.1105 -> 4916.7839 | E23: =C23*20% -> 8899.1564 | F23: =C23+D23+E23 -> 58311.722 | H23: Purpose of the Role: to conduct a specified programme of research under supervision of a PI while developing skills and competencies with respect to the role and future career options. | J23: =C23-'Salary Scales 1.10.23'!C23 -> 1125 | K23: =J23/'Salary Scales 1.10.23'!C23 -> 0.025939122
B24: Point 3 | C24: ='Salary Scales 1.10.23'!C24+(1125) -> 46447.472 | D24: =C24*0.1105 -> 5132.4457 | E24: =C24*20% -> 9289.4944 | F24: =C24+D24+E24 -> 60869.412 | J24: =C24-'Salary Scales 1.10.23'!C24 -> 1125 | K24: =J24/'Salary Scales 1.10.23'!C24 -> 0.024822123
B25: Point 4 | C25: ='Salary Scales 1.10.23'!C25+(1125) -> 47694.451 | D25: =C25*0.1105 -> 5270.2368 | E25: =C25*20% -> 9538.8902 | F25: =C25+D25+E25 -> 62503.578 | H25: Qualification: Minimum of PhD, or exceptionally, equivalent* research experience (including industrial R&D). | J25: =C25-'Salary Scales 1.10.23'!C25 -> 1125 | K25: =J25/'Salary Scales 1.10.23'!C25 -> 0.024157468
B26: Point 5 | C26: ='Salary Scales 1.10.23'!C26+(1125) -> 48978.502 | D26: =C26*0.1105 -> 5412.1245 | E26: =C26*20% -> 9795.7004 | F26: =C26+D26+E26 -> 64186.327 | J26: =C26-'Salary Scales 1.10.23'!C26 -> 1125 | K26: =J26/'Salary Scales 1.10.23'!C26 -> 0.023509251
B27: Point 6 | C27: ='Salary Scales 1.10.23'!C27+(1125) -> 50301.873 | D27: =C27*0.1105 -> 5558.3569 | E27: =C27*20% -> 10060.375 | F27: =C27+D27+E27 -> 65920.604 | H27: Purpose of Role: to conduct a specified programme of research under supervision of a PI while also supervising PhD students and PD1s. Continuing to develop skills and competencies with respect to the role and future career options. | J27: =C27-'Salary Scales 1.10.23'!C27 -> 1125 | K27: =J27/'Salary Scales 1.10.23'!C27 -> 0.022876607
A29: PD2 | B29: Point 1 | C29: ='Salary Scales 1.10.23'!C29*1.0225 -> 51676.702 | D29: =C29*0.1105 -> 5710.2756 | E29: =C29*20% -> 10335.34 | F29: =C29+D29+E29 -> 67722.318 | J29: =C29-'Salary Scales 1.10.23'!C29 -> 1137.1401 | K29: =J29/'Salary Scales 1.10.23'!C29 -> 0.0225
B30: Point 2 | C30: ='Salary Scales 1.10.23'!C30*1.0225 -> 53129.823 | D30: =C30*0.1105 -> 5870.8455 | E30: =C30*20% -> 10625.965 | F30: =C30+D30+E30 -> 69626.634 | J30: =C30-'Salary Scales 1.10.23'!C30 -> 1169.1159 | K30: =J30/'Salary Scales 1.10.23'!C30 -> 0.0225
B31: Point 3 | C31: ='Salary Scales 1.10.23'!C31*1.0225 -> 54641.938 | D31: =C31*0.1105 -> 6037.9341 | E31: =C31*20% -> 10928.388 | F31: =C31+D31+E31 -> 71608.259 | H31: * EU defines PhD equivalent 4 years fulltime research after primary degree | J31: =C31-'Salary Scales 1.10.23'!C31 -> 1202.3898 | K31: =J31/'Salary Scales 1.10.23'!C31 -> 0.0225
B32: Point 4 | C32: ='Salary Scales 1.10.23'!C32*1.0225 -> 56202.218 | D32: =C32*0.1105 -> 6210.3451 | E32: =C32*20% -> 11240.444 | F32: =C32+D32+E32 -> 73653.007 | J32: =C32-'Salary Scales 1.10.23'!C32 -> 1236.7236 | K32: =J32/'Salary Scales 1.10.23'!C32 -> 0.0225
A33: Research Fellow | B33: Point 1 | C33: ='Salary Scales 1.10.23'!C33*1.0225 -> 62697.563 | D33: =C33*0.1105 -> 6928.0808 | E33: =C33*20% -> 12539.513 | F33: =C33+D33+E33 -> 82165.157 | H33: Experience: The appointed candidate will generally have 4-6 years postdoctoral research experience. | J33: =C33-'Salary Scales 1.10.23'!C33 -> 1379.653 | K33: =J33/'Salary Scales 1.10.23'!C33 -> 0.0225
B34: Point 2 | C34: ='Salary Scales 1.10.23'!C34*1.0225 -> 64516.073 | D34: =C34*0.1105 -> 7129.0261 | E34: =C34*20% -> 12903.215 | F34: =C34+D34+E34 -> 84548.314 | H34: Qualification: Minimum of PhD, or exceptionally, equivalent* research experience (including industrial R&D) | J34: =C34-'Salary Scales 1.10.23'!C34 -> 1419.6691 | K34: =J34/'Salary Scales 1.10.23'!C34 -> 0.0225
B35: Point 3 | C35: ='Salary Scales 1.10.23'!C35*1.0225 -> 66389.293 | D35: =C35*0.1105 -> 7336.0169 | E35: =C35*20% -> 13277.859 | F35: =C35+D35+E35 -> 87003.169 | H35: Purpose of Role: Design & implement a specific research programme/s in association with a PI. This role is a prestigious role which represents a step change from Post-Doctoral researcher roles. | J35: =C35-'Salary Scales 1.10.23'!C35 -> 1460.8891 | K35: =J35/'Salary Scales 1.10.23'!C35 -> 0.0225
B36: Point 4 | C36: ='Salary Scales 1.10.23'!C36*1.0225 -> 68318.413 | D36: =C36*0.1105 -> 7549.1846 | E36: =C36*20% -> 13663.683 | F36: =C36+D36+E36 -> 89531.28 | J36: =C36-'Salary Scales 1.10.23'!C36 -> 1503.3392 | K36: =J36/'Salary Scales 1.10.23'!C36 -> 0.0225
A37: Senior Research Fellow | B37: Point 1 | C37: ='Salary Scales 1.10.23'!C37*1.0225 -> 76266.812 | D37: =C37*0.1105 -> 8427.4827 | E37: =C37*20% -> 15253.362 | F37: =C37+D37+E37 -> 99947.657 | J37: =C37-'Salary Scales 1.10.23'!C37 -> 1678.2428 | K37: =J37/'Salary Scales 1.10.23'!C37 -> 0.0225
B38: Point 2 | C38: ='Salary Scales 1.10.23'!C38*1.0225 -> 78492.078 | D38: =C38*0.1105 -> 8673.3746 | E38: =C38*20% -> 15698.416 | F38: =C38+D38+E38 -> 102863.87 | H38: Purpose of Role: This role reflects the EU Framework Level 4 role of ‘Leading Researcher’, which is described as: “a researcher leading their research area or field. It would include the team leader of a research group ... In particular disciplines as an exception, leading researchers may include individuals who operate as lone researchers”. | J38: =C38-'Salary Scales 1.10.23'!C38 -> 1727.2095 | K38: =J38/'Salary Scales 1.10.23'!C38 -> 0.0225
B39: Point 3 | C39: ='Salary Scales 1.10.23'!C39*1.0225 -> 79549.407 | D39: =C39*0.1105 -> 8790.2094 | E39: =C39*20% -> 15909.881 | F39: =C39+D39+E39 -> 104249.5 | J39: =C39-'Salary Scales 1.10.23'!C39 -> 1750.4759 | K39: =J39/'Salary Scales 1.10.23'!C39 -> 0.0225
B40: Point 4 | C40: ='Salary Scales 1.10.23'!C40*1.0225 -> 81847.223 | D40: =C40*0.1105 -> 9044.1182 | E40: =C40*20% -> 16369.445 | F40: =C40+D40+E40 -> 107260.79 | J40: =C40-'Salary Scales 1.10.23'!C40 -> 1801.0391 | K40: =J40/'Salary Scales 1.10.23'!C40 -> 0.0225
A42: Under the terms of the Public Service Agreement 2024 - 2026, the following pay adjustments apply: • A general round increase in annualised basic salary for all public servants of 2.25% or €1,125, whichever is greater, on 1 January 2024. • A general round increase in annualised basic salary for all public servants of 1% on 1 June 2024. • A general round increase in annualised basic salary for all public servants of 1% or €500, whichever is greater, on 1 October 2024. • A general round increase in annualised basic salary for all public servants of 2% or €1,000, whichever is greater, on 1 March 2025. • A general round increase in annualised basic salary for all public servants of 1% on 1 August 2025. • A general round increase in annualised basic salary for all public servants of 1% or €500, whichever is greater, on 1 February 2026. • A general round increase in annualised basic salary for all public servants of 1% on 1 June 2026.
A45: HOW TO USE THE GUIDELINES
A46: A. Decide on the appropriate grading of the research post (Column 1)
A48: B. Allow for Annual Salary Scale point increases.
A50: C. In general, additional ANNUAL costs to your budget, as an employer will be employers PRSI contribution and pension costs. The employers PRSI contribution is 11.05%. In accordance with the Employment Control Framework, and in recognition of the fact that staff in contract research and other externally funded posts have entitlements to future pension benefits which is a deferred cost or liability for the Exchequer, any such new posts created or any renewal / renegotiation of existing contracts must include an employer’s pension contribution charge of 20% of gross pay. You should contact your own university for information on the pension scheme for contract researchers.

Sheet Salary Scales 01.06.24
A1: Guidelines for Contract Researchers Salary Scales
A2: Applicable from 1st June 2024
C3: Researcher Salary Scales (Applicable from 1st June 2024)
C4: GROSS SALARY | D4: Obligatory contribution | E4: Obligatory contribution | F4: Budget amount | H4: You are obliged under the Fixed Term Workers Act (2003) to provide Pension Costs for temporary and contract staff. In accordance with the Employment Control Framework, and in recognition of the fact that staff in contract research and other externally funded posts have entitlements to future pension benefits which is a deferred cost or liability for the Exchequer, any such new posts created or any renewal / renegotiation of existing contracts must include an employer’s pension contribution charge of 20% of gross pay. This represents the estimated contribution required from the project funder, in addition to the employee’s own personal pension contribution, to cover the deferred cost to the Exchequer of future pension entitlements.
A5: Column 1 | C5: Column 2 | D5: Column 3 | E5: Column 3 | F5: Column 4
A6: Researcher Salary Scales | C6: Gross Salary/ annum (€) | D6: Employer's PRSI @ 11.05% (€) | E6: Employer's Pension @ 20% (€) | F6: Annual cost to budget (€) | H6: HOW MUCH SHOULD I PAY?
H7: The salary scale for the role will relate to the grading of the post, as defined in the Researcher Career Development and Employment Framework. These are the expected qualifications and experience appropriate for this level of remuneration.
A8: Research Assistant | B8: Point 1 | C8: ='Salary Scales 01.01.24'!C8*1.01 -> 31461.802 | D8: =C8*0.1105 -> 3476.5291 | E8: =C8*20% -> 6292.3604 | F8: =C8+D8+E8 -> 41230.691 | J8: =C8-'Salary Scales 01.01.24'!C8 -> 311.50299 | K8: =J8/'Salary Scales 01.01.24'!C8 -> 0.01
B9: Point 2 | C9: ='Salary Scales 01.01.24'!C9*1.01 -> 32282.222 | D9: =C9*0.1105 -> 3567.1856 | E9: =C9*20% -> 6456.4445 | F9: =C9+D9+E9 -> 42305.852 | J9: =C9-'Salary Scales 01.01.24'!C9 -> 319.62596 | K9: =J9/'Salary Scales 01.01.24'!C9 -> 0.01
B10: Point 3 | C10: ='Salary Scales 01.01.24'!C10*1.01 -> 32702.621 | D10: =C10*0.1105 -> 3613.6397 | E10: =C10*20% -> 6540.5243 | F10: =C10+D10+E10 -> 42856.785 | J10: =C10-'Salary Scales 01.01.24'!C10 -> 323.78833 | K10: =J10/'Salary Scales 01.01.24'!C10 -> 0.01
B11: Point 4 | C11: ='Salary Scales 01.01.24'!C11*1.01 -> 33562.227 | D11: =C11*0.1105 -> 3708.6261 | E11: =C11*20% -> 6712.4453 | F11: =C11+D11+E11 -> 43983.298 | J11: =C11-'Salary Scales 01.01.24'!C11 -> 332.29927 | K11: =J11/'Salary Scales 01.01.24'!C11 -> 0.01
B12: Point 5 | C12: ='Salary Scales 01.01.24'!C12*1.01 -> 34445.281 | D12: =C12*0.1105 -> 3806.2036 | E12: =C12*20% -> 6889.0562 | F12: =C12+D12+E12 -> 45140.541 | H12: Purpose of the role: to assist in the performance of research. . | J12: =C12-'Salary Scales 01.01.24'!C12 -> 341.04239 | K12: =J12/'Salary Scales 01.01.24'!C12 -> 0.01
B13: Point 6 | C13: ='Salary Scales 01.01.24'!C13*1.01 -> 35355.953 | D13: =C13*0.1105 -> 3906.8328 | E13: =C13*20% -> 7071.1906 | F13: =C13+D13+E13 -> 46333.977 | J13: =C13-'Salary Scales 01.01.24'!C13 -> 350.05894 | K13: =J13/'Salary Scales 01.01.24'!C13 -> 0.01
B14: Point 7 | C14: ='Salary Scales 01.01.24'!C14*1.01 -> 36296.037 | D14: =C14*0.1105 -> 4010.7121 | E14: =C14*20% -> 7259.2074 | F14: =C14+D14+E14 -> 47565.956 | J14: =C14-'Salary Scales 01.01.24'!C14 -> 359.3667 | K14: =J14/'Salary Scales 01.01.24'!C14 -> 0.01
B15: Point 8 | C15: ='Salary Scales 01.01.24'!C15*1.01 -> 36919.255 | D15: =C15*0.1105 -> 4079.5777 | E15: =C15*20% -> 7383.851 | F15: =C15+D15+E15 -> 48382.684 | H15: Qualifications and Experience: Minimum of primary Degree in relevant discipline with little or no research experience. | J15: =C15-'Salary Scales 01.01.24'!C15 -> 365.53718 | K15: =J15/'Salary Scales 01.01.24'!C15 -> 0.01
B16: Point 9 | C16: ='Salary Scales 01.01.24'!C16*1.01 -> 37878.51 | D16: =C16*0.1105 -> 4185.5754 | E16: =C16*20% -> 7575.7021 | F16: =C16+D16+E16 -> 49639.788 | J16: =C16-'Salary Scales 01.01.24'!C16 -> 375.03476 | K16: =J16/'Salary Scales 01.01.24'!C16 -> 0.01
B17: Point 10 | C17: ='Salary Scales 01.01.24'!C17*1.01 -> 38688.088 | D17: =C17*0.1105 -> 4275.0337 | E17: =C17*20% -> 7737.6175 | F17: =C17+D17+E17 -> 50700.739 | J17: =C17-'Salary Scales 01.01.24'!C17 -> 383.05037 | K17: =J17/'Salary Scales 01.01.24'!C17 -> 0.01
B18: Point 11 | C18: ='Salary Scales 01.01.24'!C18*1.01 -> 39347.313 | D18: =C18*0.1105 -> 4347.878 | E18: =C18*20% -> 7869.4625 | F18: =C18+D18+E18 -> 51564.653 | J18: =C18-'Salary Scales 01.01.24'!C18 -> 389.57735 | K18: =J18/'Salary Scales 01.01.24'!C18 -> 0.01
B19: Point 12 | C19: ='Salary Scales 01.01.24'!C19*1.01 -> 40379.834 | D19: =C19*0.1105 -> 4461.9716 | E19: =C19*20% -> 8075.9667 | F19: =C19+D19+E19 -> 52917.772 | J19: =C19-'Salary Scales 01.01.24'!C19 -> 399.80033 | K19: =J19/'Salary Scales 01.01.24'!C19 -> 0.01
B20: Point 13 | C20: ='Salary Scales 01.01.24'!C20*1.01 -> 41442.99 | D20: =C20*0.1105 -> 4579.4504 | E20: =C20*20% -> 8288.598 | F20: =C20+D20+E20 -> 54311.038 | J20: =C20-'Salary Scales 01.01.24'!C20 -> 410.32663 | K20: =J20/'Salary Scales 01.01.24'!C20 -> 0.01
A21: Post-Doctoral Researcher
A22: PD1 | B22: Point 1 | C22: ='Salary Scales 01.01.24'!C22*1.01 -> 44346.915 | D22: =C22*0.1105 -> 4900.3341 | E22: =C22*20% -> 8869.3831 | F22: =C22+D22+E22 -> 58116.633 | J22: =C22-'Salary Scales 01.01.24'!C22 -> 439.07837 | K22: =J22/'Salary Scales 01.01.24'!C22 -> 0.01
B23: Point 2 | C23: ='Salary Scales 01.01.24'!C23*1.01 -> 44940.74 | D23: =C23*0.1105 -> 4965.9517 | E23: =C23*20% -> 8988.1479 | F23: =C23+D23+E23 -> 58894.839 | H23: Purpose of the Role: to conduct a specified programme of research under supervision of a PI while developing skills and competencies with respect to the role and future career options. | J23: =C23-'Salary Scales 01.01.24'!C23 -> 444.95782 | K23: =J23/'Salary Scales 01.01.24'!C23 -> 0.01
B24: Point 3 | C24: ='Salary Scales 01.01.24'!C24*1.01 -> 46911.947 | D24: =C24*0.1105 -> 5183.7701 | E24: =C24*20% -> 9382.3894 | F24: =C24+D24+E24 -> 61478.106 | J24: =C24-'Salary Scales 01.01.24'!C24 -> 464.47472 | K24: =J24/'Salary Scales 01.01.24'!C24 -> 0.01
B25: Point 4 | C25: ='Salary Scales 01.01.24'!C25*1.01 -> 48171.396 | D25: =C25*0.1105 -> 5322.9392 | E25: =C25*20% -> 9634.2791 | F25: =C25+D25+E25 -> 63128.614 | H25: Qualification: Minimum of PhD, or exceptionally, equivalent* research experience (including industrial R&D). | J25: =C25-'Salary Scales 01.01.24'!C25 -> 476.94451 | K25: =J25/'Salary Scales 01.01.24'!C25 -> 0.01
B26: Point 5 | C26: ='Salary Scales 01.01.24'!C26*1.01 -> 49468.287 | D26: =C26*0.1105 -> 5466.2457 | E26: =C26*20% -> 9893.6575 | F26: =C26+D26+E26 -> 64828.19 | J26: =C26-'Salary Scales 01.01.24'!C26 -> 489.78502 | K26: =J26/'Salary Scales 01.01.24'!C26 -> 0.01
B27: Point 6 | C27: ='Salary Scales 01.01.24'!C27*1.01 -> 50804.891 | D27: =C27*0.1105 -> 5613.9405 | E27: =C27*20% -> 10160.978 | F27: =C27+D27+E27 -> 66579.81 | H27: Purpose of Role: to conduct a specified programme of research under supervision of a PI while also supervising PhD students and PD1s. Continuing to develop skills and competencies with respect to the role and future career options. | J27: =C27-'Salary Scales 01.01.24'!C27 -> 503.01873 | K27: =J27/'Salary Scales 01.01.24'!C27 -> 0.01
A29: PD2 | B29: Point 1 | C29: ='Salary Scales 01.01.24'!C29*1.01 -> 52193.469 | D29: =C29*0.1105 -> 5767.3784 | E29: =C29*20% -> 10438.694 | F29: =C29+D29+E29 -> 68399.541 | J29: =C29-'Salary Scales 01.01.24'!C29 -> 516.76702 | K29: =J29/'Salary Scales 01.01.24'!C29 -> 0.01
B30: Point 2 | C30: ='Salary Scales 01.01.24'!C30*1.01 -> 53661.122 | D30: =C30*0.1105 -> 5929.5539 | E30: =C30*20% -> 10732.224 | F30: =C30+D30+E30 -> 70322.9 | J30: =C30-'Salary Scales 01.01.24'!C30 -> 531.29823 | K30: =J30/'Salary Scales 01.01.24'!C30 -> 0.01
B31: Point 3 | C31: ='Salary Scales 01.01.24'!C31*1.01 -> 55188.357 | D31: =C31*0.1105 -> 6098.3134 | E31: =C31*20% -> 11037.671 | F31: =C31+D31+E31 -> 72324.342 | H31: * EU defines PhD equivalent 4 years fulltime research after primary degree | J31: =C31-'Salary Scales 01.01.24'!C31 -> 546.41938 | K31: =J31/'Salary Scales 01.01.24'!C31 -> 0.01
B32: Point 4 | C32: ='Salary Scales 01.01.24'!C32*1.01 -> 56764.24 | D32: =C32*0.1105 -> 6272.4486 | E32: =C32*20% -> 11352.848 | F32: =C32+D32+E32 -> 74389.537 | J32: =C32-'Salary Scales 01.01.24'!C32 -> 562.02218 | K32: =J32/'Salary Scales 01.01.24'!C32 -> 0.01
A33: Research Fellow | B33: Point 1 | C33: ='Salary Scales 01.01.24'!C33*1.01 -> 63324.539 | D33: =C33*0.1105 -> 6997.3616 | E33: =C33*20% -> 12664.908 | F33: =C33+D33+E33 -> 82986.808 | H33: Experience: The appointed candidate will generally have 4-6 years postdoctoral research experience. | J33: =C33-'Salary Scales 01.01.24'!C33 -> 626.97563 | K33: =J33/'Salary Scales 01.01.24'!C33 -> 0.01
B34: Point 2 | C34: ='Salary Scales 01.01.24'!C34*1.01 -> 65161.234 | D34: =C34*0.1105 -> 7200.3164 | E34: =C34*20% -> 13032.247 | F34: =C34+D34+E34 -> 85393.797 | H34: Qualification: Minimum of PhD, or exceptionally, equivalent* research experience (including industrial R&D) | J34: =C34-'Salary Scales 01.01.24'!C34 -> 645.16073 | K34: =J34/'Salary Scales 01.01.24'!C34 -> 0.01
B35: Point 3 | C35: ='Salary Scales 01.01.24'!C35*1.01 -> 67053.186 | D35: =C35*0.1105 -> 7409.3771 | E35: =C35*20% -> 13410.637 | F35: =C35+D35+E35 -> 87873.201 | H35: Purpose of Role: Design & implement a specific research programme/s in association with a PI. This role is a prestigious role which represents a step change from Post-Doctoral researcher roles. | J35: =C35-'Salary Scales 01.01.24'!C35 -> 663.89293 | K35: =J35/'Salary Scales 01.01.24'!C35 -> 0.01
B36: Point 4 | C36: ='Salary Scales 01.01.24'!C36*1.01 -> 69001.597 | D36: =C36*0.1105 -> 7624.6764 | E36: =C36*20% -> 13800.319 | F36: =C36+D36+E36 -> 90426.592 | J36: =C36-'Salary Scales 01.01.24'!C36 -> 683.18413 | K36: =J36/'Salary Scales 01.01.24'!C36 -> 0.01
A37: Senior Research Fellow | B37: Point 1 | C37: ='Salary Scales 01.01.24'!C37*1.01 -> 77029.48 | D37: =C37*0.1105 -> 8511.7575 | E37: =C37*20% -> 15405.896 | F37: =C37+D37+E37 -> 100947.13 | J37: =C37-'Salary Scales 01.01.24'!C37 -> 762.66812 | K37: =J37/'Salary Scales 01.01.24'!C37 -> 0.01
B38: Point 2 | C38: ='Salary Scales 01.01.24'!C38*1.01 -> 79276.999 | D38: =C38*0.1105 -> 8760.1084 | E38: =C38*20% -> 15855.4 | F38: =C38+D38+E38 -> 103892.51 | H38: Purpose of Role: This role reflects the EU Framework Level 4 role of ‘Leading Researcher’, which is described as: “a researcher leading their research area or field. It would include the team leader of a research group ... In particular disciplines as an exception, leading researchers may include individuals who operate as lone researchers”. | J38: =C38-'Salary Scales 01.01.24'!C38 -> 784.92078 | K38: =J38/'Salary Scales 01.01.24'!C38 -> 0.01
B39: Point 3 | C39: ='Salary Scales 01.01.24'!C39*1.01 -> 80344.901 | D39: =C39*0.1105 -> 8878.1115 | E39: =C39*20% -> 16068.98 | F39: =C39+D39+E39 -> 105291.99 | J39: =C39-'Salary Scales 01.01.24'!C39 -> 795.49407 | K39: =J39/'Salary Scales 01.01.24'!C39 -> 0.01
B40: Point 4 | C40: ='Salary Scales 01.01.24'!C40*1.01 -> 82665.695 | D40: =C40*0.1105 -> 9134.5594 | E40: =C40*20% -> 16533.139 | F40: =C40+D40+E40 -> 108333.39 | J40: =C40-'Salary Scales 01.01.24'!C40 -> 818.47223 | K40: =J40/'Salary Scales 01.01.24'!C40 -> 0.01
A42: Under the terms of the Public Service Agreement 2024 - 2026, the following pay adjustments apply: • A general round increase in annualised basic salary for all public servants of 2.25% or €1,125, whichever is greater, on 1 January 2024. • A general round increase in annualised basic salary for all public servants of 1% on 1 June 2024. • A general round increase in annualised basic salary for all public servants of 1% or €500, whichever is greater, on 1 October 2024. • A general round increase in annualised basic salary for all public servants of 2% or €1,000, whichever is greater, on 1 March 2025. • A general round increase in annualised basic salary for all public servants of 1% on 1 August 2025. • A general round increase in annualised basic salary for all public servants of 1% or €500, whichever is greater, on 1 February 2026. • A general round increase in annualised basic salary for all public servants of 1% on 1 June 2026.
A45: HOW TO USE THE GUIDELINES
A46: A. Decide on the appropriate grading of the research post (Column 1)
A48: B. Allow for Annual Salary Scale point increases.
A50: C. In general, additional ANNUAL costs to your budget, as an employer will be employers PRSI contribution and pension costs. The employers PRSI contribution is 11.05%. In accordance with the Employment Control Framework, and in recognition of the fact that staff in contract research and other externally funded posts have entitlements to future pension benefits which is a deferred cost or liability for the Exchequer, any such new posts created or any renewal / renegotiation of existing contracts must include an employer’s pension contribution charge of 20% of gross pay. You should contact your own university for information on the pension scheme for contract researchers.

Sheet Salary Scales 01.10.24
A1: Guidelines for Contract Researchers Salary Scales
A2: Applicable from 1st October 2024
C3: Researcher Salary Scales (Applicable from 1st October 2024)
C4: GROSS SALARY | D4: Obligatory contribution | E4: Obligatory contribution | F4: Budget amount | H4: You are obliged under the Fixed Term Workers Act (2003) to provide Pension Costs for temporary and contract staff. In accordance with the Employment Control Framework, and in recognition of the fact that staff in contract research and other externally funded posts have entitlements to future pension benefits which is a deferred cost or liability for the Exchequer, any such new posts created or any renewal / renegotiation of existing contracts must include an employer’s pension contribution charge of 20% of gross pay. This represents the estimated contribution required from the project funder, in addition to the employee’s own personal pension contribution, to cover the deferred cost to the Exchequer of future pension entitlements.
A5: Column 1 | C5: Column 2 | D5: Column 3 | E5: Column 3 | F5: Column 4
A6: Researcher Salary Scales | C6: Gross Salary/ annum (€) | D6: Employer's PRSI @ 11.15% (€) | E6: Employer's Pension @ 20% (€) | F6: Annual cost to budget (€) | H6: HOW MUCH SHOULD I PAY?
H7: The salary scale for the role will relate to the grading of the post, as defined in the Researcher Career Development and Employment Framework. These are the expected qualifications and experience appropriate for this level of remuneration.
A8: Research Assistant | B8: Point 1 | C8: ='Salary Scales 01.06.24'!C8+500 -> 31961.802 | D8: =C8*0.1115 -> 3563.7409 | E8: =C8*20% -> 6392.3604 | F8: =C8+D8+E8 -> 41917.903 | J8: =C8-'Salary Scales 01.06.24'!C8 -> 500 | K8: =J8/'Salary Scales 01.06.24'!C8 -> 0.015892287
B9: Point 2 | C9: ='Salary Scales 01.06.24'!C9+500 -> 32782.222 | D9: =C9*0.1115 -> 3655.2178 | E9: =C9*20% -> 6556.4445 | F9: =C9+D9+E9 -> 42993.885 | J9: =C9-'Salary Scales 01.06.24'!C9 -> 500 | K9: =J9/'Salary Scales 01.06.24'!C9 -> 0.015488401
B10: Point 3 | C10: ='Salary Scales 01.06.24'!C10+500 -> 33202.621 | D10: =C10*0.1115 -> 3702.0923 | E10: =C10*20% -> 6640.5243 | F10: =C10+D10+E10 -> 43545.238 | J10: =C10-'Salary Scales 01.06.24'!C10 -> 500 | K10: =J10/'Salary Scales 01.06.24'!C10 -> 0.015289294
B11: Point 4 | C11: ='Salary Scales 01.06.24'!C11+500 -> 34062.227 | D11: =C11*0.1115 -> 3797.9383 | E11: =C11*20% -> 6812.4453 | F11: =C11+D11+E11 -> 44672.61 | J11: =C11-'Salary Scales 01.06.24'!C11 -> 500 | K11: =J11/'Salary Scales 01.06.24'!C11 -> 0.0148977
B12: Point 5 | C12: ='Salary Scales 01.06.24'!C12+500 -> 34945.281 | D12: =C12*0.1115 -> 3896.3988 | E12: =C12*20% -> 6989.0562 | F12: =C12+D12+E12 -> 45830.736 | H12: Purpose of the role: to assist in the performance of research. . | J12: =C12-'Salary Scales 01.06.24'!C12 -> 500 | K12: =J12/'Salary Scales 01.06.24'!C12 -> 0.014515776
B13: Point 6 | C13: ='Salary Scales 01.06.24'!C13+500 -> 35855.953 | D13: =C13*0.1115 -> 3997.9388 | E13: =C13*20% -> 7171.1906 | F13: =C13+D13+E13 -> 47025.083 | J13: =C13-'Salary Scales 01.06.24'!C13 -> 500 | K13: =J13/'Salary Scales 01.06.24'!C13 -> 0.01414189
B14: Point 7 | C14: ='Salary Scales 01.06.24'!C14+500 -> 36796.037 | D14: =C14*0.1115 -> 4102.7581 | E14: =C14*20% -> 7359.2074 | F14: =C14+D14+E14 -> 48258.002 | J14: =C14-'Salary Scales 01.06.24'!C14 -> 500 | K14: =J14/'Salary Scales 01.06.24'!C14 -> 0.013775609
B15: Point 8 | C15: ='Salary Scales 01.06.24'!C15+500 -> 37419.255 | D15: =C15*0.1115 -> 4172.2469 | E15: =C15*20% -> 7483.851 | F15: =C15+D15+E15 -> 49075.353 | H15: Qualifications and Experience: Minimum of primary Degree in relevant discipline with little or no research experience. | J15: =C15-'Salary Scales 01.06.24'!C15 -> 500 | K15: =J15/'Salary Scales 01.06.24'!C15 -> 0.013543069
B16: Point 9 | C16: ='Salary Scales 01.06.24'!C16+500 -> 38378.51 | D16: =C16*0.1115 -> 4279.2039 | E16: =C16*20% -> 7675.7021 | F16: =C16+D16+E16 -> 50333.416 | J16: =C16-'Salary Scales 01.06.24'!C16 -> 500 | K16: =J16/'Salary Scales 01.06.24'!C16 -> 0.013200097
B17: Point 10 | C17: ='Salary Scales 01.06.24'!C17+500 -> 39188.088 | D17: =C17*0.1115 -> 4369.4718 | E17: =C17*20% -> 7837.6175 | F17: =C17+D17+E17 -> 51395.177 | J17: =C17-'Salary Scales 01.06.24'!C17 -> 500 | K17: =J17/'Salary Scales 01.06.24'!C17 -> 0.012923875
B18: Point 11 | C18: ='Salary Scales 01.06.24'!C18+500 -> 39847.313 | D18: =C18*0.1115 -> 4442.9754 | E18: =C18*20% -> 7969.4625 | F18: =C18+D18+E18 -> 52259.751 | J18: =C18-'Salary Scales 01.06.24'!C18 -> 500 | K18: =J18/'Salary Scales 01.06.24'!C18 -> 0.012707348
B19: Point 12 | C19: ='Salary Scales 01.06.24'!C19+500 -> 40879.834 | D19: =C19*0.1115 -> 4558.1014 | E19: =C19*20% -> 8175.9667 | F19: =C19+D19+E19 -> 53613.902 | J19: =C19-'Salary Scales 01.06.24'!C19 -> 500 | K19: =J19/'Salary Scales 01.06.24'!C19 -> 0.012382419
B20: Point 13 | C20: ='Salary Scales 01.06.24'!C20+500 -> 41942.99 | D20: =C20*0.1115 -> 4676.6434 | E20: =C20*20% -> 8388.598 | F20: =C20+D20+E20 -> 55008.231 | J20: =C20-'Salary Scales 01.06.24'!C20 -> 500 | K20: =J20/'Salary Scales 01.06.24'!C20 -> 0.012064767
A21: Post-Doctoral Researcher
A22: PD1 | B22: Point 1 | C22: ='Salary Scales 01.06.24'!C22+500 -> 44846.915 | D22: =C22*0.1115 -> 5000.4311 | E22: =C22*20% -> 8969.3831 | F22: =C22+D22+E22 -> 58816.729 | J22: =C22-'Salary Scales 01.06.24'!C22 -> 500 | K22: =J22/'Salary Scales 01.06.24'!C22 -> 0.011274741
B23: Point 2 | C23: ='Salary Scales 01.06.24'!C23+500 -> 45440.74 | D23: =C23*0.1115 -> 5066.6425 | E23: =C23*20% -> 9088.1479 | F23: =C23+D23+E23 -> 59595.53 | H23: Purpose of the Role: to conduct a specified programme of research under supervision of a PI while developing skills and competencies with respect to the role and future career options. | J23: =C23-'Salary Scales 01.06.24'!C23 -> 500 | K23: =J23/'Salary Scales 01.06.24'!C23 -> 0.011125763
B24: Point 3 | C24: ='Salary Scales 01.06.24'!C24+500 -> 47411.947 | D24: =C24*0.1115 -> 5286.4321 | E24: =C24*20% -> 9482.3894 | F24: =C24+D24+E24 -> 62180.768 | J24: =C24-'Salary Scales 01.06.24'!C24 -> 500 | K24: =J24/'Salary Scales 01.06.24'!C24 -> 0.010658266
B25: Point 4 | C25: ='Salary Scales 01.06.24'!C25+500 -> 48671.396 | D25: =C25*0.1115 -> 5426.8606 | E25: =C25*20% -> 9734.2791 | F25: =C25+D25+E25 -> 63832.535 | H25: Qualification: Minimum of PhD, or exceptionally, equivalent* research experience (including industrial R&D). | J25: =C25-'Salary Scales 01.06.24'!C25 -> 500 | K25: =J25/'Salary Scales 01.06.24'!C25 -> 0.010379604
B26: Point 5 | C26: ='Salary Scales 01.06.24'!C26+500 -> 49968.287 | D26: =C26*0.1115 -> 5571.464 | E26: =C26*20% -> 9993.6575 | F26: =C26+D26+E26 -> 65533.409 | J26: =C26-'Salary Scales 01.06.24'!C26 -> 500 | K26: =J26/'Salary Scales 01.06.24'!C26 -> 0.010107486
B27: Point 6 | C27: ='Salary Scales 01.06.24'!C27*1.01 -> 51312.94 | D27: =C27*0.1115 -> 5721.3928 | E27: =C27*20% -> 10262.588 | F27: =C27+D27+E27 -> 67296.921 | H27: Purpose of Role: to conduct a specified programme of research under supervision of a PI while also supervising PhD students and PD1s. Continuing to develop skills and competencies with respect to the role and future career options. | J27: =C27-'Salary Scales 01.06.24'!C27 -> 508.04891 | K27: =J27/'Salary Scales 01.06.24'!C27 -> 0.01
A29: PD2 | B29: Point 1 | C29: ='Salary Scales 01.06.24'!C29*1.01 -> 52715.404 | D29: =C29*0.1115 -> 5877.7675 | E29: =C29*20% -> 10543.081 | F29: =C29+D29+E29 -> 69136.252 | J29: =C29-'Salary Scales 01.06.24'!C29 -> 521.93469 | K29: =J29/'Salary Scales 01.06.24'!C29 -> 0.01
B30: Point 2 | C30: ='Salary Scales 01.06.24'!C30*1.01 -> 54197.733 | D30: =C30*0.1115 -> 6043.0472 | E30: =C30*20% -> 10839.547 | F30: =C30+D30+E30 -> 71080.327 | J30: =C30-'Salary Scales 01.06.24'!C30 -> 536.61122 | K30: =J30/'Salary Scales 01.06.24'!C30 -> 0.01
B31: Point 3 | C31: ='Salary Scales 01.06.24'!C31*1.01 -> 55740.24 | D31: =C31*0.1115 -> 6215.0368 | E31: =C31*20% -> 11148.048 | F31: =C31+D31+E31 -> 73103.325 | H31: * EU defines PhD equivalent 4 years fulltime research after primary degree | J31: =C31-'Salary Scales 01.06.24'!C31 -> 551.88357 | K31: =J31/'Salary Scales 01.06.24'!C31 -> 0.01
B32: Point 4 | C32: ='Salary Scales 01.06.24'!C32*1.01 -> 57331.883 | D32: =C32*0.1115 -> 6392.5049 | E32: =C32*20% -> 11466.377 | F32: =C32+D32+E32 -> 75190.764 | J32: =C32-'Salary Scales 01.06.24'!C32 -> 567.6424 | K32: =J32/'Salary Scales 01.06.24'!C32 -> 0.01
A33: Research Fellow | B33: Point 1 | C33: ='Salary Scales 01.06.24'!C33*1.01 -> 63957.784 | D33: =C33*0.1115 -> 7131.293 | E33: =C33*20% -> 12791.557 | F33: =C33+D33+E33 -> 83880.634 | H33: Experience: The appointed candidate will generally have 4-6 years postdoctoral research experience. | J33: =C33-'Salary Scales 01.06.24'!C33 -> 633.24539 | K33: =J33/'Salary Scales 01.06.24'!C33 -> 0.01
B34: Point 2 | C34: ='Salary Scales 01.06.24'!C34*1.01 -> 65812.847 | D34: =C34*0.1115 -> 7338.1324 | E34: =C34*20% -> 13162.569 | F34: =C34+D34+E34 -> 86313.548 | H34: Qualification: Minimum of PhD, or exceptionally, equivalent* research experience (including industrial R&D) | J34: =C34-'Salary Scales 01.06.24'!C34 -> 651.61234 | K34: =J34/'Salary Scales 01.06.24'!C34 -> 0.01
B35: Point 3 | C35: ='Salary Scales 01.06.24'!C35*1.01 -> 67723.718 | D35: =C35*0.1115 -> 7551.1946 | E35: =C35*20% -> 13544.744 | F35: =C35+D35+E35 -> 88819.656 | H35: Purpose of Role: Design & implement a specific research programme/s in association with a PI. This role is a prestigious role which represents a step change from Post-Doctoral researcher roles. | J35: =C35-'Salary Scales 01.06.24'!C35 -> 670.53186 | K35: =J35/'Salary Scales 01.06.24'!C35 -> 0.01
B36: Point 4 | C36: ='Salary Scales 01.06.24'!C36*1.01 -> 69691.613 | D36: =C36*0.1115 -> 7770.6148 | E36: =C36*20% -> 13938.323 | F36: =C36+D36+E36 -> 91400.55 | J36: =C36-'Salary Scales 01.06.24'!C36 -> 690.01597 | K36: =J36/'Salary Scales 01.06.24'!C36 -> 0.01
A37: Senior Research Fellow | B37: Point 1 | C37: ='Salary Scales 01.06.24'!C37*1.01 -> 77799.775 | D37: =C37*0.1115 -> 8674.6749 | E37: =C37*20% -> 15559.955 | F37: =C37+D37+E37 -> 102034.4 | J37: =C37-'Salary Scales 01.06.24'!C37 -> 770.2948 | K37: =J37/'Salary Scales 01.06.24'!C37 -> 0.01
B38: Point 2 | C38: ='Salary Scales 01.06.24'!C38*1.01 -> 80069.769 | D38: =C38*0.1115 -> 8927.7792 | E38: =C38*20% -> 16013.954 | F38: =C38+D38+E38 -> 105011.5 | H38: Purpose of Role: This role reflects the EU Framework Level 4 role of ‘Leading Researcher’, which is described as: “a researcher leading their research area or field. It would include the team leader of a research group ... In particular disciplines as an exception, leading researchers may include individuals who operate as lone researchers”. | J38: =C38-'Salary Scales 01.06.24'!C38 -> 792.76999 | K38: =J38/'Salary Scales 01.06.24'!C38 -> 0.01
B39: Point 3 | C39: ='Salary Scales 01.06.24'!C39*1.01 -> 81148.35 | D39: =C39*0.1115 -> 9048.041 | E39: =C39*20% -> 16229.67 | F39: =C39+D39+E39 -> 106426.06 | J39: =C39-'Salary Scales 01.06.24'!C39 -> 803.44901 | K39: =J39/'Salary Scales 01.06.24'!C39 -> 0.01
B40: Point 4 | C40: ='Salary Scales 01.06.24'!C40*1.01 -> 83492.352 | D40: =C40*0.1115 -> 9309.3973 | E40: =C40*20% -> 16698.47 | F40: =C40+D40+E40 -> 109500.22 | J40: =C40-'Salary Scales 01.06.24'!C40 -> 826.65695 | K40: =J40/'Salary Scales 01.06.24'!C40 -> 0.01
A42: Under the terms of the Public Service Agreement 2024 - 2026, the following pay adjustments apply: • A general round increase in annualised basic salary for all public servants of 2.25% or €1,125, whichever is greater, on 1 January 2024. • A general round increase in annualised basic salary for all public servants of 1% on 1 June 2024. • A general round increase in annualised basic salary for all public servants of 1% or €500, whichever is greater, on 1 October 2024. • A general round increase in annualised basic salary for all public servants of 2% or €1,000, whichever is greater, on 1 March 2025. • A general round increase in annualised basic salary for all public servants of 1% on 1 August 2025. • A general round increase in annualised basic salary for all public servants of 1% or €500, whichever is greater, on 1 February 2026. • A general round increase in annualised basic salary for all public servants of 1% on 1 June 2026.
A45: HOW TO USE THE GUIDELINES
A46: A. Decide on the appropriate grading of the research post (Column 1)
A48: B. Allow for Annual Salary Scale point increases.
A50: C. In general, additional ANNUAL costs to your budget, as an employer will be employers PRSI contribution and pension costs. The employers PRSI contribution is 11.15% effective 1 October 2024. In accordance with the Employment Control Framework, and in recognition of the fact that staff in contract research and other externally funded posts have entitlements to future pension benefits which is a deferred cost or liability for the Exchequer, any such new posts created or any renewal / renegotiation of existing contracts must include an employer’s pension contribution charge of 20% of gross pay. You should contact your own university for information on the pension scheme for contract researchers.

Sheet Salary Scales 01.03.25
A1: Guidelines for Contract Researchers Salary Scales
A2: Applicable from 1st March 2025
C3: Researcher Salary Scales (Applicable from 1st March 2025)
C4: GROSS SALARY | D4: Obligatory contribution | E4: Obligatory contribution | F4: Budget amount | H4: You are obliged under the Fixed Term Workers Act (2003) to provide Pension Costs for temporary and contract staff. In accordance with the Employment Control Framework, and in recognition of the fact that staff in contract research and other externally funded posts have entitlements to future pension benefits which is a deferred cost or liability for the Exchequer, any such new posts created or any renewal / renegotiation of existing contracts must include an employer’s pension contribution charge of 20% of gross pay. This represents the estimated contribution required from the project funder, in addition to the employee’s own personal pension contribution, to cover the deferred cost to the Exchequer of future pension entitlements.
A5: Column 1 | C5: Column 2 | D5: Column 3 | E5: Column 3 | F5: Column 4
A6: Researcher Salary Scales | C6: Gross Salary/ annum (€) | D6: Employer's PRSI @ 11.15% (€) | E6: Employer's Pension @ 20% (€) | F6: Annual cost to budget (€) | H6: HOW MUCH SHOULD I PAY?
H7: The salary scale for the role will relate to the grading of the post, as defined in the Researcher Career Development and Employment Framework. These are the expected qualifications and experience appropriate for this level of remuneration.
A8: Research Assistant | B8: Point 1 | C8: ='Salary Scales 01.10.24'!C8+1000 -> 32961.802 | D8: =C8*0.1115 -> 3675.2409 | E8: =C8*20% -> 6592.3604 | F8: =C8+D8+E8 -> 43229.403 | J8: =C8-'Salary Scales 01.10.24'!C8 -> 1000 | K8: =J8/'Salary Scales 01.10.24'!C8 -> 0.031287347
B9: Point 2 | C9: ='Salary Scales 01.10.24'!C9+1000 -> 33782.222 | D9: =C9*0.1115 -> 3766.7178 | E9: =C9*20% -> 6756.4445 | F9: =C9+D9+E9 -> 44305.385 | J9: =C9-'Salary Scales 01.10.24'!C9 -> 1000 | K9: =J9/'Salary Scales 01.10.24'!C9 -> 0.030504338
B10: Point 3 | C10: ='Salary Scales 01.10.24'!C10+1000 -> 34202.621 | D10: =C10*0.1115 -> 3813.5923 | E10: =C10*20% -> 6840.5243 | F10: =C10+D10+E10 -> 44856.738 | J10: =C10-'Salary Scales 01.10.24'!C10 -> 1000 | K10: =J10/'Salary Scales 01.10.24'!C10 -> 0.030118104
B11: Point 4 | C11: ='Salary Scales 01.10.24'!C11+1000 -> 35062.227 | D11: =C11*0.1115 -> 3909.4383 | E11: =C11*20% -> 7012.4453 | F11: =C11+D11+E11 -> 45984.11 | J11: =C11-'Salary Scales 01.10.24'!C11 -> 1000 | K11: =J11/'Salary Scales 01.10.24'!C11 -> 0.029358034
B12: Point 5 | C12: ='Salary Scales 01.10.24'!C12+1000 -> 35945.281 | D12: =C12*0.1115 -> 4007.8988 | E12: =C12*20% -> 7189.0562 | F12: =C12+D12+E12 -> 47142.236 | H12: Purpose of the role: to assist in the performance of research. . | J12: =C12-'Salary Scales 01.10.24'!C12 -> 1000 | K12: =J12/'Salary Scales 01.10.24'!C12 -> 0.028616167
B13: Point 6 | C13: ='Salary Scales 01.10.24'!C13+1000 -> 36855.953 | D13: =C13*0.1115 -> 4109.4388 | E13: =C13*20% -> 7371.1906 | F13: =C13+D13+E13 -> 48336.583 | J13: =C13-'Salary Scales 01.10.24'!C13 -> 1000 | K13: =J13/'Salary Scales 01.10.24'!C13 -> 0.027889372
B14: Point 7 | C14: ='Salary Scales 01.10.24'!C14+1000 -> 37796.037 | D14: =C14*0.1115 -> 4214.2581 | E14: =C14*20% -> 7559.2074 | F14: =C14+D14+E14 -> 49569.502 | J14: =C14-'Salary Scales 01.10.24'!C14 -> 1000 | K14: =J14/'Salary Scales 01.10.24'!C14 -> 0.02717684
B15: Point 8 | C15: ='Salary Scales 01.10.24'!C15+1000 -> 38419.255 | D15: =C15*0.1115 -> 4283.7469 | E15: =C15*20% -> 7683.851 | F15: =C15+D15+E15 -> 50386.853 | H15: Qualifications and Experience: Minimum of primary Degree in relevant discipline with little or no research experience. | J15: =C15-'Salary Scales 01.10.24'!C15 -> 1000 | K15: =J15/'Salary Scales 01.10.24'!C15 -> 0.026724209
B16: Point 9 | C16: ='Salary Scales 01.10.24'!C16+1000 -> 39378.51 | D16: =C16*0.1115 -> 4390.7039 | E16: =C16*20% -> 7875.7021 | F16: =C16+D16+E16 -> 51644.916 | J16: =C16-'Salary Scales 01.10.24'!C16 -> 1000 | K16: =J16/'Salary Scales 01.10.24'!C16 -> 0.026056248
B17: Point 10 | C17: ='Salary Scales 01.10.24'!C17+1000 -> 40188.088 | D17: =C17*0.1115 -> 4480.9718 | E17: =C17*20% -> 8037.6175 | F17: =C17+D17+E17 -> 52706.677 | J17: =C17-'Salary Scales 01.10.24'!C17 -> 1000 | K17: =J17/'Salary Scales 01.10.24'!C17 -> 0.025517959
B18: Point 11 | C18: ='Salary Scales 01.10.24'!C18+1000 -> 40847.313 | D18: =C18*0.1115 -> 4554.4754 | E18: =C18*20% -> 8169.4625 | F18: =C18+D18+E18 -> 53571.251 | J18: =C18-'Salary Scales 01.10.24'!C18 -> 1000 | K18: =J18/'Salary Scales 01.10.24'!C18 -> 0.025095795
B19: Point 12 | C19: ='Salary Scales 01.10.24'!C19+1000 -> 41879.834 | D19: =C19*0.1115 -> 4669.6014 | E19: =C19*20% -> 8375.9667 | F19: =C19+D19+E19 -> 54925.402 | J19: =C19-'Salary Scales 01.10.24'!C19 -> 1000 | K19: =J19/'Salary Scales 01.10.24'!C19 -> 0.024461939
B20: Point 13 | C20: ='Salary Scales 01.10.24'!C20+1000 -> 42942.99 | D20: =C20*0.1115 -> 4788.1434 | E20: =C20*20% -> 8588.598 | F20: =C20+D20+E20 -> 56319.731 | J20: =C20-'Salary Scales 01.10.24'!C20 -> 1000 | K20: =J20/'Salary Scales 01.10.24'!C20 -> 0.023841886
A21: Post-Doctoral Researcher
A22: PD1 | B22: Point 1 | C22: ='Salary Scales 01.10.24'!C22+1000 -> 45846.915 | D22: =C22*0.1115 -> 5111.9311 | E22: =C22*20% -> 9169.3831 | F22: =C22+D22+E22 -> 60128.229 | J22: =C22-'Salary Scales 01.10.24'!C22 -> 1000 | K22: =J22/'Salary Scales 01.10.24'!C22 -> 0.022298078
B23: Point 2 | C23: ='Salary Scales 01.10.24'!C23+1000 -> 46440.74 | D23: =C23*0.1115 -> 5178.1425 | E23: =C23*20% -> 9288.1479 | F23: =C23+D23+E23 -> 60907.03 | H23: Purpose of the Role: to conduct a specified programme of research under supervision of a PI while developing skills and competencies with respect to the role and future career options. | J23: =C23-'Salary Scales 01.10.24'!C23 -> 1000 | K23: =J23/'Salary Scales 01.10.24'!C23 -> 0.022006684
B24: Point 3 | C24: ='Salary Scales 01.10.24'!C24+1000 -> 48411.947 | D24: =C24*0.1115 -> 5397.9321 | E24: =C24*20% -> 9682.3894 | F24: =C24+D24+E24 -> 63492.268 | J24: =C24-'Salary Scales 01.10.24'!C24 -> 1000 | K24: =J24/'Salary Scales 01.10.24'!C24 -> 0.02109173
B25: Point 4 | C25: ='Salary Scales 01.10.24'!C25+1000 -> 49671.396 | D25: =C25*0.1115 -> 5538.3606 | E25: =C25*20% -> 9934.2791 | F25: =C25+D25+E25 -> 65144.035 | H25: Qualification: Minimum of PhD, or exceptionally, equivalent* research experience (including industrial R&D). | J25: =C25-'Salary Scales 01.10.24'!C25 -> 1000 | K25: =J25/'Salary Scales 01.10.24'!C25 -> 0.020545949
B26: Point 5 | C26: ='Salary Scales 01.10.24'!C26+1000 -> 50968.287 | D26: =C26*0.1115 -> 5682.964 | E26: =C26*20% -> 10193.657 | F26: =C26+D26+E26 -> 66844.909 | J26: =C26-'Salary Scales 01.10.24'!C26 -> 1000 | K26: =J26/'Salary Scales 01.10.24'!C26 -> 0.020012693
B27: Point 6 | C27: ='Salary Scales 01.10.24'!C27*1.02 -> 52339.199 | D27: =C27*0.1115 -> 5835.8207 | E27: =C27*20% -> 10467.84 | F27: =C27+D27+E27 -> 68642.86 | H27: Purpose of Role: to conduct a specified programme of research under supervision of a PI while also supervising PhD students and PD1s. Continuing to develop skills and competencies with respect to the role and future career options. | J27: =C27-'Salary Scales 01.10.24'!C27 -> 1026.2588 | K27: =J27/'Salary Scales 01.10.24'!C27 -> 0.02
A29: PD2 | B29: Point 1 | C29: ='Salary Scales 01.10.24'!C29*1.02 -> 53769.712 | D29: =C29*0.1115 -> 5995.3229 | E29: =C29*20% -> 10753.942 | F29: =C29+D29+E29 -> 70518.977 | J29: =C29-'Salary Scales 01.10.24'!C29 -> 1054.3081 | K29: =J29/'Salary Scales 01.10.24'!C29 -> 0.02
B30: Point 2 | C30: ='Salary Scales 01.10.24'!C30*1.02 -> 55281.688 | D30: =C30*0.1115 -> 6163.9082 | E30: =C30*20% -> 11056.338 | F30: =C30+D30+E30 -> 72501.933 | J30: =C30-'Salary Scales 01.10.24'!C30 -> 1083.9547 | K30: =J30/'Salary Scales 01.10.24'!C30 -> 0.02
B31: Point 3 | C31: ='Salary Scales 01.10.24'!C31*1.02 -> 56855.045 | D31: =C31*0.1115 -> 6339.3375 | E31: =C31*20% -> 11371.009 | F31: =C31+D31+E31 -> 74565.392 | H31: * EU defines PhD equivalent 4 years fulltime research after primary degree | J31: =C31-'Salary Scales 01.10.24'!C31 -> 1114.8048 | K31: =J31/'Salary Scales 01.10.24'!C31 -> 0.02
B32: Point 4 | C32: ='Salary Scales 01.10.24'!C32*1.02 -> 58478.52 | D32: =C32*0.1115 -> 6520.355 | E32: =C32*20% -> 11695.704 | F32: =C32+D32+E32 -> 76694.58 | J32: =C32-'Salary Scales 01.10.24'!C32 -> 1146.6377 | K32: =J32/'Salary Scales 01.10.24'!C32 -> 0.02
A33: Research Fellow | B33: Point 1 | C33: ='Salary Scales 01.10.24'!C33*1.02 -> 65236.94 | D33: =C33*0.1115 -> 7273.9188 | E33: =C33*20% -> 13047.388 | F33: =C33+D33+E33 -> 85558.247 | H33: Experience: The appointed candidate will generally have 4-6 years postdoctoral research experience. | J33: =C33-'Salary Scales 01.10.24'!C33 -> 1279.1557 | K33: =J33/'Salary Scales 01.10.24'!C33 -> 0.02
B34: Point 2 | C34: ='Salary Scales 01.10.24'!C34*1.02 -> 67129.103 | D34: =C34*0.1115 -> 7484.895 | E34: =C34*20% -> 13425.821 | F34: =C34+D34+E34 -> 88039.819 | H34: Qualification: Minimum of PhD, or exceptionally, equivalent* research experience (including industrial R&D) | J34: =C34-'Salary Scales 01.10.24'!C34 -> 1316.2569 | K34: =J34/'Salary Scales 01.10.24'!C34 -> 0.02
B35: Point 3 | C35: ='Salary Scales 01.10.24'!C35*1.02 -> 69078.193 | D35: =C35*0.1115 -> 7702.2185 | E35: =C35*20% -> 13815.639 | F35: =C35+D35+E35 -> 90596.049 | H35: Purpose of Role: Design & implement a specific research programme/s in association with a PI. This role is a prestigious role which represents a step change from Post-Doctoral researcher roles. | J35: =C35-'Salary Scales 01.10.24'!C35 -> 1354.4744 | K35: =J35/'Salary Scales 01.10.24'!C35 -> 0.02
B36: Point 4 | C36: ='Salary Scales 01.10.24'!C36*1.02 -> 71085.445 | D36: =C36*0.1115 -> 7926.0271 | E36: =C36*20% -> 14217.089 | F36: =C36+D36+E36 -> 93228.561 | J36: =C36-'Salary Scales 01.10.24'!C36 -> 1393.8323 | K36: =J36/'Salary Scales 01.10.24'!C36 -> 0.02
A37: Senior Research Fellow | B37: Point 1 | C37: ='Salary Scales 01.10.24'!C37*1.02 -> 79355.77 | D37: =C37*0.1115 -> 8848.1684 | E37: =C37*20% -> 15871.154 | F37: =C37+D37+E37 -> 104075.09 | J37: =C37-'Salary Scales 01.10.24'!C37 -> 1555.9955 | K37: =J37/'Salary Scales 01.10.24'!C37 -> 0.02
B38: Point 2 | C38: ='Salary Scales 01.10.24'!C38*1.02 -> 81671.164 | D38: =C38*0.1115 -> 9106.3348 | E38: =C38*20% -> 16334.233 | F38: =C38+D38+E38 -> 107111.73 | H38: Purpose of Role: This role reflects the EU Framework Level 4 role of ‘Leading Researcher’, which is described as: “a researcher leading their research area or field. It would include the team leader of a research group ... In particular disciplines as an exception, leading researchers may include individuals who operate as lone researchers”. | J38: =C38-'Salary Scales 01.10.24'!C38 -> 1601.3954 | K38: =J38/'Salary Scales 01.10.24'!C38 -> 0.02
B39: Point 3 | C39: ='Salary Scales 01.10.24'!C39*1.02 -> 82771.317 | D39: =C39*0.1115 -> 9229.0018 | E39: =C39*20% -> 16554.263 | F39: =C39+D39+E39 -> 108554.58 | J39: =C39-'Salary Scales 01.10.24'!C39 -> 1622.967 | K39: =J39/'Salary Scales 01.10.24'!C39 -> 0.02
B40: Point 4 | C40: ='Salary Scales 01.10.24'!C40*1.02 -> 85162.199 | D40: =C40*0.1115 -> 9495.5852 | E40: =C40*20% -> 17032.44 | F40: =C40+D40+E40 -> 111690.22 | J40: =C40-'Salary Scales 01.10.24'!C40 -> 1669.847 | K40: =J40/'Salary Scales 01.10.24'!C40 -> 0.02
A42: Under the terms of the Public Service Agreement 2024 - 2026, the following pay adjustments apply: • A general round increase in annualised basic salary for all public servants of 2.25% or €1,125, whichever is greater, on 1 January 2024. • A general round increase in annualised basic salary for all public servants of 1% on 1 June 2024. • A general round increase in annualised basic salary for all public servants of 1% or €500, whichever is greater, on 1 October 2024. • A general round increase in annualised basic salary for all public servants of 2% or €1,000, whichever is greater, on 1 March 2025. • A general round increase in annualised basic salary for all public servants of 1% on 1 August 2025. • A general round increase in annualised basic salary for all public servants of 1% or €500, whichever is greater, on 1 February 2026. • A general round increase in annualised basic salary for all public servants of 1% on 1 June 2026.
A45: HOW TO USE THE GUIDELINES
A46: A. Decide on the appropriate grading of the research post (Column 1)
A48: B. Allow for Annual Salary Scale point increases.
A50: C. In general, additional ANNUAL costs to your budget, as an employer will be employers PRSI contribution and pension costs. The employers PRSI contribution is 11.15% effective 1 October 2024. In accordance with the Employment Control Framework, and in recognition of the fact that staff in contract research and other externally funded posts have entitlements to future pension benefits which is a deferred cost or liability for the Exchequer, any such new posts created or any renewal / renegotiation of existing contracts must include an employer’s pension contribution charge of 20% of gross pay. You should contact your own university for information on the pension scheme for contract researchers.

Sheet Salary Scales 01.08.25
A1: Guidelines for Contract Researchers Salary Scales
A2: Applicable from 1st August 2025
C3: Researcher Salary Scales (Applicable from 1st August 2025)
C4: GROSS SALARY | D4: Obligatory contribution | E4: Obligatory contribution | F4: Budget amount | H4: You are obliged under the Fixed Term Workers Act (2003) to provide Pension Costs for temporary and contract staff. In accordance with the Employment Control Framework, and in recognition of the fact that staff in contract research and other externally funded posts have entitlements to future pension benefits which is a deferred cost or liability for the Exchequer, any such new posts created or any renewal / renegotiation of existing contracts must include an employer’s pension contribution charge of 20% of gross pay. This represents the estimated contribution required from the project funder, in addition to the employee’s own personal pension contribution, to cover the deferred cost to the Exchequer of future pension entitlements.
A5: Column 1 | C5: Column 2 | D5: Column 3 | E5: Column 3 | F5: Column 4
A6: Researcher Salary Scales | C6: Gross Salary/ annum (€) | D6: Employer's PRSI @ 11.15% (€) | E6: Employer's Pension @ 20% (€) | F6: Annual cost to budget (€) | H6: HOW MUCH SHOULD I PAY?
H7: The salary scale for the role will relate to the grading of the post, as defined in the Researcher Career Development and Employment Framework. These are the expected qualifications and experience appropriate for this level of remuneration.
A8: Research Assistant | B8: Point 1 | C8: ='Salary Scales 01.03.25'!C8*1.01 -> 33291.42 | D8: =C8*0.1115 -> 3711.9933 | E8: =C8*20% -> 6658.284 | F8: =C8+D8+E8 -> 43661.697 | J8: =C8-'Salary Scales 01.03.25'!C8 -> 329.61802 | K8: =J8/'Salary Scales 01.03.25'!C8 -> 0.01
B9: Point 2 | C9: ='Salary Scales 01.03.25'!C9*1.01 -> 34120.045 | D9: =C9*0.1115 -> 3804.385 | E9: =C9*20% -> 6824.0089 | F9: =C9+D9+E9 -> 44748.438 | J9: =C9-'Salary Scales 01.03.25'!C9 -> 337.82222 | K9: =J9/'Salary Scales 01.03.25'!C9 -> 0.01
B10: Point 3 | C10: ='Salary Scales 01.03.25'!C10*1.01 -> 34544.647 | D10: =C10*0.1115 -> 3851.7282 | E10: =C10*20% -> 6908.9295 | F10: =C10+D10+E10 -> 45305.305 | J10: =C10-'Salary Scales 01.03.25'!C10 -> 342.02621 | K10: =J10/'Salary Scales 01.03.25'!C10 -> 0.01
B11: Point 4 | C11: ='Salary Scales 01.03.25'!C11*1.01 -> 35412.849 | D11: =C11*0.1115 -> 3948.5327 | E11: =C11*20% -> 7082.5698 | F11: =C11+D11+E11 -> 46443.951 | J11: =C11-'Salary Scales 01.03.25'!C11 -> 350.62227 | K11: =J11/'Salary Scales 01.03.25'!C11 -> 0.01
B12: Point 5 | C12: ='Salary Scales 01.03.25'!C12*1.01 -> 36304.734 | D12: =C12*0.1115 -> 4047.9778 | E12: =C12*20% -> 7260.9468 | F12: =C12+D12+E12 -> 47613.659 | H12: Purpose of the role: to assist in the performance of research. . | J12: =C12-'Salary Scales 01.03.25'!C12 -> 359.45281 | K12: =J12/'Salary Scales 01.03.25'!C12 -> 0.01
B13: Point 6 | C13: ='Salary Scales 01.03.25'!C13*1.01 -> 37224.513 | D13: =C13*0.1115 -> 4150.5332 | E13: =C13*20% -> 7444.9025 | F13: =C13+D13+E13 -> 48819.948 | J13: =C13-'Salary Scales 01.03.25'!C13 -> 368.55953 | K13: =J13/'Salary Scales 01.03.25'!C13 -> 0.01
B14: Point 7 | C14: ='Salary Scales 01.03.25'!C14*1.01 -> 38173.997 | D14: =C14*0.1115 -> 4256.4007 | E14: =C14*20% -> 7634.7994 | F14: =C14+D14+E14 -> 50065.197 | J14: =C14-'Salary Scales 01.03.25'!C14 -> 377.96037 | K14: =J14/'Salary Scales 01.03.25'!C14 -> 0.01
B15: Point 8 | C15: ='Salary Scales 01.03.25'!C15*1.01 -> 38803.448 | D15: =C15*0.1115 -> 4326.5844 | E15: =C15*20% -> 7760.6895 | F15: =C15+D15+E15 -> 50890.721 | H15: Qualifications and Experience: Minimum of primary Degree in relevant discipline with little or no research experience. | J15: =C15-'Salary Scales 01.03.25'!C15 -> 384.19255 | K15: =J15/'Salary Scales 01.03.25'!C15 -> 0.01
B16: Point 9 | C16: ='Salary Scales 01.03.25'!C16*1.01 -> 39772.296 | D16: =C16*0.1115 -> 4434.611 | E16: =C16*20% -> 7954.4591 | F16: =C16+D16+E16 -> 52161.366 | J16: =C16-'Salary Scales 01.03.25'!C16 -> 393.7851 | K16: =J16/'Salary Scales 01.03.25'!C16 -> 0.01
B17: Point 10 | C17: ='Salary Scales 01.03.25'!C17*1.01 -> 40589.969 | D17: =C17*0.1115 -> 4525.7815 | E17: =C17*20% -> 8117.9937 | F17: =C17+D17+E17 -> 53233.744 | J17: =C17-'Salary Scales 01.03.25'!C17 -> 401.88088 | K17: =J17/'Salary Scales 01.03.25'!C17 -> 0.01
B18: Point 11 | C18: ='Salary Scales 01.03.25'!C18*1.01 -> 41255.786 | D18: =C18*0.1115 -> 4600.0201 | E18: =C18*20% -> 8251.1572 | F18: =C18+D18+E18 -> 54106.963 | J18: =C18-'Salary Scales 01.03.25'!C18 -> 408.47313 | K18: =J18/'Salary Scales 01.03.25'!C18 -> 0.01
B19: Point 12 | C19: ='Salary Scales 01.03.25'!C19*1.01 -> 42298.632 | D19: =C19*0.1115 -> 4716.2975 | E19: =C19*20% -> 8459.7264 | F19: =C19+D19+E19 -> 55474.656 | J19: =C19-'Salary Scales 01.03.25'!C19 -> 418.79834 | K19: =J19/'Salary Scales 01.03.25'!C19 -> 0.01
B20: Point 13 | C20: ='Salary Scales 01.03.25'!C20*1.01 -> 43372.42 | D20: =C20*0.1115 -> 4836.0248 | E20: =C20*20% -> 8674.4839 | F20: =C20+D20+E20 -> 56882.928 | J20: =C20-'Salary Scales 01.03.25'!C20 -> 429.4299 | K20: =J20/'Salary Scales 01.03.25'!C20 -> 0.01
A21: Post-Doctoral Researcher
A22: PD1 | B22: Point 1 | C22: ='Salary Scales 01.03.25'!C22*1.01 -> 46305.385 | D22: =C22*0.1115 -> 5163.0504 | E22: =C22*20% -> 9261.0769 | F22: =C22+D22+E22 -> 60729.512 | J22: =C22-'Salary Scales 01.03.25'!C22 -> 458.46915 | K22: =J22/'Salary Scales 01.03.25'!C22 -> 0.01
B23: Point 2 | C23: ='Salary Scales 01.03.25'!C23*1.01 -> 46905.147 | D23: =C23*0.1115 -> 5229.9239 | E23: =C23*20% -> 9381.0294 | F23: =C23+D23+E23 -> 61516.1 | H23: Purpose of the Role: to conduct a specified programme of research under supervision of a PI while developing skills and competencies with respect to the role and future career options. | J23: =C23-'Salary Scales 01.03.25'!C23 -> 464.4074 | K23: =J23/'Salary Scales 01.03.25'!C23 -> 0.01
B24: Point 3 | C24: ='Salary Scales 01.03.25'!C24*1.01 -> 48896.066 | D24: =C24*0.1115 -> 5451.9114 | E24: =C24*20% -> 9779.2133 | F24: =C24+D24+E24 -> 64127.191 | J24: =C24-'Salary Scales 01.03.25'!C24 -> 484.11947 | K24: =J24/'Salary Scales 01.03.25'!C24 -> 0.01
B25: Point 4 | C25: ='Salary Scales 01.03.25'!C25*1.01 -> 50168.11 | D25: =C25*0.1115 -> 5593.7442 | E25: =C25*20% -> 10033.622 | F25: =C25+D25+E25 -> 65795.476 | H25: Qualification: Minimum of PhD, or exceptionally, equivalent* research experience (including industrial R&D). | J25: =C25-'Salary Scales 01.03.25'!C25 -> 496.71396 | K25: =J25/'Salary Scales 01.03.25'!C25 -> 0.01
B26: Point 5 | C26: ='Salary Scales 01.03.25'!C26*1.01 -> 51477.97 | D26: =C26*0.1115 -> 5739.7937 | E26: =C26*20% -> 10295.594 | F26: =C26+D26+E26 -> 67513.358 | J26: =C26-'Salary Scales 01.03.25'!C26 -> 509.68287 | K26: =J26/'Salary Scales 01.03.25'!C26 -> 0.01
B27: Point 6 | C27: ='Salary Scales 01.03.25'!C27*1.01 -> 52862.591 | D27: =C27*0.1115 -> 5894.1789 | E27: =C27*20% -> 10572.518 | F27: =C27+D27+E27 -> 69329.288 | H27: Purpose of Role: to conduct a specified programme of research under supervision of a PI while also supervising PhD students and PD1s. Continuing to develop skills and competencies with respect to the role and future career options. | J27: =C27-'Salary Scales 01.03.25'!C27 -> 523.39199 | K27: =J27/'Salary Scales 01.03.25'!C27 -> 0.01
A29: PD2 | B29: Point 1 | C29: ='Salary Scales 01.03.25'!C29*1.01 -> 54307.409 | D29: =C29*0.1115 -> 6055.2761 | E29: =C29*20% -> 10861.482 | F29: =C29+D29+E29 -> 71224.167 | J29: =C29-'Salary Scales 01.03.25'!C29 -> 537.69712 | K29: =J29/'Salary Scales 01.03.25'!C29 -> 0.01
B30: Point 2 | C30: ='Salary Scales 01.03.25'!C30*1.01 -> 55834.504 | D30: =C30*0.1115 -> 6225.5472 | E30: =C30*20% -> 11166.901 | F30: =C30+D30+E30 -> 73226.953 | J30: =C30-'Salary Scales 01.03.25'!C30 -> 552.81688 | K30: =J30/'Salary Scales 01.03.25'!C30 -> 0.01
B31: Point 3 | C31: ='Salary Scales 01.03.25'!C31*1.01 -> 57423.596 | D31: =C31*0.1115 -> 6402.7309 | E31: =C31*20% -> 11484.719 | F31: =C31+D31+E31 -> 75311.046 | H31: * EU defines PhD equivalent 4 years fulltime research after primary degree | J31: =C31-'Salary Scales 01.03.25'!C31 -> 568.55045 | K31: =J31/'Salary Scales 01.03.25'!C31 -> 0.01
B32: Point 4 | C32: ='Salary Scales 01.03.25'!C32*1.01 -> 59063.306 | D32: =C32*0.1115 -> 6585.5586 | E32: =C32*20% -> 11812.661 | F32: =C32+D32+E32 -> 77461.525 | J32: =C32-'Salary Scales 01.03.25'!C32 -> 584.7852 | K32: =J32/'Salary Scales 01.03.25'!C32 -> 0.01
A33: Research Fellow | B33: Point 1 | C33: ='Salary Scales 01.03.25'!C33*1.01 -> 65889.31 | D33: =C33*0.1115 -> 7346.658 | E33: =C33*20% -> 13177.862 | F33: =C33+D33+E33 -> 86413.829 | H33: Experience: The appointed candidate will generally have 4-6 years postdoctoral research experience. | J33: =C33-'Salary Scales 01.03.25'!C33 -> 652.3694 | K33: =J33/'Salary Scales 01.03.25'!C33 -> 0.01
B34: Point 2 | C34: ='Salary Scales 01.03.25'!C34*1.01 -> 67800.394 | D34: =C34*0.1115 -> 7559.744 | E34: =C34*20% -> 13560.079 | F34: =C34+D34+E34 -> 88920.217 | H34: Qualification: Minimum of PhD, or exceptionally, equivalent* research experience (including industrial R&D) | J34: =C34-'Salary Scales 01.03.25'!C34 -> 671.29103 | K34: =J34/'Salary Scales 01.03.25'!C34 -> 0.01
B35: Point 3 | C35: ='Salary Scales 01.03.25'!C35*1.01 -> 69768.974 | D35: =C35*0.1115 -> 7779.2407 | E35: =C35*20% -> 13953.795 | F35: =C35+D35+E35 -> 91502.01 | H35: Purpose of Role: Design & implement a specific research programme/s in association with a PI. This role is a prestigious role which represents a step change from Post-Doctoral researcher roles. | J35: =C35-'Salary Scales 01.03.25'!C35 -> 690.78193 | K35: =J35/'Salary Scales 01.03.25'!C35 -> 0.01
B36: Point 4 | C36: ='Salary Scales 01.03.25'!C36*1.01 -> 71796.299 | D36: =C36*0.1115 -> 8005.2874 | E36: =C36*20% -> 14359.26 | F36: =C36+D36+E36 -> 94160.847 | J36: =C36-'Salary Scales 01.03.25'!C36 -> 710.85445 | K36: =J36/'Salary Scales 01.03.25'!C36 -> 0.01
A37: Senior Research Fellow | B37: Point 1 | C37: ='Salary Scales 01.03.25'!C37*1.01 -> 80149.328 | D37: =C37*0.1115 -> 8936.6501 | E37: =C37*20% -> 16029.866 | F37: =C37+D37+E37 -> 105115.84 | J37: =C37-'Salary Scales 01.03.25'!C37 -> 793.5577 | K37: =J37/'Salary Scales 01.03.25'!C37 -> 0.01
B38: Point 2 | C38: ='Salary Scales 01.03.25'!C38*1.01 -> 82487.876 | D38: =C38*0.1115 -> 9197.3982 | E38: =C38*20% -> 16497.575 | F38: =C38+D38+E38 -> 108182.85 | H38: Purpose of Role: This role reflects the EU Framework Level 4 role of ‘Leading Researcher’, which is described as: “a researcher leading their research area or field. It would include the team leader of a research group ... In particular disciplines as an exception, leading researchers may include individuals who operate as lone researchers”. | J38: =C38-'Salary Scales 01.03.25'!C38 -> 816.71164 | K38: =J38/'Salary Scales 01.03.25'!C38 -> 0.01
B39: Point 3 | C39: ='Salary Scales 01.03.25'!C39*1.01 -> 83599.03 | D39: =C39*0.1115 -> 9321.2918 | E39: =C39*20% -> 16719.806 | F39: =C39+D39+E39 -> 109640.13 | J39: =C39-'Salary Scales 01.03.25'!C39 -> 827.71317 | K39: =J39/'Salary Scales 01.03.25'!C39 -> 0.01
B40: Point 4 | C40: ='Salary Scales 01.03.25'!C40*1.01 -> 86013.821 | D40: =C40*0.1115 -> 9590.5411 | E40: =C40*20% -> 17202.764 | F40: =C40+D40+E40 -> 112807.13 | J40: =C40-'Salary Scales 01.03.25'!C40 -> 851.62199 | K40: =J40/'Salary Scales 01.03.25'!C40 -> 0.01
A42: Under the terms of the Public Service Agreement 2024 - 2026, the following pay adjustments apply: • A general round increase in annualised basic salary for all public servants of 2.25% or €1,125, whichever is greater, on 1 January 2024. • A general round increase in annualised basic salary for all public servants of 1% on 1 June 2024. • A general round increase in annualised basic salary for all public servants of 1% or €500, whichever is greater, on 1 October 2024. • A general round increase in annualised basic salary for all public servants of 2% or €1,000, whichever is greater, on 1 March 2025. • A general round increase in annualised basic salary for all public servants of 1% on 1 August 2025. • A general round increase in annualised basic salary for all public servants of 1% or €500, whichever is greater, on 1 February 2026. • A general round increase in annualised basic salary for all public servants of 1% on 1 June 2026.
A45: HOW TO USE THE GUIDELINES
A46: A. Decide on the appropriate grading of the research post (Column 1)
A48: B. Allow for Annual Salary Scale point increases.
A50: C. In general, additional ANNUAL costs to your budget, as an employer will be employers PRSI contribution and pension costs. The employers PRSI contribution is 11.15% effective 1 October 2024. In accordance with the Employment Control Framework, and in recognition of the fact that staff in contract research and other externally funded posts have entitlements to future pension benefits which is a deferred cost or liability for the Exchequer, any such new posts created or any renewal / renegotiation of existing contracts must include an employer’s pension contribution charge of 20% of gross pay. You should contact your own university for information on the pension scheme for contract researchers.

Sheet Salary Scales 01.10.25
A1: Guidelines for Contract Researchers Salary Scales
A2: Applicable from 1st October 2025
C3: Researcher Salary Scales (Applicable from 1st October 2025)
C4: GROSS SALARY | D4: Obligatory contribution | E4: Obligatory contribution | F4: Budget amount | H4: You are obliged under the Fixed Term Workers Act (2003) to provide Pension Costs for temporary and contract staff. In accordance with the Employment Control Framework, and in recognition of the fact that staff in contract research and other externally funded posts have entitlements to future pension benefits which is a deferred cost or liability for the Exchequer, any such new posts created or any renewal / renegotiation of existing contracts must include an employer’s pension contribution charge of 20% of gross pay. This represents the estimated contribution required from the project funder, in addition to the employee’s own personal pension contribution, to cover the deferred cost to the Exchequer of future pension entitlements.
A5: Column 1 | C5: Column 2 | D5: Column 3 | E5: Column 3 | F5: Column 4
A6: Researcher Salary Scales | C6: Gross Salary/ annum (€) | D6: Employer's PRSI @ 11.25% (€) | E6: Employer's Pension @ 20% (€) | F6: Annual cost to budget (€) | H6: HOW MUCH SHOULD I PAY?
H7: The salary scale for the role will relate to the grading of the post, as defined in the Researcher Career Development and Employment Framework. These are the expected qualifications and experience appropriate for this level of remuneration.
A8: Research Assistant | B8: Point 1 | C8: ='Salary Scales 01.03.25'!C8*1.01 -> 33291.42 | D8: =C8*0.1125 -> 3745.2847 | E8: =C8*20% -> 6658.284 | F8: =C8+D8+E8 -> 43694.989 | J8: =C8-'Salary Scales 01.03.25'!C8 -> 329.61802 | K8: =J8/'Salary Scales 01.03.25'!C8 -> 0.01
B9: Point 2 | C9: ='Salary Scales 01.03.25'!C9*1.01 -> 34120.045 | D9: =C9*0.1125 -> 3838.505 | E9: =C9*20% -> 6824.0089 | F9: =C9+D9+E9 -> 44782.559 | J9: =C9-'Salary Scales 01.03.25'!C9 -> 337.82222 | K9: =J9/'Salary Scales 01.03.25'!C9 -> 0.01
B10: Point 3 | C10: ='Salary Scales 01.03.25'!C10*1.01 -> 34544.647 | D10: =C10*0.1125 -> 3886.2728 | E10: =C10*20% -> 6908.9295 | F10: =C10+D10+E10 -> 45339.85 | J10: =C10-'Salary Scales 01.03.25'!C10 -> 342.02621 | K10: =J10/'Salary Scales 01.03.25'!C10 -> 0.01
B11: Point 4 | C11: ='Salary Scales 01.03.25'!C11*1.01 -> 35412.849 | D11: =C11*0.1125 -> 3983.9455 | E11: =C11*20% -> 7082.5698 | F11: =C11+D11+E11 -> 46479.364 | J11: =C11-'Salary Scales 01.03.25'!C11 -> 350.62227 | K11: =J11/'Salary Scales 01.03.25'!C11 -> 0.01
B12: Point 5 | C12: ='Salary Scales 01.03.25'!C12*1.01 -> 36304.734 | D12: =C12*0.1125 -> 4084.2826 | E12: =C12*20% -> 7260.9468 | F12: =C12+D12+E12 -> 47649.963 | H12: Purpose of the role: to assist in the performance of research. . | J12: =C12-'Salary Scales 01.03.25'!C12 -> 359.45281 | K12: =J12/'Salary Scales 01.03.25'!C12 -> 0.01
B13: Point 6 | C13: ='Salary Scales 01.03.25'!C13*1.01 -> 37224.513 | D13: =C13*0.1125 -> 4187.7577 | E13: =C13*20% -> 7444.9025 | F13: =C13+D13+E13 -> 48857.173 | J13: =C13-'Salary Scales 01.03.25'!C13 -> 368.55953 | K13: =J13/'Salary Scales 01.03.25'!C13 -> 0.01
B14: Point 7 | C14: ='Salary Scales 01.03.25'!C14*1.01 -> 38173.997 | D14: =C14*0.1125 -> 4294.5747 | E14: =C14*20% -> 7634.7994 | F14: =C14+D14+E14 -> 50103.371 | J14: =C14-'Salary Scales 01.03.25'!C14 -> 377.96037 | K14: =J14/'Salary Scales 01.03.25'!C14 -> 0.01
B15: Point 8 | C15: ='Salary Scales 01.03.25'!C15*1.01 -> 38803.448 | D15: =C15*0.1125 -> 4365.3879 | E15: =C15*20% -> 7760.6895 | F15: =C15+D15+E15 -> 50929.525 | H15: Qualifications and Experience: Minimum of primary Degree in relevant discipline with little or no research experience. | J15: =C15-'Salary Scales 01.03.25'!C15 -> 384.19255 | K15: =J15/'Salary Scales 01.03.25'!C15 -> 0.01
B16: Point 9 | C16: ='Salary Scales 01.03.25'!C16*1.01 -> 39772.296 | D16: =C16*0.1125 -> 4474.3832 | E16: =C16*20% -> 7954.4591 | F16: =C16+D16+E16 -> 52201.138 | J16: =C16-'Salary Scales 01.03.25'!C16 -> 393.7851 | K16: =J16/'Salary Scales 01.03.25'!C16 -> 0.01
B17: Point 10 | C17: ='Salary Scales 01.03.25'!C17*1.01 -> 40589.969 | D17: =C17*0.1125 -> 4566.3715 | E17: =C17*20% -> 8117.9937 | F17: =C17+D17+E17 -> 53274.334 | J17: =C17-'Salary Scales 01.03.25'!C17 -> 401.88088 | K17: =J17/'Salary Scales 01.03.25'!C17 -> 0.01
B18: Point 11 | C18: ='Salary Scales 01.03.25'!C18*1.01 -> 41255.786 | D18: =C18*0.1125 -> 4641.2759 | E18: =C18*20% -> 8251.1572 | F18: =C18+D18+E18 -> 54148.219 | J18: =C18-'Salary Scales 01.03.25'!C18 -> 408.47313 | K18: =J18/'Salary Scales 01.03.25'!C18 -> 0.01
B19: Point 12 | C19: ='Salary Scales 01.03.25'!C19*1.01 -> 42298.632 | D19: =C19*0.1125 -> 4758.5961 | E19: =C19*20% -> 8459.7264 | F19: =C19+D19+E19 -> 55516.954 | J19: =C19-'Salary Scales 01.03.25'!C19 -> 418.79834 | K19: =J19/'Salary Scales 01.03.25'!C19 -> 0.01
B20: Point 13 | C20: ='Salary Scales 01.03.25'!C20*1.01 -> 43372.42 | D20: =C20*0.1125 -> 4879.3972 | E20: =C20*20% -> 8674.4839 | F20: =C20+D20+E20 -> 56926.301 | J20: =C20-'Salary Scales 01.03.25'!C20 -> 429.4299 | K20: =J20/'Salary Scales 01.03.25'!C20 -> 0.01
A21: Post-Doctoral Researcher
A22: PD1 | B22: Point 1 | C22: ='Salary Scales 01.03.25'!C22*1.01 -> 46305.385 | D22: =C22*0.1125 -> 5209.3558 | E22: =C22*20% -> 9261.0769 | F22: =C22+D22+E22 -> 60775.817 | J22: =C22-'Salary Scales 01.03.25'!C22 -> 458.46915 | K22: =J22/'Salary Scales 01.03.25'!C22 -> 0.01
B23: Point 2 | C23: ='Salary Scales 01.03.25'!C23*1.01 -> 46905.147 | D23: =C23*0.1125 -> 5276.829 | E23: =C23*20% -> 9381.0294 | F23: =C23+D23+E23 -> 61563.005 | H23: Purpose of the Role: to conduct a specified programme of research under supervision of a PI while developing skills and competencies with respect to the role and future career options. | J23: =C23-'Salary Scales 01.03.25'!C23 -> 464.4074 | K23: =J23/'Salary Scales 01.03.25'!C23 -> 0.01
B24: Point 3 | C24: ='Salary Scales 01.03.25'!C24*1.01 -> 48896.066 | D24: =C24*0.1125 -> 5500.8075 | E24: =C24*20% -> 9779.2133 | F24: =C24+D24+E24 -> 64176.087 | J24: =C24-'Salary Scales 01.03.25'!C24 -> 484.11947 | K24: =J24/'Salary Scales 01.03.25'!C24 -> 0.01
B25: Point 4 | C25: ='Salary Scales 01.03.25'!C25*1.01 -> 50168.11 | D25: =C25*0.1125 -> 5643.9123 | E25: =C25*20% -> 10033.622 | F25: =C25+D25+E25 -> 65845.644 | H25: Qualification: Minimum of PhD, or exceptionally, equivalent* research experience (including industrial R&D). | J25: =C25-'Salary Scales 01.03.25'!C25 -> 496.71396 | K25: =J25/'Salary Scales 01.03.25'!C25 -> 0.01
B26: Point 5 | C26: ='Salary Scales 01.03.25'!C26*1.01 -> 51477.97 | D26: =C26*0.1125 -> 5791.2716 | E26: =C26*20% -> 10295.594 | F26: =C26+D26+E26 -> 67564.836 | J26: =C26-'Salary Scales 01.03.25'!C26 -> 509.68287 | K26: =J26/'Salary Scales 01.03.25'!C26 -> 0.01
B27: Point 6 | C27: ='Salary Scales 01.03.25'!C27*1.01 -> 52862.591 | D27: =C27*0.1125 -> 5947.0415 | E27: =C27*20% -> 10572.518 | F27: =C27+D27+E27 -> 69382.151 | H27: Purpose of Role: to conduct a specified programme of research under supervision of a PI while also supervising PhD students and PD1s. Continuing to develop skills and competencies with respect to the role and future career options. | J27: =C27-'Salary Scales 01.03.25'!C27 -> 523.39199 | K27: =J27/'Salary Scales 01.03.25'!C27 -> 0.01
A29: PD2 | B29: Point 1 | C29: ='Salary Scales 01.03.25'!C29*1.01 -> 54307.409 | D29: =C29*0.1125 -> 6109.5835 | E29: =C29*20% -> 10861.482 | F29: =C29+D29+E29 -> 71278.474 | J29: =C29-'Salary Scales 01.03.25'!C29 -> 537.69712 | K29: =J29/'Salary Scales 01.03.25'!C29 -> 0.01
B30: Point 2 | C30: ='Salary Scales 01.03.25'!C30*1.01 -> 55834.504 | D30: =C30*0.1125 -> 6281.3817 | E30: =C30*20% -> 11166.901 | F30: =C30+D30+E30 -> 73282.787 | J30: =C30-'Salary Scales 01.03.25'!C30 -> 552.81688 | K30: =J30/'Salary Scales 01.03.25'!C30 -> 0.01
B31: Point 3 | C31: ='Salary Scales 01.03.25'!C31*1.01 -> 57423.596 | D31: =C31*0.1125 -> 6460.1545 | E31: =C31*20% -> 11484.719 | F31: =C31+D31+E31 -> 75368.469 | H31: * EU defines PhD equivalent 4 years fulltime research after primary degree | J31: =C31-'Salary Scales 01.03.25'!C31 -> 568.55045 | K31: =J31/'Salary Scales 01.03.25'!C31 -> 0.01
B32: Point 4 | C32: ='Salary Scales 01.03.25'!C32*1.01 -> 59063.306 | D32: =C32*0.1125 -> 6644.6219 | E32: =C32*20% -> 11812.661 | F32: =C32+D32+E32 -> 77520.589 | J32: =C32-'Salary Scales 01.03.25'!C32 -> 584.7852 | K32: =J32/'Salary Scales 01.03.25'!C32 -> 0.01
A33: Research Fellow | B33: Point 1 | C33: ='Salary Scales 01.03.25'!C33*1.01 -> 65889.31 | D33: =C33*0.1125 -> 7412.5473 | E33: =C33*20% -> 13177.862 | F33: =C33+D33+E33 -> 86479.719 | H33: Experience: The appointed candidate will generally have 4-6 years postdoctoral research experience. | J33: =C33-'Salary Scales 01.03.25'!C33 -> 652.3694 | K33: =J33/'Salary Scales 01.03.25'!C33 -> 0.01
B34: Point 2 | C34: ='Salary Scales 01.03.25'!C34*1.01 -> 67800.394 | D34: =C34*0.1125 -> 7627.5444 | E34: =C34*20% -> 13560.079 | F34: =C34+D34+E34 -> 88988.018 | H34: Qualification: Minimum of PhD, or exceptionally, equivalent* research experience (including industrial R&D) | J34: =C34-'Salary Scales 01.03.25'!C34 -> 671.29103 | K34: =J34/'Salary Scales 01.03.25'!C34 -> 0.01
B35: Point 3 | C35: ='Salary Scales 01.03.25'!C35*1.01 -> 69768.974 | D35: =C35*0.1125 -> 7849.0096 | E35: =C35*20% -> 13953.795 | F35: =C35+D35+E35 -> 91571.779 | H35: Purpose of Role: Design & implement a specific research programme/s in association with a PI. This role is a prestigious role which represents a step change from Post-Doctoral researcher roles. | J35: =C35-'Salary Scales 01.03.25'!C35 -> 690.78193 | K35: =J35/'Salary Scales 01.03.25'!C35 -> 0.01
B36: Point 4 | C36: ='Salary Scales 01.03.25'!C36*1.01 -> 71796.299 | D36: =C36*0.1125 -> 8077.0837 | E36: =C36*20% -> 14359.26 | F36: =C36+D36+E36 -> 94232.643 | J36: =C36-'Salary Scales 01.03.25'!C36 -> 710.85445 | K36: =J36/'Salary Scales 01.03.25'!C36 -> 0.01
A37: Senior Research Fellow | B37: Point 1 | C37: ='Salary Scales 01.03.25'!C37*1.01 -> 80149.328 | D37: =C37*0.1125 -> 9016.7994 | E37: =C37*20% -> 16029.866 | F37: =C37+D37+E37 -> 105195.99 | J37: =C37-'Salary Scales 01.03.25'!C37 -> 793.5577 | K37: =J37/'Salary Scales 01.03.25'!C37 -> 0.01
B38: Point 2 | C38: ='Salary Scales 01.03.25'!C38*1.01 -> 82487.876 | D38: =C38*0.1125 -> 9279.886 | E38: =C38*20% -> 16497.575 | F38: =C38+D38+E38 -> 108265.34 | H38: Purpose of Role: This role reflects the EU Framework Level 4 role of ‘Leading Researcher’, which is described as: “a researcher leading their research area or field. It would include the team leader of a research group ... In particular disciplines as an exception, leading researchers may include individuals who operate as lone researchers”. | J38: =C38-'Salary Scales 01.03.25'!C38 -> 816.71164 | K38: =J38/'Salary Scales 01.03.25'!C38 -> 0.01
B39: Point 3 | C39: ='Salary Scales 01.03.25'!C39*1.01 -> 83599.03 | D39: =C39*0.1125 -> 9404.8909 | E39: =C39*20% -> 16719.806 | F39: =C39+D39+E39 -> 109723.73 | J39: =C39-'Salary Scales 01.03.25'!C39 -> 827.71317 | K39: =J39/'Salary Scales 01.03.25'!C39 -> 0.01
B40: Point 4 | C40: ='Salary Scales 01.03.25'!C40*1.01 -> 86013.821 | D40: =C40*0.1125 -> 9676.5549 | E40: =C40*20% -> 17202.764 | F40: =C40+D40+E40 -> 112893.14 | J40: =C40-'Salary Scales 01.03.25'!C40 -> 851.62199 | K40: =J40/'Salary Scales 01.03.25'!C40 -> 0.01
A42: Under the terms of the Public Service Agreement 2024 - 2026, the following pay adjustments apply: • A general round increase in annualised basic salary for all public servants of 2.25% or €1,125, whichever is greater, on 1 January 2024. • A general round increase in annualised basic salary for all public servants of 1% on 1 June 2024. • A general round increase in annualised basic salary for all public servants of 1% or €500, whichever is greater, on 1 October 2024. • A general round increase in annualised basic salary for all public servants of 2% or €1,000, whichever is greater, on 1 March 2025. • A general round increase in annualised basic salary for all public servants of 1% on 1 August 2025. • A general round increase in annualised basic salary for all public servants of 1% or €500, whichever is greater, on 1 February 2026. • A general round increase in annualised basic salary for all public servants of 1% on 1 June 2026.
A45: HOW TO USE THE GUIDELINES
A46: A. Decide on the appropriate grading of the research post (Column 1)
A48: B. Allow for Annual Salary Scale point increases.
A50: C. In general, additional ANNUAL costs to your budget, as an employer will be employers PRSI contribution and pension costs. The employers PRSI contribution is 11.15% effective 1 October 2024. In accordance with the Employment Control Framework, and in recognition of the fact that staff in contract research and other externally funded posts have entitlements to future pension benefits which is a deferred cost or liability for the Exchequer, any such new posts created or any renewal / renegotiation of existing contracts must include an employer’s pension contribution charge of 20% of gross pay. You should contact your own university for information on the pension scheme for contract researchers.

Sheet Salary Scales 01.02.26
A1: Guidelines for Contract Researchers Salary Scales
A2: Applicable from 1st February 2026 *
C3: Researcher Salary Scales (Applicable from 1st February 2026)*
C4: GROSS SALARY | D4: Obligatory contribution | E4: Obligatory contribution | F4: Budget amount | H4: You are obliged under the Fixed Term Workers Act (2003) to provide Pension Costs for temporary and contract staff. In accordance with the Employment Control Framework, and in recognition of the fact that staff in contract research and other externally funded posts have entitlements to future pension benefits which is a deferred cost or liability for the Exchequer, any such new posts created or any renewal / renegotiation of existing contracts must include an employer’s pension contribution charge of 20% of gross pay. This represents the estimated contribution required from the project funder, in addition to the employee’s own personal pension contribution, to cover the deferred cost to the Exchequer of future pension entitlements.
A5: Column 1 | C5: Column 2 | D5: Column 3 | E5: Column 3 | F5: Column 4
A6: Researcher Salary Scales | C6: Gross Salary/ annum (€) | D6: Employer's PRSI @ 11.25% (€) | E6: Employer's Pension @ 20% (€) | F6: Annual cost to budget (€) | H6: HOW MUCH SHOULD I PAY?
H7: The salary scale for the role will relate to the grading of the post, as defined in the Researcher Career Development and Employment Framework. These are the expected qualifications and experience appropriate for this level of remuneration.
A8: Research Assistant | B8: Point 1 | C8: ='Salary Scales 01.08.25'!C8+500 -> 33791.42 | D8: =C8*0.1125 -> 3801.5347 | E8: =C8*20% -> 6758.284 | F8: =C8+D8+E8 -> 44351.239 | J8: =C8-'Salary Scales 01.08.25'!C8 -> 500 | K8: =J8/'Salary Scales 01.08.25'!C8 -> 0.015018885
B9: Point 2 | C9: ='Salary Scales 01.08.25'!C9+500 -> 34620.045 | D9: =C9*0.1125 -> 3894.755 | E9: =C9*20% -> 6924.0089 | F9: =C9+D9+E9 -> 45438.809 | J9: =C9-'Salary Scales 01.08.25'!C9 -> 500 | K9: =J9/'Salary Scales 01.08.25'!C9 -> 0.014654143
B10: Point 3 | C10: ='Salary Scales 01.08.25'!C10+500 -> 35044.647 | D10: =C10*0.1125 -> 3942.5228 | E10: =C10*20% -> 7008.9295 | F10: =C10+D10+E10 -> 45996.1 | J10: =C10-'Salary Scales 01.08.25'!C10 -> 500 | K10: =J10/'Salary Scales 01.08.25'!C10 -> 0.014474022
B11: Point 4 | C11: ='Salary Scales 01.08.25'!C11+500 -> 35912.849 | D11: =C11*0.1125 -> 4040.1955 | E11: =C11*20% -> 7182.5698 | F11: =C11+D11+E11 -> 47135.614 | J11: =C11-'Salary Scales 01.08.25'!C11 -> 500 | K11: =J11/'Salary Scales 01.08.25'!C11 -> 0.014119169
B12: Point 5 | C12: ='Salary Scales 01.08.25'!C12+500 -> 36804.734 | D12: =C12*0.1125 -> 4140.5326 | E12: =C12*20% -> 7360.9468 | F12: =C12+D12+E12 -> 48306.213 | H12: Purpose of the role: to assist in the performance of research. . | J12: =C12-'Salary Scales 01.08.25'!C12 -> 500 | K12: =J12/'Salary Scales 01.08.25'!C12 -> 0.013772309
B13: Point 6 | C13: ='Salary Scales 01.08.25'!C13+500 -> 37724.513 | D13: =C13*0.1125 -> 4244.0077 | E13: =C13*20% -> 7544.9025 | F13: =C13+D13+E13 -> 49513.423 | J13: =C13-'Salary Scales 01.08.25'!C13 -> 500 | K13: =J13/'Salary Scales 01.08.25'!C13 -> 0.013432009
B14: Point 7 | C14: ='Salary Scales 01.08.25'!C14+500 -> 38673.997 | D14: =C14*0.1125 -> 4350.8247 | E14: =C14*20% -> 7734.7994 | F14: =C14+D14+E14 -> 50759.621 | J14: =C14-'Salary Scales 01.08.25'!C14 -> 500 | K14: =J14/'Salary Scales 01.08.25'!C14 -> 0.013097921
B15: Point 8 | C15: ='Salary Scales 01.08.25'!C15+500 -> 39303.448 | D15: =C15*0.1125 -> 4421.6379 | E15: =C15*20% -> 7860.6895 | F15: =C15+D15+E15 -> 51585.775 | H15: Qualifications and Experience: Minimum of primary Degree in relevant discipline with little or no research experience. | J15: =C15-'Salary Scales 01.08.25'!C15 -> 500 | K15: =J15/'Salary Scales 01.08.25'!C15 -> 0.012885453
B16: Point 9 | C16: ='Salary Scales 01.08.25'!C16+500 -> 40272.296 | D16: =C16*0.1125 -> 4530.6332 | E16: =C16*20% -> 8054.4591 | F16: =C16+D16+E16 -> 52857.388 | J16: =C16-'Salary Scales 01.08.25'!C16 -> 500 | K16: =J16/'Salary Scales 01.08.25'!C16 -> 0.012571565
B17: Point 10 | C17: ='Salary Scales 01.08.25'!C17+500 -> 41089.969 | D17: =C17*0.1125 -> 4622.6215 | E17: =C17*20% -> 8217.9937 | F17: =C17+D17+E17 -> 53930.584 | J17: =C17-'Salary Scales 01.08.25'!C17 -> 500 | K17: =J17/'Salary Scales 01.08.25'!C17 -> 0.012318315
B18: Point 11 | C18: ='Salary Scales 01.08.25'!C18+500 -> 41755.786 | D18: =C18*0.1125 -> 4697.5259 | E18: =C18*20% -> 8351.1572 | F18: =C18+D18+E18 -> 54804.469 | J18: =C18-'Salary Scales 01.08.25'!C18 -> 500 | K18: =J18/'Salary Scales 01.08.25'!C18 -> 0.012119512
B19: Point 12 | C19: ='Salary Scales 01.08.25'!C19+500 -> 42798.632 | D19: =C19*0.1125 -> 4814.8461 | E19: =C19*20% -> 8559.7264 | F19: =C19+D19+E19 -> 56173.204 | J19: =C19-'Salary Scales 01.08.25'!C19 -> 500 | K19: =J19/'Salary Scales 01.08.25'!C19 -> 0.011820713
B20: Point 13 | C20: ='Salary Scales 01.08.25'!C20+500 -> 43872.42 | D20: =C20*0.1125 -> 4935.6472 | E20: =C20*20% -> 8774.4839 | F20: =C20+D20+E20 -> 57582.551 | J20: =C20-'Salary Scales 01.08.25'!C20 -> 500 | K20: =J20/'Salary Scales 01.08.25'!C20 -> 0.011528063
A21: Post-Doctoral Researcher
A22: PD1 | B22: Point 1 | C22: ='Salary Scales 01.08.25'!C22+500 -> 46805.385 | D22: =C22*0.1125 -> 5265.6058 | E22: =C22*20% -> 9361.0769 | F22: =C22+D22+E22 -> 61432.067 | J22: =C22-'Salary Scales 01.08.25'!C22 -> 500 | K22: =J22/'Salary Scales 01.08.25'!C22 -> 0.01079788
B23: Point 2 | C23: ='Salary Scales 01.08.25'!C23+500 -> 47405.147 | D23: =C23*0.1125 -> 5333.079 | E23: =C23*20% -> 9481.0294 | F23: =C23+D23+E23 -> 62219.255 | H23: Purpose of the Role: to conduct a specified programme of research under supervision of a PI while developing skills and competencies with respect to the role and future career options. | J23: =C23-'Salary Scales 01.08.25'!C23 -> 500 | K23: =J23/'Salary Scales 01.08.25'!C23 -> 0.010659811
B24: Point 3 | C24: ='Salary Scales 01.08.25'!C24+500 -> 49396.066 | D24: =C24*0.1125 -> 5557.0575 | E24: =C24*20% -> 9879.2133 | F24: =C24+D24+E24 -> 64832.337 | J24: =C24-'Salary Scales 01.08.25'!C24 -> 500 | K24: =J24/'Salary Scales 01.08.25'!C24 -> 0.010225771
B25: Point 4 | C25: ='Salary Scales 01.08.25'!C25*1.01 -> 50669.791 | D25: =C25*0.1125 -> 5700.3514 | E25: =C25*20% -> 10133.958 | F25: =C25+D25+E25 -> 66504.1 | H25: Qualification: Minimum of PhD, or exceptionally, equivalent* research experience (including industrial R&D). | J25: =C25-'Salary Scales 01.08.25'!C25 -> 501.6811 | K25: =J25/'Salary Scales 01.08.25'!C25 -> 0.01
B26: Point 5 | C26: ='Salary Scales 01.08.25'!C26*1.01 -> 51992.75 | D26: =C26*0.1125 -> 5849.1844 | E26: =C26*20% -> 10398.55 | F26: =C26+D26+E26 -> 68240.484 | J26: =C26-'Salary Scales 01.08.25'!C26 -> 514.7797 | K26: =J26/'Salary Scales 01.08.25'!C26 -> 0.01
B27: Point 6 | C27: ='Salary Scales 01.08.25'!C27*1.01 -> 53391.217 | D27: =C27*0.1125 -> 6006.5119 | E27: =C27*20% -> 10678.243 | F27: =C27+D27+E27 -> 70075.972 | H27: Purpose of Role: to conduct a specified programme of research under supervision of a PI while also supervising PhD students and PD1s. Continuing to develop skills and competencies with respect to the role and future career options. | J27: =C27-'Salary Scales 01.08.25'!C27 -> 528.62591 | K27: =J27/'Salary Scales 01.08.25'!C27 -> 0.01
A29: PD2 | B29: Point 1 | C29: ='Salary Scales 01.08.25'!C29*1.01 -> 54850.483 | D29: =C29*0.1125 -> 6170.6794 | E29: =C29*20% -> 10970.097 | F29: =C29+D29+E29 -> 71991.259 | J29: =C29-'Salary Scales 01.08.25'!C29 -> 543.07409 | K29: =J29/'Salary Scales 01.08.25'!C29 -> 0.01
B30: Point 2 | C30: ='Salary Scales 01.08.25'!C30*1.01 -> 56392.849 | D30: =C30*0.1125 -> 6344.1956 | E30: =C30*20% -> 11278.57 | F30: =C30+D30+E30 -> 74015.615 | J30: =C30-'Salary Scales 01.08.25'!C30 -> 558.34504 | K30: =J30/'Salary Scales 01.08.25'!C30 -> 0.01
B31: Point 3 | C31: ='Salary Scales 01.08.25'!C31*1.01 -> 57997.832 | D31: =C31*0.1125 -> 6524.7561 | E31: =C31*20% -> 11599.566 | F31: =C31+D31+E31 -> 76122.154 | H31: * EU defines PhD equivalent 4 years fulltime research after primary degree | J31: =C31-'Salary Scales 01.08.25'!C31 -> 574.23596 | K31: =J31/'Salary Scales 01.08.25'!C31 -> 0.01
B32: Point 4 | C32: ='Salary Scales 01.08.25'!C32*1.01 -> 59653.939 | D32: =C32*0.1125 -> 6711.0681 | E32: =C32*20% -> 11930.788 | F32: =C32+D32+E32 -> 78295.794 | J32: =C32-'Salary Scales 01.08.25'!C32 -> 590.63306 | K32: =J32/'Salary Scales 01.08.25'!C32 -> 0.01
A33: Research Fellow | B33: Point 1 | C33: ='Salary Scales 01.08.25'!C33*1.01 -> 66548.203 | D33: =C33*0.1125 -> 7486.6728 | E33: =C33*20% -> 13309.641 | F33: =C33+D33+E33 -> 87344.516 | H33: Experience: The appointed candidate will generally have 4-6 years postdoctoral research experience. | J33: =C33-'Salary Scales 01.08.25'!C33 -> 658.8931 | K33: =J33/'Salary Scales 01.08.25'!C33 -> 0.01
